Workbook

Sheet Смета 12 гр. по ФЕР
A1: =Source!B1 -> Smeta.RU (495) 974-1589 | I1: Приложение 1 к форме 6
B4: =CONCATENATE( "ЛОКАЛЬНАЯ СМЕТА ",IF(Source!F20<>"Новая локальная смета", Source!F20, "")) -> ЛОКАЛЬНАЯ СМЕТА
B6: =IF(Source!G20<>"Новая локальная смета", Source!G20, "")
B8: =IF(Source!G12<>"Новый объект", Source!G12, "") -> Монтаж насосных установок системы пожарного водопровода согласно проекту № 136-06/2018 ВПВ в здании учебного корпуса "К" НИЯУ МИФИ по адресу: г. Москва, Каширское шоссе, д. 31, стр. 46 | AD8: =IF(Source!G12<>"Новый объект", Source!G12, "") -> Монтаж насосных установок системы пожарного водопровода согласно проекту № 136-06/2018 ВПВ в здании учебного корпуса "К" НИЯУ МИФИ по адресу: г. Москва, Каширское шоссе, д. 31, стр. 46
B9: (наименование работ и затрат, наименование объекта)
G11: базовая цена | I11: текущая цена
C12: Сметная стоимость | G12: =SUM(O21:O295)/1000 -> 300.36512 | I12: =(Source!P201/1000) -> 2378.4144 | K12: тыс. руб.
C13: Строительные работы | G13: =SUM(W21:W295)/1000 -> 48.27291 | I13: =(Source!P188)/1000 -> 324.06689 | K13: тыс. руб.
C14: Монтажные работы | G14: =SUM(X21:X295)/1000 -> 252.09221 | I14: =(Source!P189)/1000 -> 1691.5385 | K14: тыс. руб.
C15: Нормативная трудоемкость | G15: =I15 -> 951.32863 | I15: =(Source!P193+Source!P194) -> 951.32863 | K15: чел. -ч.
C16: Средства на оплату труда | G16: =SUM(R21:R295)/1000 -> 10.45376 | I16: =((Source!P186 + Source!P185)/1000) -> 70.1447 | K16: тыс. руб.
A18: Составлена в ценах III квартал 2018 года
A19: № п/п | B19: Шифр расценки и коды ресурсов | C19: Наименование работ и затрат | D19: Ед. изм. | E19: Кол-во единиц | F19: Цена на ед. изм. | G19: Попра-вочные коэфф. | H19: Стоимость в ценах 2001г. | I19: Пункт коэфф. пересчета | J19: Коэфф. пересчета | K19: Стоимость в текущих ценах | L19: ЗТР всего чел.-час
A20: 1 | B20: 2 | C20: 3 | D20: 4 | E20: 5 | F20: 6 | G20: 7 | H20: 8 | I20: 9 | J20: 10 | K20: 11 | L20: 12
A21: =Source!E25 -> 1 | B21: =Source!F25 -> 56-9-1 | C21: =Source!G25 -> Демонтаж дверных коробок в каменных стенах с отбивкой штукатурки в откосах | D21: =Source!H25 -> 100 ШТ | E21: =Source!I25 -> 0.02 | F21: =Source!AL25+Source!AM25+Source!AO25 -> 1579.15 | I21: =Source!BO25 | S21: =ROUND((Source!FX25/100)*((ROUND(Source!AF25*Source!I25, 2)+ROUND(Source!AE25*Source!I25, 2))), 2) -> 23.58 | T21: =Source!X25 -> 158.24 | U21: =ROUND((Source!FY25/100)*((ROUND(Source!AF25*Source!I25, 2)+ROUND(Source!AE25*Source!I25, 2))), 2) -> 17.83 | V21: =Source!Y25 -> 119.65
C22: ="Объем: "&Source!I25&"=2/"&"100" -> Объем: 0,02=2/100
C23: Зарплата | F23: =Source!AO25 -> 1437.99 | G23: =Source!DG25 | H23: =ROUND(Source!AF25*Source!I25, 2) -> 28.76 | J23: =IF(Source!BA25<> 0, Source!BA25, 1) -> 6.71 | K23: =Source!S25 -> 192.98 | R23: =H23 -> 28.76
C24: Эксплуатация машин | F24: =Source!AM25 -> 141.16 | G24: =Source!DE25 | H24: =ROUND(Source!AD25*Source!I25, 2) -> 2.82 | J24: =IF(Source!BB25<> 0, Source!BB25, 1) -> 6.71 | K24: =Source!Q25 -> 18.94
C25: НР от ФОТ | D25: % | E25: =Source!BZ25 -> 82 | H25: =SUM(S21:S28) -> 23.58 | J25: =Source!AT25 -> 82 | K25: =SUM(T21:T28) -> 158.24
C26: СП от ФОТ | D26: % | E26: =Source!CA25 -> 62 | H26: =SUM(U21:U28) -> 17.83 | J26: =Source!AU25 -> 62 | K26: =SUM(V21:V28) -> 119.65
C27: Затраты труда | D27: чел-ч | E27: =Source!AQ25 -> 179.3 | G27: =Source!DI25 | L27: =Source!U25 -> 3.586
A28: =Source!E27 -> 1,1 | B28: =Source!F27 -> 01.7.07.07 | C28: =Source!G27 -> Строительный мусор | D28: =Source!H27 -> т | E28: =Source!I27 -> 0.21 | F28: =Source!AL27+Source!AM27+Source!AO27 -> 0 | H28: =ROUND(Source!AC27*Source!I27, 2)+ROUND(Source!AD27*Source!I27, 2)+ROUND(Source!AF27*Source!I27, 2) -> 0 | J28: =IF(Source!BC27<> 0, Source!BC27, 1) -> 6.71 | K28: =Source!O27 -> 0 | S28: =ROUND((Source!FX27/100)*((ROUND(Source!AF27*Source!I27, 2)+ROUND(Source!AE27*Source!I27, 2))), 2) -> 0 | T28: =Source!X27 -> 0 | U28: =ROUND((Source!FY27/100)*((ROUND(Source!AF27*Source!I27, 2)+ROUND(Source!AE27*Source!I27, 2))), 2) -> 0 | V28: =Source!Y27 -> 0 | W28: =IF(Source!BI27<=1,H28, 0) -> 0 | X28: =IF(Source!BI27=2,H28, 0) -> 0 | Y28: =IF(Source!BI27=3,H28, 0) -> 0 | Z28: =IF(Source!BI27=4,H28, 0) -> 0
G29: =H23+H24+H25+H26+SUM(H28:H28) -> 72.99 | J29: =K23+K24+K25+K26+SUM(K28:K28) -> 489.81 | L29: =Source!U25 -> 3.586 | O29: =G29 -> 72.99 | P29: =J29 -> 489.81 | Q29: =L29 -> 3.586 | W29: =IF(Source!BI25<=1,H23+H24+H25+H26, 0) -> 72.99 | X29: =IF(Source!BI25=2,H23+H24+H25+H26, 0) -> 0 | Y29: =IF(Source!BI25=3,H23+H24+H25+H26, 0) -> 0 | Z29: =IF(Source!BI25=4,H23+H24+H25+H26, 0) -> 0
A30: =Source!E29 -> 2 | B30: =Source!F29 -> 46-04-003-02 | C30: =Source!G29 -> Разборка бетонных конструкций объемом более 1 м3 при помощи отбойных молотков из бетона марки 150 | D30: =Source!H29 -> м3 | E30: =Source!I29 -> 3 | F30: =Source!AL29+Source!AM29+Source!AO29 -> 552.24 | I30: =Source!BO29 | S30: =ROUND((Source!FX29/100)*((ROUND(Source!AF29*Source!I29, 2)+ROUND(Source!AE29*Source!I29, 2))), 2) -> 544.94 | T30: =Source!X29 -> 3656.52 | U30: =ROUND((Source!FY29/100)*((ROUND(Source!AF29*Source!I29, 2)+ROUND(Source!AE29*Source!I29, 2))), 2) -> 327.51 | V30: =Source!Y29 -> 2216.07
C31: Зарплата | F31: =Source!AO29 -> 183.48 | G31: =Source!DG29 | H31: =ROUND(Source!AF29*Source!I29, 2) -> 550.44 | J31: =IF(Source!BA29<> 0, Source!BA29, 1) -> 6.71 | K31: =Source!S29 -> 3693.45 | R31: =H31 -> 550.44
C32: Эксплуатация машин | F32: =Source!AM29 -> 368.76 | G32: =Source!DE29 | H32: =ROUND(Source!AD29*Source!I29, 2) -> 1106.28 | J32: =IF(Source!BB29<> 0, Source!BB29, 1) -> 6.71 | K32: =Source!Q29 -> 7423.14
C33: НР от ФОТ | D33: % | E33: =Source!BZ29 -> 110 | F33: =CONCATENATE(" )", Source!DL29, Source!FT29, "=", Source!FX29) -> )*0,9=99 | H33: =SUM(S30:S35) -> 544.94 | J33: =Source!AT29 -> 99 | K33: =SUM(T30:T35) -> 3656.52
C34: СП от ФОТ | D34: % | E34: =Source!CA29 -> 70 | F34: =CONCATENATE(" )", Source!DM29, Source!FU29, "=", Source!FY29) -> )*0,85=59,5 | H34: =SUM(U30:U35) -> 327.51 | J34: =Source!AU29 -> 60 | K34: =SUM(V30:V35) -> 2216.07
C35: Затраты труда | D35: чел-ч | E35: =Source!AQ29 -> 21.51 | G35: =Source!DI29 | L35: =Source!U29 -> 64.53
G36: =H31+H32+H33+H34 -> 2529.17 | J36: =K31+K32+K33+K34 -> 16989.18 | L36: =Source!U29 -> 64.53 | O36: =G36 -> 2529.17 | P36: =J36 -> 16989.18 | Q36: =L36 -> 64.53 | W36: =IF(Source!BI29<=1,H31+H32+H33+H34, 0) -> 2529.17 | X36: =IF(Source!BI29=2,H31+H32+H33+H34, 0) -> 0 | Y36: =IF(Source!BI29=3,H31+H32+H33+H34, 0) -> 0 | Z36: =IF(Source!BI29=4,H31+H32+H33+H34, 0) -> 0
A37: =Source!E31 -> 3 | B37: =Source!F31 -> т01-01-01-041 | C37: =Source!G31 -> Погрузочные работы при автомобильных перевозках мусора строительного с погрузкой вручную | D37: =Source!H31 -> 1 Т ГРУЗА | E37: =Source!I31 -> 1.5 | F37: =Source!AK31 -> 42.98 | G37: =Source!DC31 | H37: =ROUND(Source!AB31*Source!I31, 2) -> 64.47 | I37: =Source!BO31 | J37: =Source!AZ31 -> 6.71 | K37: =Source!GM31 -> 432.59 | S37: =ROUND((Source!FX31/100)*((ROUND(0*Source!I31, 2)+ROUND(0*Source!I31, 2))), 2) -> 0 | T37: =Source!X31 -> 0 | U37: =ROUND((Source!FY31/100)*((ROUND(0*Source!I31, 2)+ROUND(0*Source!I31, 2))), 2) -> 0 | V37: =Source!Y31 -> 0
G38: =H37 -> 64.47 | J38: =K37 -> 432.59 | L38: =Source!U31 -> 0 | O38: =G38 -> 64.47 | P38: =J38 -> 432.59 | Q38: =L38 -> 0 | W38: =IF(Source!BI31<=1,H37, 0) -> 64.47 | X38: =IF(Source!BI31=2,H37, 0) -> 0 | Y38: =IF(Source!BI31=3,H37, 0) -> 0 | Z38: =IF(Source!BI31=4,H37, 0) -> 0
A39: =Source!E33 -> 4 | B39: =Source!F33 -> т03-21-01-025 | C39: =Source!G33 -> Перевозка грузов I класса автомобилями-самосвалами грузоподъемностью 10 т работающих вне карьера на расстояние до 25 км | D39: =Source!H33 -> 1 Т ГРУЗА | E39: =Source!I33 -> 1.49998 | F39: =Source!AK33 -> 17.32 | G39: =Source!DC33 | H39: =ROUND(Source!AB33*Source!I33, 2) -> 25.98 | I39: =Source!BO33 | J39: =Source!AZ33 -> 6.71 | K39: =Source!GM33 -> 174.32 | S39: =ROUND((Source!FX33/100)*((ROUND(0*Source!I33, 2)+ROUND(0*Source!I33, 2))), 2) -> 0 | T39: =Source!X33 -> 0 | U39: =ROUND((Source!FY33/100)*((ROUND(0*Source!I33, 2)+ROUND(0*Source!I33, 2))), 2) -> 0 | V39: =Source!Y33 -> 0
G40: =H39 -> 25.98 | J40: =K39 -> 174.32 | L40: =Source!U33 -> 0 | O40: =G40 -> 25.98 | P40: =J40 -> 174.32 | Q40: =L40 -> 0 | W40: =IF(Source!BI33<=1,H39, 0) -> 25.98 | X40: =IF(Source!BI33=2,H39, 0) -> 0 | Y40: =IF(Source!BI33=3,H39, 0) -> 0 | Z40: =IF(Source!BI33=4,H39, 0) -> 0
A41: =Source!E35 -> 5 | B41: =Source!F35 -> м07-04-001-02 | C41: =Source!G35 -> Агрегат насосный лопастный центробежный одноступенчатый, многоступенчатый объемный, вихревой, поршневой, приводной, роторный на общей фундаментной плите или моноблочный, масса 0,17 т | D41: =Source!H35 -> ШТ | E41: =Source!I35 -> 2 | F41: =Source!AL35+Source!AM35+Source!AO35 -> 594.78 | I41: =Source!BO35 | S41: =ROUND((Source!FX35/100)*((ROUND(Source!AF35*Source!I35, 2)+ROUND(Source!AE35*Source!I35, 2))), 2) -> 476.27 | T41: =Source!X35 -> 3195.78 | U41: =ROUND((Source!FY35/100)*((ROUND(Source!AF35*Source!I35, 2)+ROUND(Source!AE35*Source!I35, 2))), 2) -> 357.2 | V41: =Source!Y35 -> 2396.84
C42: Зарплата | F42: =Source!AO35 -> 295.16 | G42: =Source!DG35 | H42: =ROUND(Source!AF35*Source!I35, 2) -> 590.32 | J42: =IF(Source!BA35<> 0, Source!BA35, 1) -> 6.71 | K42: =Source!S35 -> 3961.05 | R42: =H42 -> 590.32
C43: Эксплуатация машин | F43: =Source!AM35 -> 47.9 | G43: =Source!DE35 | H43: =ROUND(Source!AD35*Source!I35, 2) -> 95.8 | J43: =IF(Source!BB35<> 0, Source!BB35, 1) -> 6.71 | K43: =Source!Q35 -> 642.82
C44: в т.ч. зарплата машинистов | F44: =Source!AN35 -> 2.51 | G44: =Source!DF35 | H44: =ROUND(Source!AE35*Source!I35, 2) -> 5.02 | J44: =IF(Source!BS35<> 0, Source!BS35, 1) -> 6.71 | K44: =Source!R35 -> 33.68 | R44: =H44 -> 5.02
C45: Материальные ресурсы | F45: =Source!AL35 -> 251.72 | G45: =Source!DD35 | H45: =ROUND(Source!AC35*Source!I35, 2) -> 503.44 | J45: =IF(Source!BC35<> 0, Source!BC35, 1) -> 6.71 | K45: =Source!P35 -> 3378.08
C46: НР от ФОТ | D46: % | E46: =Source!BZ35 -> 80 | H46: =SUM(S41:S50) -> 476.27 | J46: =Source!AT35 -> 80 | K46: =SUM(T41:T50) -> 3195.78
C47: СП от ФОТ | D47: % | E47: =Source!CA35 -> 60 | H47: =SUM(U41:U50) -> 357.2 | J47: =Source!AU35 -> 60 | K47: =SUM(V41:V50) -> 2396.84
C48: Затраты труда | D48: чел-ч | E48: =Source!AQ35 -> 31.4 | G48: =Source!DI35 | L48: =Source!U35 -> 62.8
A49: =Source!E37 -> 5,1 | B49: =Source!F37 -> Цена поставщика | C49: Установка повышения давления COR-2MVIS806/SKw-EB-R Базисная стоимость: 51 852,48 = [347 930,15 / 6,71] | D49: =Source!H37 -> шт. | E49: =Source!I37 -> 1 | F49: =Source!AL37+Source!AM37+Source!AO37 -> 51852.48 | H49: =ROUND(Source!AC37*Source!I37, 2)+ROUND(Source!AD37*Source!I37, 2)+ROUND(Source!AF37*Source!I37, 2) -> 51852.48 | J49: =IF(Source!BC37<> 0, Source!BC37, 1) -> 6.71 | K49: =Source!O37 -> 347930.14 | S49: =ROUND((Source!FX37/100)*((ROUND(Source!AF37*Source!I37, 2)+ROUND(Source!AE37*Source!I37, 2))), 2) -> 0 | T49: =Source!X37 -> 0 | U49: =ROUND((Source!FY37/100)*((ROUND(Source!AF37*Source!I37, 2)+ROUND(Source!AE37*Source!I37, 2))), 2) -> 0 | V49: =Source!Y37 -> 0 | W49: =IF(Source!BI37<=1,H49, 0) -> 0 | X49: =IF(Source!BI37=2,H49, 0) -> 51852.48 | Y49: =IF(Source!BI37=3,H49, 0) -> 0 | Z49: =IF(Source!BI37=4,H49, 0) -> 0
A50: =Source!E39 -> 5,2 | B50: =Source!F39 -> Цена поставщика | C50: Установка водяного пожаротушения СО-2 Helix V 5204-2-SK-FFS-R Базисная стоимость: 136 642,20 = [916 869,15 / 6,71] | D50: =Source!H39 -> шт. | E50: =Source!I39 -> 1 | F50: =Source!AL39+Source!AM39+Source!AO39 -> 136642.2 | H50: =ROUND(Source!AC39*Source!I39, 2)+ROUND(Source!AD39*Source!I39, 2)+ROUND(Source!AF39*Source!I39, 2) -> 136642.2 | J50: =IF(Source!BC39<> 0, Source!BC39, 1) -> 6.71 | K50: =Source!O39 -> 916869.16 | S50: =ROUND((Source!FX39/100)*((ROUND(Source!AF39*Source!I39, 2)+ROUND(Source!AE39*Source!I39, 2))), 2) -> 0 | T50: =Source!X39 -> 0 | U50: =ROUND((Source!FY39/100)*((ROUND(Source!AF39*Source!I39, 2)+ROUND(Source!AE39*Source!I39, 2))), 2) -> 0 | V50: =Source!Y39 -> 0 | W50: =IF(Source!BI39<=1,H50, 0) -> 0 | X50: =IF(Source!BI39=2,H50, 0) -> 136642.2 | Y50: =IF(Source!BI39=3,H50, 0) -> 0 | Z50: =IF(Source!BI39=4,H50, 0) -> 0
G51: =H42+H43+H45+H46+H47+SUM(H49:H50) -> 190517.71 | J51: =K42+K43+K45+K46+K47+SUM(K49:K50) -> 1278373.9 | L51: =Source!U35 -> 62.8 | O51: =G51 -> 190517.71 | P51: =J51 -> 1278373.9 | Q51: =L51 -> 62.8 | W51: =IF(Source!BI35<=1,H42+H43+H45+H46+H47, 0) -> 0 | X51: =IF(Source!BI35=2,H42+H43+H45+H46+H47, 0) -> 2023.03 | Y51: =IF(Source!BI35=3,H42+H43+H45+H46+H47, 0) -> 0 | Z51: =IF(Source!BI35=4,H42+H43+H45+H46+H47, 0) -> 0
A52: =Source!E41 -> 6 | B52: =Source!F41 -> 06-01-006-03 | C52: =Source!G41 -> Устройство фундаментов под оборудование прим. | D52: =Source!H41 -> 100 м3 | E52: =Source!I41 -> 0.04 | F52: =Source!AL41+Source!AM41+Source!AO41 -> 71553.16 | I52: =Source!BO41 | S52: =ROUND((Source!FX41/100)*((ROUND(Source!AF41*Source!I41, 2)+ROUND(Source!AE41*Source!I41, 2))), 2) -> 111.89 | T52: =Source!X41 -> 754.7 | U52: =ROUND((Source!FY41/100)*((ROUND(Source!AF41*Source!I41, 2)+ROUND(Source!AE41*Source!I41, 2))), 2) -> 65.42 | V52: =Source!Y41 -> 436.93
C53: ="Объем: "&Source!I41&"=4/"&"100" -> Объем: 0,04=4/100
C54: Зарплата | F54: =Source!AO41 -> 2362.78 | G54: =Source!DG41 -> )*1,15 | H54: =ROUND(Source!AF41*Source!I41, 2) -> 108.69 | J54: =IF(Source!BA41<> 0, Source!BA41, 1) -> 6.71 | K54: =Source!S41 -> 729.3 | R54: =H54 -> 108.69
C55: Эксплуатация машин | F55: =Source!AM41 -> 2724.86 | G55: =Source!DE41 -> )*1,25 | H55: =ROUND(Source!AD41*Source!I41, 2) -> 136.24 | J55: =IF(Source!BB41<> 0, Source!BB41, 1) -> 6.71 | K55: =Source!Q41 -> 914.19
C56: в т.ч. зарплата машинистов | F56: =Source!AN41 -> 194.1 | G56: =Source!DF41 -> )*1,25 | H56: =ROUND(Source!AE41*Source!I41, 2) -> 9.71 | J56: =IF(Source!BS41<> 0, Source!BS41, 1) -> 6.71 | K56: =Source!R41 -> 65.12 | R56: =H56 -> 9.71
C57: Материальные ресурсы | F57: =Source!AL41 -> 66465.52 | G57: =Source!DD41 | H57: =ROUND(Source!AC41*Source!I41, 2) -> 2658.62 | J57: =IF(Source!BC41<> 0, Source!BC41, 1) -> 6.71 | K57: =Source!P41 -> 17839.35
C58: НР от ФОТ | D58: % | E58: =Source!BZ41 -> 105 | F58: =CONCATENATE(" )", Source!DL41, Source!FT41, "=", Source!FX41) -> )*0,9=94,5 | H58: =SUM(S52:S64) -> 111.89 | J58: =Source!AT41 -> 95 | K58: =SUM(T52:T64) -> 754.7
C59: СП от ФОТ | D59: % | E59: =Source!CA41 -> 65 | F59: =CONCATENATE(" )", Source!DM41, Source!FU41, "=", Source!FY41) -> )*0,85=55,25 | H59: =SUM(U52:U64) -> 65.42 | J59: =Source!AU41 -> 55 | K59: =SUM(V52:V64) -> 436.93
C60: Затраты труда | D60: чел-ч | E60: =Source!AQ41 -> 266.68 | G60: =Source!DI41 -> )*1,15 | L60: =Source!U41 -> 12.26728
A61: =Source!E43 -> 6,1 | B61: =Source!F43 -> 07.2.07.13-0081 | C61: =Source!G43 -> Конструкции стальные приспособлений: для монтажа | D61: =Source!H43 -> т | E61: =Source!I43 -> 0.0088 | F61: =Source!AL43+Source!AM43+Source!AO43 -> 7441 | H61: =ROUND(Source!AC43*Source!I43, 2)+ROUND(Source!AD43*Source!I43, 2)+ROUND(Source!AF43*Source!I43, 2) -> 65.48 | J61: =IF(Source!BC43<> 0, Source!BC43, 1) -> 6.71 | K61: =Source!O43 -> 439.38 | S61: =ROUND((Source!FX43/100)*((ROUND(Source!AF43*Source!I43, 2)+ROUND(Source!AE43*Source!I43, 2))), 2) -> 0 | T61: =Source!X43 -> 0 | U61: =ROUND((Source!FY43/100)*((ROUND(Source!AF43*Source!I43, 2)+ROUND(Source!AE43*Source!I43, 2))), 2) -> 0 | V61: =Source!Y43 -> 0 | W61: =IF(Source!BI43<=1,H61, 0) -> 65.48 | X61: =IF(Source!BI43=2,H61, 0) -> 0 | Y61: =IF(Source!BI43=3,H61, 0) -> 0 | Z61: =IF(Source!BI43=4,H61, 0) -> 0
A62: =Source!E45 -> 6,2 | B62: =Source!F45 -> 08.4.03.04-0001 | C62: =Source!G45 -> Горячекатаная арматурная сталь класса: А-I, А-II, А-III | D62: =Source!H45 -> т | E62: =Source!I45 -> 0.222 | F62: =Source!AL45+Source!AM45+Source!AO45 -> 5650 | H62: =ROUND(Source!AC45*Source!I45, 2)+ROUND(Source!AD45*Source!I45, 2)+ROUND(Source!AF45*Source!I45, 2) -> 1254.3 | J62: =IF(Source!BC45<> 0, Source!BC45, 1) -> 6.71 | K62: =Source!O45 -> 8416.35 | S62: =ROUND((Source!FX45/100)*((ROUND(Source!AF45*Source!I45, 2)+ROUND(Source!AE45*Source!I45, 2))), 2) -> 0 | T62: =Source!X45 -> 0 | U62: =ROUND((Source!FY45/100)*((ROUND(Source!AF45*Source!I45, 2)+ROUND(Source!AE45*Source!I45, 2))), 2) -> 0 | V62: =Source!Y45 -> 0 | W62: =IF(Source!BI45<=1,H62, 0) -> 1254.3 | X62: =IF(Source!BI45=2,H62, 0) -> 0 | Y62: =IF(Source!BI45=3,H62, 0) -> 0 | Z62: =IF(Source!BI45=4,H62, 0) -> 0
A63: =Source!E47 -> 6,3 | B63: =Source!F47 -> 04.1.02.05-0005 | C63: =Source!G47 -> Бетон тяжелый, класс В12,5 (М150) | D63: =Source!H47 -> м3 | E63: =Source!I47 -> -4.06 | F63: =Source!AL47+Source!AM47+Source!AO47 -> 600 | H63: =ROUND(Source!AC47*Source!I47, 2)+ROUND(Source!AD47*Source!I47, 2)+ROUND(Source!AF47*Source!I47, 2) -> -2436 | J63: =IF(Source!BC47<> 0, Source!BC47, 1) -> 6.71 | K63: =Source!O47 -> -16345.56 | S63: =ROUND((Source!FX47/100)*((ROUND(Source!AF47*Source!I47, 2)+ROUND(Source!AE47*Source!I47, 2))), 2) -> 0 | T63: =Source!X47 -> 0 | U63: =ROUND((Source!FY47/100)*((ROUND(Source!AF47*Source!I47, 2)+ROUND(Source!AE47*Source!I47, 2))), 2) -> 0 | V63: =Source!Y47 -> 0 | W63: =IF(Source!BI47<=1,H63, 0) -> -2436 | X63: =IF(Source!BI47=2,H63, 0) -> 0 | Y63: =IF(Source!BI47=3,H63, 0) -> 0 | Z63: =IF(Source!BI47=4,H63, 0) -> 0
A64: =Source!E49 -> 6,4 | B64: =Source!F49 -> 04.1.02.05-0008 | C64: =Source!G49 -> Бетон тяжелый, класс В22,5 (М300) | D64: =Source!H49 -> м3 | E64: =Source!I49 -> 4.06 | F64: =Source!AL49+Source!AM49+Source!AO49 -> 700 | H64: =ROUND(Source!AC49*Source!I49, 2)+ROUND(Source!AD49*Source!I49, 2)+ROUND(Source!AF49*Source!I49, 2) -> 2842 | J64: =IF(Source!BC49<> 0, Source!BC49, 1) -> 6.71 | K64: =Source!O49 -> 19069.82 | S64: =ROUND((Source!FX49/100)*((ROUND(Source!AF49*Source!I49, 2)+ROUND(Source!AE49*Source!I49, 2))), 2) -> 0 | T64: =Source!X49 -> 0 | U64: =ROUND((Source!FY49/100)*((ROUND(Source!AF49*Source!I49, 2)+ROUND(Source!AE49*Source!I49, 2))), 2) -> 0 | V64: =Source!Y49 -> 0 | W64: =IF(Source!BI49<=1,H64, 0) -> 2842 | X64: =IF(Source!BI49=2,H64, 0) -> 0 | Y64: =IF(Source!BI49=3,H64, 0) -> 0 | Z64: =IF(Source!BI49=4,H64, 0) -> 0
G65: =H54+H55+H57+H58+H59+SUM(H61:H64) -> 4806.64 | J65: =K54+K55+K57+K58+K59+SUM(K61:K64) -> 32254.46 | L65: =Source!U41 -> 12.26728 | O65: =G65 -> 4806.64 | P65: =J65 -> 32254.46 | Q65: =L65 -> 12.26728 | W65: =IF(Source!BI41<=1,H54+H55+H57+H58+H59, 0) -> 3080.86 | X65: =IF(Source!BI41=2,H54+H55+H57+H58+H59, 0) -> 0 | Y65: =IF(Source!BI41=3,H54+H55+H57+H58+H59, 0) -> 0 | Z65: =IF(Source!BI41=4,H54+H55+H57+H58+H59, 0) -> 0
A66: =Source!E51 -> 7 | B66: =Source!F51 -> м08-10-010-01 | C66: =Source!G51 -> Прокладка труб гофрированных ПВХ для защиты проводов и кабелей | D66: =Source!H51 -> 100 м | E66: =Source!I51 -> 1.5 | F66: =Source!AL51+Source!AM51+Source!AO51 -> 156.33 | I66: =Source!BO51 | S66: =ROUND((Source!FX51/100)*((ROUND(Source!AF51*Source!I51, 2)+ROUND(Source!AE51*Source!I51, 2))), 2) -> 198.84 | T66: =Source!X51 -> 1334.25 | U66: =ROUND((Source!FY51/100)*((ROUND(Source!AF51*Source!I51, 2)+ROUND(Source!AE51*Source!I51, 2))), 2) -> 136.05 | V66: =Source!Y51 -> 912.91
C67: ="Объем: "&Source!I51&"=150/"&"100" -> Объем: 1,5=150/100
C68: Зарплата | F68: =Source!AO51 -> 139.54 | G68: =Source!DG51 | H68: =ROUND(Source!AF51*Source!I51, 2) -> 209.31 | J68: =IF(Source!BA51<> 0, Source!BA51, 1) -> 6.71 | K68: =Source!S51 -> 1404.47 | R68: =H68 -> 209.31
C69: Материальные ресурсы | F69: =Source!AL51 -> 16.79 | G69: =Source!DD51 | H69: =ROUND(Source!AC51*Source!I51, 2) -> 25.19 | J69: =IF(Source!BC51<> 0, Source!BC51, 1) -> 6.71 | K69: =Source!P51 -> 168.99
C70: НР от ФОТ | D70: % | E70: =Source!BZ51 -> 95 | H70: =SUM(S66:S73) -> 198.84 | J70: =Source!AT51 -> 95 | K70: =SUM(T66:T73) -> 1334.25
C71: СП от ФОТ | D71: % | E71: =Source!CA51 -> 65 | H71: =SUM(U66:U73) -> 136.05 | J71: =Source!AU51 -> 65 | K71: =SUM(V66:V73) -> 912.91
C72: Затраты труда | D72: чел-ч | E72: =Source!AQ51 -> 15.2 | G72: =Source!DI51 | L72: =Source!U51 -> 22.8
A73: =Source!E53 -> 7,1 | B73: =Source!F53 -> 24.3.01.02-0042 | C73: =Source!G53 -> Трубы гибкие гофрированные тяжелые из самозатухающего ПВХ (IP55) серии FH, с зондом, диаметром 20 мм | D73: =Source!H53 -> 10 м | E73: =Source!I53 -> 15 | F73: =Source!AL53+Source!AM53+Source!AO53 -> 50.62 | H73: =ROUND(Source!AC53*Source!I53, 2)+ROUND(Source!AD53*Source!I53, 2)+ROUND(Source!AF53*Source!I53, 2) -> 759.3 | J73: =IF(Source!BC53<> 0, Source!BC53, 1) -> 6.71 | K73: =Source!O53 -> 5094.9 | S73: =ROUND((Source!FX53/100)*((ROUND(Source!AF53*Source!I53, 2)+ROUND(Source!AE53*Source!I53, 2))), 2) -> 0 | T73: =Source!X53 -> 0 | U73: =ROUND((Source!FY53/100)*((ROUND(Source!AF53*Source!I53, 2)+ROUND(Source!AE53*Source!I53, 2))), 2) -> 0 | V73: =Source!Y53 -> 0 | W73: =IF(Source!BI53<=1,H73, 0) -> 0 | X73: =IF(Source!BI53=2,H73, 0) -> 759.3 | Y73: =IF(Source!BI53=3,H73, 0) -> 0 | Z73: =IF(Source!BI53=4,H73, 0) -> 0
G74: =H68+H69+H70+H71+SUM(H73:H73) -> 1328.69 | J74: =K68+K69+K70+K71+SUM(K73:K73) -> 8915.52 | L74: =Source!U51 -> 22.8 | O74: =G74 -> 1328.69 | P74: =J74 -> 8915.52 | Q74: =L74 -> 22.8 | W74: =IF(Source!BI51<=1,H68+H69+H70+H71, 0) -> 0 | X74: =IF(Source!BI51=2,H68+H69+H70+H71, 0) -> 569.39 | Y74: =IF(Source!BI51=3,H68+H69+H70+H71, 0) -> 0 | Z74: =IF(Source!BI51=4,H68+H69+H70+H71, 0) -> 0
A75: =Source!E55 -> 8 | B75: =Source!F55 -> м08-02-412-01 | C75: =Source!G55 -> Затягивание провода в проложенные трубы и металлические рукава первого одножильного или многожильного в общей оплетке, суммарное сечение до 2,5 мм2 | D75: =Source!H55 -> 100 м | E75: =Source!I55 -> 0.7 | F75: =Source!AL55+Source!AM55+Source!AO55 -> 55.26 | I75: =Source!BO55 | S75: =ROUND((Source!FX55/100)*((ROUND(Source!AF55*Source!I55, 2)+ROUND(Source!AE55*Source!I55, 2))), 2) -> 28.24 | T75: =Source!X55 -> 189.51 | U75: =ROUND((Source!FY55/100)*((ROUND(Source!AF55*Source!I55, 2)+ROUND(Source!AE55*Source!I55, 2))), 2) -> 19.32 | V75: =Source!Y55 -> 129.66
C76: ="Объем: "&Source!I55&"=70/"&"100" -> Объем: 0,7=70/100
C77: Зарплата | F77: =Source!AO55 -> 42.21 | G77: =Source!DG55 | H77: =ROUND(Source!AF55*Source!I55, 2) -> 29.55 | J77: =IF(Source!BA55<> 0, Source!BA55, 1) -> 6.71 | K77: =Source!S55 -> 198.26 | R77: =H77 -> 29.55
C78: Эксплуатация машин | F78: =Source!AM55 -> 1.78 | G78: =Source!DE55 | H78: =ROUND(Source!AD55*Source!I55, 2) -> 1.25 | J78: =IF(Source!BB55<> 0, Source!BB55, 1) -> 6.71 | K78: =Source!Q55 -> 8.36
C79: в т.ч. зарплата машинистов | F79: =Source!AN55 -> 0.26 | G79: =Source!DF55 | H79: =ROUND(Source!AE55*Source!I55, 2) -> 0.18 | J79: =IF(Source!BS55<> 0, Source!BS55, 1) -> 6.71 | K79: =Source!R55 -> 1.22 | R79: =H79 -> 0.18
C80: Материальные ресурсы | F80: =Source!AL55 -> 11.27 | G80: =Source!DD55 | H80: =ROUND(Source!AC55*Source!I55, 2) -> 7.89 | J80: =IF(Source!BC55<> 0, Source!BC55, 1) -> 6.71 | K80: =Source!P55 -> 52.94
C81: НР от ФОТ | D81: % | E81: =Source!BZ55 -> 95 | H81: =SUM(S75:S84) -> 28.24 | J81: =Source!AT55 -> 95 | K81: =SUM(T75:T84) -> 189.51
C82: СП от ФОТ | D82: % | E82: =Source!CA55 -> 65 | H82: =SUM(U75:U84) -> 19.32 | J82: =Source!AU55 -> 65 | K82: =SUM(V75:V84) -> 129.66
C83: Затраты труда | D83: чел-ч | E83: =Source!AQ55 -> 4.49 | G83: =Source!DI55 | L83: =Source!U55 -> 3.143
A84: =Source!E57 -> 8,1 | B84: =Source!F57 -> 21.1.06.10-0236 | C84: =Source!G57 -> Кабель силовой огнестойкий с медными жилами с изоляцией и оболочкой из ПВХ, не распространяющий горение, с низким дымо- и газовыделением, напряжением 1,0 кВ марки ВВГнг-FRLS 3х2,5 | D84: =Source!H57 -> 1000 м | E84: =Source!I57 -> 0.07 | F84: =Source!AL57+Source!AM57+Source!AO57 -> 14843.6 | H84: =ROUND(Source!AC57*Source!I57, 2)+ROUND(Source!AD57*Source!I57, 2)+ROUND(Source!AF57*Source!I57, 2) -> 1039.05 | J84: =IF(Source!BC57<> 0, Source!BC57, 1) -> 6.71 | K84: =Source!O57 -> 6972.04 | S84: =ROUND((Source!FX57/100)*((ROUND(Source!AF57*Source!I57, 2)+ROUND(Source!AE57*Source!I57, 2))), 2) -> 0 | T84: =Source!X57 -> 0 | U84: =ROUND((Source!FY57/100)*((ROUND(Source!AF57*Source!I57, 2)+ROUND(Source!AE57*Source!I57, 2))), 2) -> 0 | V84: =Source!Y57 -> 0 | W84: =IF(Source!BI57<=1,H84, 0) -> 0 | X84: =IF(Source!BI57=2,H84, 0) -> 1039.05 | Y84: =IF(Source!BI57=3,H84, 0) -> 0 | Z84: =IF(Source!BI57=4,H84, 0) -> 0
G85: =H77+H78+H80+H81+H82+SUM(H84:H84) -> 1125.3 | J85: =K77+K78+K80+K81+K82+SUM(K84:K84) -> 7550.77 | L85: =Source!U55 -> 3.143 | O85: =G85 -> 1125.3 | P85: =J85 -> 7550.77 | Q85: =L85 -> 3.143 | W85: =IF(Source!BI55<=1,H77+H78+H80+H81+H82, 0) -> 0 | X85: =IF(Source!BI55=2,H77+H78+H80+H81+H82, 0) -> 86.25 | Y85: =IF(Source!BI55=3,H77+H78+H80+H81+H82, 0) -> 0 | Z85: =IF(Source!BI55=4,H77+H78+H80+H81+H82, 0) -> 0
A86: =Source!E59 -> 9 | B86: =Source!F59 -> м08-02-412-03 | C86: =Source!G59 -> Затягивание провода в проложенные трубы и металлические рукава первого одножильного или многожильного в общей оплетке, суммарное сечение до 16 мм2 | D86: =Source!H59 -> 100 м | E86: =Source!I59 -> 1.3 | F86: =Source!AL59+Source!AM59+Source!AO59 -> 87.15 | I86: =Source!BO59 | S86: =ROUND((Source!FX59/100)*((ROUND(Source!AF59*Source!I59, 2)+ROUND(Source!AE59*Source!I59, 2))), 2) -> 73.97 | T86: =Source!X59 -> 496.3 | U86: =ROUND((Source!FY59/100)*((ROUND(Source!AF59*Source!I59, 2)+ROUND(Source!AE59*Source!I59, 2))), 2) -> 50.61 | V86: =Source!Y59 -> 339.57
C87: ="Объем: "&Source!I59&"=130/"&"100" -> Объем: 1,3=130/100
C88: Зарплата | F88: =Source!AO59 -> 59.13 | G88: =Source!DG59 | H88: =ROUND(Source!AF59*Source!I59, 2) -> 76.87 | J88: =IF(Source!BA59<> 0, Source!BA59, 1) -> 6.71 | K88: =Source!S59 -> 515.79 | R88: =H88 -> 76.87
C89: Эксплуатация машин | F89: =Source!AM59 -> 5.33 | G89: =Source!DE59 | H89: =ROUND(Source!AD59*Source!I59, 2) -> 6.93 | J89: =IF(Source!BB59<> 0, Source!BB59, 1) -> 6.71 | K89: =Source!Q59 -> 46.49
C90: в т.ч. зарплата машинистов | F90: =Source!AN59 -> 0.76 | G90: =Source!DF59 | H90: =ROUND(Source!AE59*Source!I59, 2) -> 0.99 | J90: =IF(Source!BS59<> 0, Source!BS59, 1) -> 6.71 | K90: =Source!R59 -> 6.63 | R90: =H90 -> 0.99
C91: Материальные ресурсы | F91: =Source!AL59 -> 22.69 | G91: =Source!DD59 | H91: =ROUND(Source!AC59*Source!I59, 2) -> 29.5 | J91: =IF(Source!BC59<> 0, Source!BC59, 1) -> 6.71 | K91: =Source!P59 -> 197.92
C92: НР от ФОТ | D92: % | E92: =Source!BZ59 -> 95 | H92: =SUM(S86:S95) -> 73.97 | J92: =Source!AT59 -> 95 | K92: =SUM(T86:T95) -> 496.3
C93: СП от ФОТ | D93: % | E93: =Source!CA59 -> 65 | H93: =SUM(U86:U95) -> 50.61 | J93: =Source!AU59 -> 65 | K93: =SUM(V86:V95) -> 339.57
C94: Затраты труда | D94: чел-ч | E94: =Source!AQ59 -> 6.29 | G94: =Source!DI59 | L94: =Source!U59 -> 8.177
A95: =Source!E61 -> 9,1 | B95: =Source!F61 -> 21.1.06.10-0268 | C95: =Source!G61 -> Кабель силовой огнестойкий с медными жилами с изоляцией и оболочкой из ПВХ, не распространяющий горение, с низким дымо- и газовыделением, напряжением 1,0 кВ марки ВВГнг-FRLS 5х10 | D95: =Source!H61 -> 1000 м | E95: =Source!I61 -> 0.13 | F95: =Source!AL61+Source!AM61+Source!AO61 -> 64778.22 | H95: =ROUND(Source!AC61*Source!I61, 2)+ROUND(Source!AD61*Source!I61, 2)+ROUND(Source!AF61*Source!I61, 2) -> 8421.17 | J95: =IF(Source!BC61<> 0, Source!BC61, 1) -> 6.71 | K95: =Source!O61 -> 56506.04 | S95: =ROUND((Source!FX61/100)*((ROUND(Source!AF61*Source!I61, 2)+ROUND(Source!AE61*Source!I61, 2))), 2) -> 0 | T95: =Source!X61 -> 0 | U95: =ROUND((Source!FY61/100)*((ROUND(Source!AF61*Source!I61, 2)+ROUND(Source!AE61*Source!I61, 2))), 2) -> 0 | V95: =Source!Y61 -> 0 | W95: =IF(Source!BI61<=1,H95, 0) -> 0 | X95: =IF(Source!BI61=2,H95, 0) -> 8421.17 | Y95: =IF(Source!BI61=3,H95, 0) -> 0 | Z95: =IF(Source!BI61=4,H95, 0) -> 0
G96: =H88+H89+H91+H92+H93+SUM(H95:H95) -> 8659.05 | J96: =K88+K89+K91+K92+K93+SUM(K95:K95) -> 58102.11 | L96: =Source!U59 -> 8.177 | O96: =G96 -> 8659.05 | P96: =J96 -> 58102.11 | Q96: =L96 -> 8.177 | W96: =IF(Source!BI59<=1,H88+H89+H91+H92+H93, 0) -> 0 | X96: =IF(Source!BI59=2,H88+H89+H91+H92+H93, 0) -> 237.88 | Y96: =IF(Source!BI59=3,H88+H89+H91+H92+H93, 0) -> 0 | Z96: =IF(Source!BI59=4,H88+H89+H91+H92+H93, 0) -> 0
A97: =Source!E63 -> 10 | B97: =Source!F63 -> м08-02-412-04 | C97: =Source!G63 -> Затягивание провода в проложенные трубы и металлические рукава первого одножильного или многожильного в общей оплетке, суммарное сечение до 35 мм2 | D97: =Source!H63 -> 100 м | E97: =Source!I63 -> 1.5 | F97: =Source!AL63+Source!AM63+Source!AO63 -> 131.31 | I97: =Source!BO63 | S97: =ROUND((Source!FX63/100)*((ROUND(Source!AF63*Source!I63, 2)+ROUND(Source!AE63*Source!I63, 2))), 2) -> 122.17 | T97: =Source!X63 -> 819.73 | U97: =ROUND((Source!FY63/100)*((ROUND(Source!AF63*Source!I63, 2)+ROUND(Source!AE63*Source!I63, 2))), 2) -> 83.59 | V97: =Source!Y63 -> 560.87
C98: ="Объем: "&Source!I63&"=150/"&"100" -> Объем: 1,5=150/100
C99: Зарплата | F99: =Source!AO63 -> 84.22 | G99: =Source!DG63 | H99: =ROUND(Source!AF63*Source!I63, 2) -> 126.33 | J99: =IF(Source!BA63<> 0, Source!BA63, 1) -> 6.71 | K99: =Source!S63 -> 847.67 | R99: =H99 -> 126.33
C100: Эксплуатация машин | F100: =Source!AM63 -> 10.66 | G100: =Source!DE63 | H100: =ROUND(Source!AD63*Source!I63, 2) -> 15.99 | J100: =IF(Source!BB63<> 0, Source!BB63, 1) -> 6.71 | K100: =Source!Q63 -> 107.29
C101: в т.ч. зарплата машинистов | F101: =Source!AN63 -> 1.51 | G101: =Source!DF63 | H101: =ROUND(Source!AE63*Source!I63, 2) -> 2.27 | J101: =IF(Source!BS63<> 0, Source!BS63, 1) -> 6.71 | K101: =Source!R63 -> 15.2 | R101: =H101 -> 2.27
C102: Материальные ресурсы | F102: =Source!AL63 -> 36.43 | G102: =Source!DD63 | H102: =ROUND(Source!AC63*Source!I63, 2) -> 54.65 | J102: =IF(Source!BC63<> 0, Source!BC63, 1) -> 6.71 | K102: =Source!P63 -> 366.67
C103: НР от ФОТ | D103: % | E103: =Source!BZ63 -> 95 | H103: =SUM(S97:S106) -> 122.17 | J103: =Source!AT63 -> 95 | K103: =SUM(T97:T106) -> 819.73
C104: СП от ФОТ | D104: % | E104: =Source!CA63 -> 65 | H104: =SUM(U97:U106) -> 83.59 | J104: =Source!AU63 -> 65 | K104: =SUM(V97:V106) -> 560.87
C105: Затраты труда | D105: чел-ч | E105: =Source!AQ63 -> 8.96 | G105: =Source!DI63 | L105: =Source!U63 -> 13.44
A106: =Source!E65 -> 10,1 | B106: =Source!F65 -> 21.1.06.10-0271 | C106: =Source!G65 -> Кабель силовой огнестойкий с медными жилами с изоляцией и оболочкой из ПВХ, не распространяющий горение, с низким дымо- и газовыделением, напряжением 1,0 кВ марки ВВГнг-FRLS 5х35 | D106: =Source!H65 -> 1000 м | E106: =Source!I65 -> 0.15 | F106: =Source!AL65+Source!AM65+Source!AO65 -> 205412.45 | H106: =ROUND(Source!AC65*Source!I65, 2)+ROUND(Source!AD65*Source!I65, 2)+ROUND(Source!AF65*Source!I65, 2) -> 30811.87 | J106: =IF(Source!BC65<> 0, Source!BC65, 1) -> 6.71 | K106: =Source!O65 -> 206747.63 | S106: =ROUND((Source!FX65/100)*((ROUND(Source!AF65*Source!I65, 2)+ROUND(Source!AE65*Source!I65, 2))), 2) -> 0 | T106: =Source!X65 -> 0 | U106: =ROUND((Source!FY65/100)*((ROUND(Source!AF65*Source!I65, 2)+ROUND(Source!AE65*Source!I65, 2))), 2) -> 0 | V106: =Source!Y65 -> 0 | W106: =IF(Source!BI65<=1,H106, 0) -> 0 | X106: =IF(Source!BI65=2,H106, 0) -> 30811.87 | Y106: =IF(Source!BI65=3,H106, 0) -> 0 | Z106: =IF(Source!BI65=4,H106, 0) -> 0
...

Sheet Акт КС-2 8 граф
A1: =Source!B1 -> Smeta.RU (495) 974-1589
E2: Унифицированная форма № КС-2
E3: Утверждена постановлением Госкомстата России
E4: от 11.11.99. № 100
G6: Код
F7: Форма по ОКУД | G7: 0322005
G8: =IF(Source!AT15 <> "", Source!AT15, "")
A9: Инвестор | C9: =IF(Source!BA15 <> "", Source!BA15, IF(Source!AU15 <> "", Source!AU15, "")) | F9: по ОКПО
C10: организация, адрес, телефон, факс | G10: =IF(Source!AK15 <> "", Source!AK15, "")
A11: Заказчик | C11: =IF(Source!AX12<> "", Source!AX12, IF(Source!AJ12 <> "", Source!AJ12, "")) | F11: по ОКПО
C12: организация, адрес, телефон, факс | G12: =IF(Source!AO15 <> "", Source!AO15, "")
A13: Подрядчик | C13: =IF(Source!AY12<> "", Source!AY12, IF(Source!AN12 <> "", Source!AN12, "")) | F13: по ОКПО
C14: организация, адрес, телефон, факс | G14: =IF(Source!CO15 <> "", Source!CO15, "")
A15: Стройка | C15: Монтаж насосных установок системы пожарного водопровода согласно проекту № 136-06/2018 ВПВ в здании учебного корпуса "К" НИЯУ МИФИ по адресу: г. Москва, Каширское шоссе, д. 31, стр. 46 | AE15: Монтаж насосных установок системы пожарного водопровода согласно проекту № 136-06/2018 ВПВ в здании учебного корпуса "К" НИЯУ МИФИ по адресу: г. Москва, Каширское шоссе, д. 31, стр. 46
C16: наименование, адрес | G16: =IF(Source!CP15 <> "", Source!CP15, "")
A17: Объект | C17: =IF(Source!G12<>"Новый объект", Source!G12, "") -> Монтаж насосных установок системы пожарного водопровода согласно проекту № 136-06/2018 ВПВ в здании учебного корпуса "К" НИЯУ МИФИ по адресу: г. Москва, Каширское шоссе, д. 31, стр. 46 | AE17: =IF(Source!G12<>"Новый объект", Source!G12, "") -> Монтаж насосных установок системы пожарного водопровода согласно проекту № 136-06/2018 ВПВ в здании учебного корпуса "К" НИЯУ МИФИ по адресу: г. Москва, Каширское шоссе, д. 31, стр. 46
C18: наименование
D19: Вид деятельности по ОКДП | G19: =IF(Source!CQ15 <> "", Source!CQ15, "")
D20: Договор подряда | F20: номер | G20: =IF(Source!CR15 <> "", Source!CR15, "")
F21: дата | G21: =IF(Source!CS15 <> 0, Source!CS15, "")
F22: Вид операции | G22: =IF(Source!CT15 <> "", Source!CT15, "")
D24: Номер документа | E24: Дата составления | F24: Отчетный период
F25: с | G25: по
D26: =IF(Source!CN15 <> "", Source!CN15, "") | E26: 43398.55
A28: AKT
A29: О ПРИЕМКЕ ВЫПОЛНЕННЫХ РАБОТ
A31: Сметная (договорная) стоимость в соответствии с договором подряда (субподряда) | F31: =(Source!P233/1000) -> 2378.4144 | H31: тыс.руб
A33: Номер | C33: Наименование работ | D33: Номер единичной расценки | E33: Единица измерения | F33: Выполнено работ
A34: по порядку | B34: поз. по смете | F34: Количество | G34: цена за единицу, руб | H34: стоимость, руб
A35: 1 | B35: 2 | C35: 3 | D35: 4 | E35: 5 | F35: 6 | G35: 7 | H35: 8
A37: =CONCATENATE("Локальная смета: ",IF(Source!G20<>"Новая локальная смета", Source!G20, "")) -> Локальная смета:
A38: 1 | B38: =Source!E25 -> 1 | C38: =Source!G25 -> Демонтаж дверных коробок в каменных стенах с отбивкой штукатурки в откосах | D38: =Source!F25 -> 56-9-1 | E38: =Source!H25 -> 100 ШТ | F38: =Source!I25 -> 0.02 | G38: =Source!AB25 -> 1579.15 | H38: =Source!O25 -> 211.92 | T38: =Source!O25 -> 211.92 | U38: =Source!P25 -> 0 | V38: =Source!S25 -> 192.98 | W38: =Source!Q25 -> 18.94 | X38: =Source!R25 -> 0 | Y38: =Source!U25 -> 3.586 | Z38: =Source!V25 -> 0 | AA38: =Source!X25 -> 158.24 | AB38: =Source!Y25 -> 119.65
C39: ="Объем: "&Source!I25&"=2/"&"100" -> Объем: 0,02=2/100
C40: Коэфф. к ОЗП | D40: =Source!BA25 -> 6.71
C41: Коэфф. к эксплуатации машин | D41: =Source!BB25 -> 6.71
C42: Коэфф. к материалам | D42: =Source!BC25 -> 6.71
C43: Коэфф. к ЗПМ | D43: =Source!BS25 -> 6.71
A44: 2 | B44: =Source!E27 -> 1,1 | C44: =Source!G27 -> Строительный мусор | D44: =Source!F27 -> 01.7.07.07 | E44: =Source!H27 -> т | F44: =Source!I27 -> 0.21 | G44: =Source!AB27 -> 0 | H44: =Source!O27 -> 0 | T44: =Source!O27 -> 0 | U44: =Source!P27 -> 0 | V44: =Source!S27 -> 0 | W44: =Source!Q27 -> 0 | X44: =Source!R27 -> 0 | Y44: =Source!U27 -> 0 | Z44: =Source!V27 -> 0 | AA44: =Source!X27 -> 0 | AB44: =Source!Y27 -> 0
C45: Коэфф. к материалам | D45: =Source!BC27 -> 6.71
A46: 3 | B46: =Source!E29 -> 2 | C46: =Source!G29 -> Разборка бетонных конструкций объемом более 1 м3 при помощи отбойных молотков из бетона марки 150 | D46: =Source!F29 -> 46-04-003-02 | E46: =Source!H29 -> м3 | F46: =Source!I29 -> 3 | G46: =Source!AB29 -> 552.24 | H46: =Source!O29 -> 11116.59 | T46: =Source!O29 -> 11116.59 | U46: =Source!P29 -> 0 | V46: =Source!S29 -> 3693.45 | W46: =Source!Q29 -> 7423.14 | X46: =Source!R29 -> 0 | Y46: =Source!U29 -> 64.53 | Z46: =Source!V29 -> 0 | AA46: =Source!X29 -> 3656.52 | AB46: =Source!Y29 -> 2216.07
C47: Коэфф. к ОЗП | D47: =Source!BA29 -> 6.71
C48: Коэфф. к эксплуатации машин | D48: =Source!BB29 -> 6.71
C49: Коэфф. к материалам | D49: =Source!BC29 -> 6.71
C50: Коэфф. к ЗПМ | D50: =Source!BS29 -> 6.71
A51: 4 | B51: =Source!E31 -> 3 | C51: =Source!G31 -> Погрузочные работы при автомобильных перевозках мусора строительного с погрузкой вручную | D51: =Source!F31 -> т01-01-01-041 | E51: =Source!H31 -> 1 Т ГРУЗА | F51: =Source!I31 -> 1.5 | G51: =Source!AB31 -> 42.98 | H51: =Source!GM31 -> 432.59 | T51: =Source!GM31 -> 432.59 | U51: =Source!P31 -> 0 | V51: =Source!S31 -> 0 | W51: =Source!Q31 -> 0 | X51: =Source!R31 -> 0 | Y51: =Source!U31 -> 0 | Z51: =Source!V31 -> 0 | AA51: =Source!X31 -> 0 | AB51: =Source!Y31 -> 0
C52: Коэфф. к сметной цене | D52: =Source!AZ31 -> 6.71
A53: 5 | B53: =Source!E33 -> 4 | C53: =Source!G33 -> Перевозка грузов I класса автомобилями-самосвалами грузоподъемностью 10 т работающих вне карьера на расстояние до 25 км | D53: =Source!F33 -> т03-21-01-025 | E53: =Source!H33 -> 1 Т ГРУЗА | F53: =Source!I33 -> 1.49998 | G53: =Source!AB33 -> 17.32 | H53: =Source!GM33 -> 174.32 | T53: =Source!GM33 -> 174.32 | U53: =Source!P33 -> 0 | V53: =Source!S33 -> 0 | W53: =Source!Q33 -> 0 | X53: =Source!R33 -> 0 | Y53: =Source!U33 -> 0 | Z53: =Source!V33 -> 0 | AA53: =Source!X33 -> 0 | AB53: =Source!Y33 -> 0
C54: Коэфф. к сметной цене | D54: =Source!AZ33 -> 6.71
A55: 6 | B55: =Source!E35 -> 5 | C55: =Source!G35 -> Агрегат насосный лопастный центробежный одноступенчатый, многоступенчатый объемный, вихревой, поршневой, приводной, роторный на общей фундаментной плите или моноблочный, масса 0,17 т | D55: =Source!F35 -> м07-04-001-02 | E55: =Source!H35 -> ШТ | F55: =Source!I35 -> 2 | G55: =Source!AB35 -> 594.78 | H55: =Source!O35 -> 7981.95 | T55: =Source!O35 -> 7981.95 | U55: =Source!P35 -> 3378.08 | V55: =Source!S35 -> 3961.05 | W55: =Source!Q35 -> 642.82 | X55: =Source!R35 -> 33.68 | Y55: =Source!U35 -> 62.8 | Z55: =Source!V35 -> 0.4 | AA55: =Source!X35 -> 3195.78 | AB55: =Source!Y35 -> 2396.84
C56: Коэфф. к ОЗП | D56: =Source!BA35 -> 6.71
C57: Коэфф. к эксплуатации машин | D57: =Source!BB35 -> 6.71
C58: Коэфф. к материалам | D58: =Source!BC35 -> 6.71
C59: Коэфф. к ЗПМ | D59: =Source!BS35 -> 6.71
A60: 7 | B60: =Source!E37 -> 5,1 | C60: Установка повышения давления COR-2MVIS806/SKw-EB-R Базисная стоимость: 51 852,48 = [347 930,15 / 6,71] | D60: =Source!F37 -> Цена поставщика | E60: =Source!H37 -> шт. | F60: =Source!I37 -> 1 | G60: =Source!AB37 -> 51852.48 | H60: =Source!O37 -> 347930.14 | T60: =Source!O37 -> 347930.14 | U60: =Source!P37 -> 347930.14 | V60: =Source!S37 -> 0 | W60: =Source!Q37 -> 0 | X60: =Source!R37 -> 0 | Y60: =Source!U37 -> 0 | Z60: =Source!V37 -> 0 | AA60: =Source!X37 -> 0 | AB60: =Source!Y37 -> 0
C61: Коэфф. к материалам | D61: =Source!BC37 -> 6.71
A62: 8 | B62: =Source!E39 -> 5,2 | C62: Установка водяного пожаротушения СО-2 Helix V 5204-2-SK-FFS-R Базисная стоимость: 136 642,20 = [916 869,15 / 6,71] | D62: =Source!F39 -> Цена поставщика | E62: =Source!H39 -> шт. | F62: =Source!I39 -> 1 | G62: =Source!AB39 -> 136642.2 | H62: =Source!O39 -> 916869.16 | T62: =Source!O39 -> 916869.16 | U62: =Source!P39 -> 916869.16 | V62: =Source!S39 -> 0 | W62: =Source!Q39 -> 0 | X62: =Source!R39 -> 0 | Y62: =Source!U39 -> 0 | Z62: =Source!V39 -> 0 | AA62: =Source!X39 -> 0 | AB62: =Source!Y39 -> 0
C63: Коэфф. к материалам | D63: =Source!BC39 -> 6.71
A64: 9 | B64: =Source!E41 -> 6 | C64: =Source!G41 -> Устройство фундаментов под оборудование прим. | D64: =Source!F41 -> 06-01-006-03 | E64: =Source!H41 -> 100 м3 | F64: =Source!I41 -> 0.04 | G64: =Source!AB41 -> 72588.8 | H64: =Source!O41 -> 19482.84 | T64: =Source!O41 -> 19482.84 | U64: =Source!P41 -> 17839.35 | V64: =Source!S41 -> 729.3 | W64: =Source!Q41 -> 914.19 | X64: =Source!R41 -> 65.12 | Y64: =Source!U41 -> 12.26728 | Z64: =Source!V41 -> 0.7445 | AA64: =Source!X41 -> 754.7 | AB64: =Source!Y41 -> 436.93
C65: ="Объем: "&Source!I41&"=4/"&"100" -> Объем: 0,04=4/100
C66: Коэфф. к ОЗП | D66: =Source!BA41 -> 6.71
C67: Коэфф. к эксплуатации машин | D67: =Source!BB41 -> 6.71
C68: Коэфф. к материалам | D68: =Source!BC41 -> 6.71
C69: Коэфф. к ЗПМ | D69: =Source!BS41 -> 6.71
C70: Эксплуатация машин | D70: )*1,25
C71: Оплата труда машинистов | D71: )*1,25
C72: Оплата труда рабочих | D72: )*1,15
C73: Затраты труда рабочих | D73: )*1,15
C74: Затраты труда машинистов | D74: )*1,25
A75: 10 | B75: =Source!E43 -> 6,1 | C75: =Source!G43 -> Конструкции стальные приспособлений: для монтажа | D75: =Source!F43 -> 07.2.07.13-0081 | E75: =Source!H43 -> т | F75: =Source!I43 -> 0.0088 | G75: =Source!AB43 -> 7441 | H75: =Source!O43 -> 439.38 | T75: =Source!O43 -> 439.38 | U75: =Source!P43 -> 439.38 | V75: =Source!S43 -> 0 | W75: =Source!Q43 -> 0 | X75: =Source!R43 -> 0 | Y75: =Source!U43 -> 0 | Z75: =Source!V43 -> 0 | AA75: =Source!X43 -> 0 | AB75: =Source!Y43 -> 0
C76: Коэфф. к материалам | D76: =Source!BC43 -> 6.71
A77: 11 | B77: =Source!E45 -> 6,2 | C77: =Source!G45 -> Горячекатаная арматурная сталь класса: А-I, А-II, А-III | D77: =Source!F45 -> 08.4.03.04-0001 | E77: =Source!H45 -> т | F77: =Source!I45 -> 0.222 | G77: =Source!AB45 -> 5650 | H77: =Source!O45 -> 8416.35 | T77: =Source!O45 -> 8416.35 | U77: =Source!P45 -> 8416.35 | V77: =Source!S45 -> 0 | W77: =Source!Q45 -> 0 | X77: =Source!R45 -> 0 | Y77: =Source!U45 -> 0 | Z77: =Source!V45 -> 0 | AA77: =Source!X45 -> 0 | AB77: =Source!Y45 -> 0
C78: Коэфф. к материалам | D78: =Source!BC45 -> 6.71
A79: 12 | B79: =Source!E47 -> 6,3 | C79: Исключен Бетон тяжелый, класс В12,5 (М150) | D79: =Source!F47 -> 04.1.02.05-0005 | E79: =Source!H47 -> м3 | F79: =Source!I47 -> -4.06 | G79: =Source!AB47 -> 600 | H79: =Source!O47 -> -16345.56 | T79: =Source!O47 -> -16345.56 | U79: =Source!P47 -> -16345.56 | V79: =Source!S47 -> 0 | W79: =Source!Q47 -> 0 | X79: =Source!R47 -> 0 | Y79: =Source!U47 -> 0 | Z79: =Source!V47 -> 0 | AA79: =Source!X47 -> 0 | AB79: =Source!Y47 -> 0
C80: Коэфф. к материалам | D80: =Source!BC47 -> 6.71
A81: 13 | B81: =Source!E49 -> 6,4 | C81: =Source!G49 -> Бетон тяжелый, класс В22,5 (М300) | D81: =Source!F49 -> 04.1.02.05-0008 | E81: =Source!H49 -> м3 | F81: =Source!I49 -> 4.06 | G81: =Source!AB49 -> 700 | H81: =Source!O49 -> 19069.82 | T81: =Source!O49 -> 19069.82 | U81: =Source!P49 -> 19069.82 | V81: =Source!S49 -> 0 | W81: =Source!Q49 -> 0 | X81: =Source!R49 -> 0 | Y81: =Source!U49 -> 0 | Z81: =Source!V49 -> 0 | AA81: =Source!X49 -> 0 | AB81: =Source!Y49 -> 0
C82: Коэфф. к материалам | D82: =Source!BC49 -> 6.71
A83: 14 | B83: =Source!E51 -> 7 | C83: =Source!G51 -> Прокладка труб гофрированных ПВХ для защиты проводов и кабелей | D83: =Source!F51 -> м08-10-010-01 | E83: =Source!H51 -> 100 м | F83: =Source!I51 -> 1.5 | G83: =Source!AB51 -> 156.33 | H83: =Source!O51 -> 1573.46 | T83: =Source!O51 -> 1573.46 | U83: =Source!P51 -> 168.99 | V83: =Source!S51 -> 1404.47 | W83: =Source!Q51 -> 0 | X83: =Source!R51 -> 0 | Y83: =Source!U51 -> 22.8 | Z83: =Source!V51 -> 0 | AA83: =Source!X51 -> 1334.25 | AB83: =Source!Y51 -> 912.91
C84: ="Объем: "&Source!I51&"=150/"&"100" -> Объем: 1,5=150/100
C85: Коэфф. к ОЗП | D85: =Source!BA51 -> 6.71
C86: Коэфф. к эксплуатации машин | D86: =Source!BB51 -> 6.71
C87: Коэфф. к материалам | D87: =Source!BC51 -> 6.71
C88: Коэфф. к ЗПМ | D88: =Source!BS51 -> 6.71
A89: 15 | B89: =Source!E53 -> 7,1 | C89: =Source!G53 -> Трубы гибкие гофрированные тяжелые из самозатухающего ПВХ (IP55) серии FH, с зондом, диаметром 20 мм | D89: =Source!F53 -> 24.3.01.02-0042 | E89: =Source!H53 -> 10 м | F89: =Source!I53 -> 15 | G89: =Source!AB53 -> 50.62 | H89: =Source!O53 -> 5094.9 | T89: =Source!O53 -> 5094.9 | U89: =Source!P53 -> 5094.9 | V89: =Source!S53 -> 0 | W89: =Source!Q53 -> 0 | X89: =Source!R53 -> 0 | Y89: =Source!U53 -> 0 | Z89: =Source!V53 -> 0 | AA89: =Source!X53 -> 0 | AB89: =Source!Y53 -> 0
C90: Коэфф. к материалам | D90: =Source!BC53 -> 6.71
A91: 16 | B91: =Source!E55 -> 8 | C91: =Source!G55 -> Затягивание провода в проложенные трубы и металлические рукава первого одножильного или многожильного в общей оплетке, суммарное сечение до 2,5 мм2 | D91: =Source!F55 -> м08-02-412-01 | E91: =Source!H55 -> 100 м | F91: =Source!I55 -> 0.7 | G91: =Source!AB55 -> 55.26 | H91: =Source!O55 -> 259.56 | T91: =Source!O55 -> 259.56 | U91: =Source!P55 -> 52.94 | V91: =Source!S55 -> 198.26 | W91: =Source!Q55 -> 8.36 | X91: =Source!R55 -> 1.22 | Y91: =Source!U55 -> 3.143 | Z91: =Source!V55 -> 0.014 | AA91: =Source!X55 -> 189.51 | AB91: =Source!Y55 -> 129.66
C92: ="Объем: "&Source!I55&"=70/"&"100" -> Объем: 0,7=70/100
C93: Коэфф. к ОЗП | D93: =Source!BA55 -> 6.71
C94: Коэфф. к эксплуатации машин | D94: =Source!BB55 -> 6.71
C95: Коэфф. к материалам | D95: =Source!BC55 -> 6.71
C96: Коэфф. к ЗПМ | D96: =Source!BS55 -> 6.71
A97: 17 | B97: =Source!E57 -> 8,1 | C97: =Source!G57 -> Кабель силовой огнестойкий с медными жилами с изоляцией и оболочкой из ПВХ, не распространяющий горение, с низким дымо- и газовыделением, напряжением 1,0 кВ марки ВВГнг-FRLS 3х2,5 | D97: =Source!F57 -> 21.1.06.10-0236 | E97: =Source!H57 -> 1000 м | F97: =Source!I57 -> 0.07 | G97: =Source!AB57 -> 14843.6 | H97: =Source!O57 -> 6972.04 | T97: =Source!O57 -> 6972.04 | U97: =Source!P57 -> 6972.04 | V97: =Source!S57 -> 0 | W97: =Source!Q57 -> 0 | X97: =Source!R57 -> 0 | Y97: =Source!U57 -> 0 | Z97: =Source!V57 -> 0 | AA97: =Source!X57 -> 0 | AB97: =Source!Y57 -> 0
C98: Коэфф. к материалам | D98: =Source!BC57 -> 6.71
A99: 18 | B99: =Source!E59 -> 9 | C99: =Source!G59 -> Затягивание провода в проложенные трубы и металлические рукава первого одножильного или многожильного в общей оплетке, суммарное сечение до 16 мм2 | D99: =Source!F59 -> м08-02-412-03 | E99: =Source!H59 -> 100 м | F99: =Source!I59 -> 1.3 | G99: =Source!AB59 -> 87.15 | H99: =Source!O59 -> 760.2 | T99: =Source!O59 -> 760.2 | U99: =Source!P59 -> 197.92 | V99: =Source!S59 -> 515.79 | W99: =Source!Q59 -> 46.49 | X99: =Source!R59 -> 6.63 | Y99: =Source!U59 -> 8.177 | Z99: =Source!V59 -> 0.078 | AA99: =Source!X59 -> 496.3 | AB99: =Source!Y59 -> 339.57
C100: ="Объем: "&Source!I59&"=130/"&"100" -> Объем: 1,3=130/100
C101: Коэфф. к ОЗП | D101: =Source!BA59 -> 6.71
C102: Коэфф. к эксплуатации машин | D102: =Source!BB59 -> 6.71
C103: Коэфф. к материалам | D103: =Source!BC59 -> 6.71
C104: Коэфф. к ЗПМ | D104: =Source!BS59 -> 6.71
A105: 19 | B105: =Source!E61 -> 9,1 | C105: =Source!G61 -> Кабель силовой огнестойкий с медными жилами с изоляцией и оболочкой из ПВХ, не распространяющий горение, с низким дымо- и газовыделением, напряжением 1,0 кВ марки ВВГнг-FRLS 5х10 | D105: =Source!F61 -> 21.1.06.10-0268 | E105: =Source!H61 -> 1000 м | F105: =Source!I61 -> 0.13 | G105: =Source!AB61 -> 64778.22 | H105: =Source!O61 -> 56506.04 | T105: =Source!O61 -> 56506.04 | U105: =Source!P61 -> 56506.04 | V105: =Source!S61 -> 0 | W105: =Source!Q61 -> 0 | X105: =Source!R61 -> 0 | Y105: =Source!U61 -> 0 | Z105: =Source!V61 -> 0 | AA105: =Source!X61 -> 0 | AB105: =Source!Y61 -> 0
C106: Коэфф. к материалам | D106: =Source!BC61 -> 6.71
...

Sheet Макет форма-3
A1: =Source!B1 -> Smeta.RU (495) 974-1589 | H1: Унифицированная форма № КС-3
H2: Утверждена постановлением Госкомстата России
H3: от 11.11.99. № 100
K4: Коды
I5: Форма по ОКУД | K5: 322001
A6: Инвестор | J6: по ОКПО
C7: организация, адрес, телефон, факс
A8: Заказчик (генподрядчик) | J8: по ОКПО
C9: организация, адрес, телефон, факс
A10: Подрядчик (субподрядчик) | J10: по ОКПО
C11: организация, адрес, телефон, факс
A12: Стройка | J12: по ОКПО
C13: наименование, адрес | H13: Вид деятельности по ОКДП
E14: Договор подряда (контракт) | I14: номер
I15: дата
I16: Вид операции
C19: Номер документа | E19: Дата составления | I19: Отчетный период
I20: с | K20: по
A24: СПРАВКА
A25: СТОИМОСТИ ВЫПОЛНЕННЫХ РАБОТ И ЗАТРАТ
A28: № п/п | B28: Наименование пусковых комплексов, объектов, видов работ, оборудования, затрат | F28: Код | G28: Стоимость выполненных работ и затрат
G29: с начала проведения работ | I29: с начала года по отчетный период включительно | K29: в том числе за отчетный месяц
A33: 1 | B33: 2 | F33: 3 | G33: 4 | I33: 5 | K33: 6
B34: Всего работ и затрат, включаемых в стоимость
B35: В том числе:
A36: Итого
A37: Сумма НДС
A38: Всего с учетом НДС
A42: Заказчик (генподрядчик)
C43: должность | G43: подпись | J43: расшифровка подпись
A45: МП
A49: Подрядчик (субподрядчик)
C50: должность | G50: подпись | J50: расшифровка подпись
A52: МП

Sheet Source
A1: 0 | B1: Smeta.RU (495) 974-1589 | D1: _PS_ | F1: 0 | G1: 0 | H1: 0 | I1: Smeta.RU | J1: НИЯУ МИФИ Доп. раб. место MCCS-0016187 | K1: 0 | L1: 16187 | M1: 10
A12: 1 | B12: 264 | C12: 0 | D12: =ROW(A203) -> 203 | E12: 0 | F12: Новый объект | G12: Монтаж насосных установок системы пожарного водопровода согласно проекту № 136-06/2018 ВПВ в здании учебного корпуса "К" НИЯУ МИФИ по адресу: г. Москва, Каширское шоссе, д. 31, стр. 46 | I12: 0 | K12: 0 | O12: 0 | P12: 0 | Q12: 0 | R12: 0 | S12: 0 | V12: 0 | BH12: Сметные нормы списания | BI12: Коды ценников | BJ12: 1 | BK12: 1 | BL12: 0 | BM12: 0 | BN12: 1 | BO12: 0 | BP12: 2 | BQ12: 2 | BR12: 1 | BS12: 1 | BT12: 0 | BU12: 0 | BV12: 0 | BW12: 0 | BX12: 0 | BY12: ФЕР-2017 | BZ12: ТР для Версии 10: Центральные регионы (с учетом п-ма 2536-ИП/12/ГС от 22.03.2017 г | CA12: ФЕР-2017 | CB12: ФЕР-2017 | CC12: ФЕР-2017 | CD12: ФЕР-2017 | CE12: Поправки для ГСН 2017 от 31.03.2017 г | CF12: 0 | CG12: 0 | CH12: 524288 | CK12: 4 | EC12: 0
A15: 15 | B15: 1
A18: 52 | B18: =B203 -> 264 | C18: =C203 -> 1 | D18: =D203 -> 12 | E18: =E203 -> 0 | F18: =F203 -> Новый объект | G18: =G203 -> Монтаж насосных установок системы пожарного водопровода согласно проекту № 136-06/2018 ВПВ в здании учебного корпуса "К" НИЯУ МИФИ по адресу: г. Москва, Каширское шоссе, д. 31, стр. 46 | O18: =O203 -> 284671.05 | P18: =P203 -> 267721.75 | Q18: =Q203 -> 7143.59 | R18: =R203 -> 648.05 | S18: =S203 -> 9805.71 | T18: =T203 -> 0 | U18: =U203 -> 895.68838 | V18: =V203 -> 55.64025 | ... GX18: =GX203 -> 0
A20: 3 | B20: 1 | D20: =ROW(A171) -> 171 | F20: Новая локальная смета | G20: Новая локальная смета | I20: 0 | K20: 0 | V20: 0 | BX20: 0 | CF20: 0 | CG20: 0
A22: 52 | B22: =B171 -> 1 | C22: =C171 -> 3 | D22: =D171 -> 20 | E22: =E171 -> 0 | F22: =F171 -> Новая локальная смета | G22: =G171 -> Новая локальная смета | O22: =O171 -> 284671.05 | P22: =P171 -> 267721.75 | Q22: =Q171 -> 7143.59 | R22: =R171 -> 648.05 | S22: =S171 -> 9805.71 | T22: =T171 -> 0 | U22: =U171 -> 895.68838 | V22: =V171 -> 55.64025 | ... GX22: =GX171 -> 0
A24: 17 | B24: 1 | C24: =ROW(SmtRes!A4) -> 4 | D24: =ROW(EtalonRes!A4) -> 4 | E24: 1 | F24: 56-9-1 | G24: Демонтаж дверных коробок в каменных стенах с отбивкой штукатурки в откосах | H24: 100 ШТ | I24: =ROUND(2/100,9) -> 0.02 | J24: 0 | O24: =ROUND(CP24,2) -> 31.58 | P24: =ROUND(CQ24*I24,2) -> 0 | Q24: =ROUND(CR24*I24,2) -> 2.82 | R24: =ROUND(CS24*I24,2) -> 0 | S24: =ROUND(CT24*I24,2) -> 28.76 | T24: =ROUND(CU24*I24,2) -> 0 | U24: =CV24*I24 -> 3.586 | V24: =CW24*I24 -> 0 | W24: =ROUND(CX24*I24,2) -> 0 | X24: =ROUND(CY24,2) -> 23.58 | Y24: =ROUND(CZ24,2) -> 17.83 | AA24: 28045047 | AB24: =ROUND((AC24+AD24+AF24),2) -> 1579.15 | AC24: =ROUND((ES24),2) -> 0 | AD24: =ROUND((((ET24)-(EU24))+AE24),2) -> 141.16 | AE24: =ROUND((EU24),2) -> 0 | AF24: =ROUND((EV24),2) -> 1437.99 | AG24: =ROUND((AP24),2) -> 0 | AH24: =(EW24) -> 179.3 | AI24: =(EX24) -> 0 | AJ24: =(AS24) -> 0 | AK24: 1579.15 | AL24: 0 | AM24: 141.16 | AN24: 0 | AO24: 1437.99 | AP24: 0 | AQ24: 179.3 | AR24: 0 | AS24: 0 | AT24: 82 | AU24: 62 | AV24: 1 | AW24: 1 | AZ24: 1 | BA24: 1 | BB24: 1 | BC24: 1 | BH24: 0 | BI24: 1 | BJ24: ФЕРр-2001, 56-9-1, приказ Минстроя России №1039/пр от 30.12.2016г. | BM24: 56001 | BN24: 0 | BP24: 0 | BQ24: 6 | BR24: 0 | BS24: 1 | BT24: 1 | BU24: 1 | BV24: 1 | BW24: 1 | BX24: 1 | BZ24: 82 | CA24: 62 | CE24: 0 | CF24: 0 | CG24: 0 | CM24: 0 | CO24: 0 | CP24: =(P24+Q24+S24) -> 31.58 | CQ24: =AC24*BC24 -> 0 | CR24: =AD24*BB24 -> 141.16 | CS24: =AE24*BS24 -> 0 | CT24: =AF24*BA24 -> 1437.99 | CU24: =AG24 -> 0 | CV24: =AH24 -> 179.3 | CW24: =AI24 -> 0 | CX24: =AJ24 -> 0 | CY24: =(((S24+R24)*AT24)/100) -> 23.5832 | CZ24: =(((S24+R24)*AU24)/100) -> 17.8312 | DN24: 0 | DO24: 0 | DP24: 1 | DQ24: 1 | DU24: 1013 | DV24: 100 ШТ | DW24: 100 ШТ | DX24: 1 | EE24: 27029101 | EF24: 6 | EG24: Ремонтно-строительные работы | EH24: 0 | EJ24: 1 | EK24: 56001 | EL24: Проемы | EM24: рФЕР-56 | EQ24: 0 | ER24: 1579.15 | ES24: 0 | ET24: 141.16 | EU24: 0 | EV24: 1437.99 | EW24: 179.3 | EX24: 0 | EY24: 0 | FQ24: 0 | FR24: =ROUND(IF(AND(BH24=3,BI24=3),P24,0),2) -> 0 | FS24: 0 | FX24: 82 | FY24: 62 | GD24: 0 | GF24: -1455871663 | GG24: 2 | GH24: 1 | GI24: -2 | GJ24: 0 | GK24: =ROUND(R24*(R12)/100,2) -> 0 | GL24: =ROUND(IF(AND(BH24=3,BI24=3,FS24<>0),P24,0),2) -> 0 | GM24: =ROUND(O24+X24+Y24+GK24,2)+GX24 -> 72.99 | GN24: =IF(OR(BI24=0,BI24=1),ROUND(O24+X24+Y24+GK24,2),0) -> 72.99 | GO24: =IF(BI24=2,ROUND(O24+X24+Y24+GK24,2),0) -> 0 | GP24: =IF(BI24=4,ROUND(O24+X24+Y24+GK24,2)+GX24,0) -> 0 | GR24: 0 | GS24: 3 | GT24: 0 | GV24: =ROUND((GT24),2) -> 0 | GW24: 1 | GX24: =ROUND(HC24*I24,2) -> 0 | HA24: 0 | HB24: 0 | HC24: =GV24*GW24 -> 0 | IK24: 0
A25: 17 | B25: 1 | C25: =ROW(SmtRes!A8) -> 8 | D25: =ROW(EtalonRes!A8) -> 8 | E25: 1 | F25: 56-9-1 | G25: Демонтаж дверных коробок в каменных стенах с отбивкой штукатурки в откосах | H25: 100 ШТ | I25: =ROUND(2/100,9) -> 0.02 | J25: 0 | O25: =ROUND(CP25,2) -> 211.92 | P25: =ROUND(CQ25*I25,2) -> 0 | Q25: =ROUND(CR25*I25,2) -> 18.94 | R25: =ROUND(CS25*I25,2) -> 0 | S25: =ROUND(CT25*I25,2) -> 192.98 | T25: =ROUND(CU25*I25,2) -> 0 | U25: =CV25*I25 -> 3.586 | V25: =CW25*I25 -> 0 | W25: =ROUND(CX25*I25,2) -> 0 | X25: =ROUND(CY25,2) -> 158.24 | Y25: =ROUND(CZ25,2) -> 119.65 | AA25: 28045061 | AB25: =ROUND((AC25+AD25+AF25),2) -> 1579.15 | AC25: =ROUND((ES25),2) -> 0 | AD25: =ROUND((((ET25)-(EU25))+AE25),2) -> 141.16 | AE25: =ROUND((EU25),2) -> 0 | AF25: =ROUND((EV25),2) -> 1437.99 | AG25: =ROUND((AP25),2) -> 0 | AH25: =(EW25) -> 179.3 | AI25: =(EX25) -> 0 | AJ25: =(AS25) -> 0 | AK25: 1579.15 | AL25: 0 | AM25: 141.16 | AN25: 0 | AO25: 1437.99 | AP25: 0 | AQ25: 179.3 | AR25: 0 | AS25: 0 | AT25: 82 | AU25: 62 | AV25: 1 | AW25: 1 | AZ25: 6.71 | BA25: 6.71 | BB25: 6.71 | BC25: 6.71 | BH25: 0 | BI25: 1 | BJ25: ФЕРр-2001, 56-9-1, приказ Минстроя России №1039/пр от 30.12.2016г. | BM25: 56001 | BN25: 0 | BP25: 0 | BQ25: 6 | BR25: 0 | BS25: 6.71 | BT25: 1 | BU25: 1 | BV25: 1 | BW25: 1 | BX25: 1 | BZ25: 82 | CA25: 62 | CE25: 0 | CF25: 0 | CG25: 0 | CM25: 0 | CO25: 0 | CP25: =(P25+Q25+S25) -> 211.92 | CQ25: =AC25*BC25 -> 0 | CR25: =AD25*BB25 -> 947.1836 | CS25: =AE25*BS25 -> 0 | CT25: =AF25*BA25 -> 9648.9129 | CU25: =AG25 -> 0 | CV25: =AH25 -> 179.3 | CW25: =AI25 -> 0 | CX25: =AJ25 -> 0 | CY25: =(((S25+R25)*AT25)/100) -> 158.2436 | CZ25: =(((S25+R25)*AU25)/100) -> 119.6476 | DN25: 0 | DO25: 0 | DP25: 1 | DQ25: 1 | DU25: 1013 | DV25: 100 ШТ | DW25: 100 ШТ | DX25: 1 | EE25: 27029101 | EF25: 6 | EG25: Ремонтно-строительные работы | EH25: 0 | EJ25: 1 | EK25: 56001 | EL25: Проемы | EM25: рФЕР-56 | EQ25: 0 | ER25: 1579.15 | ES25: 0 | ET25: 141.16 | EU25: 0 | EV25: 1437.99 | EW25: 179.3 | EX25: 0 | EY25: 0 | FQ25: 0 | FR25: =ROUND(IF(AND(BH25=3,BI25=3),P25,0),2) -> 0 | FS25: 0 | FX25: 82 | FY25: 62 | GD25: 0 | GF25: -1455871663 | GG25: 1 | GH25: 1 | GI25: 4 | GJ25: 0 | GK25: =ROUND(R25*(S12)/100,2) -> 0 | GL25: =ROUND(IF(AND(BH25=3,BI25=3,FS25<>0),P25,0),2) -> 0 | GM25: =ROUND(O25+X25+Y25+GK25,2)+GX25 -> 489.81 | GN25: =IF(OR(BI25=0,BI25=1),ROUND(O25+X25+Y25+GK25,2),0) -> 489.81 | GO25: =IF(BI25=2,ROUND(O25+X25+Y25+GK25,2),0) -> 0 | GP25: =IF(BI25=4,ROUND(O25+X25+Y25+GK25,2)+GX25,0) -> 0 | GR25: 0 | GS25: 3 | GT25: 0 | GV25: =ROUND((GT25),2) -> 0 | GW25: 1 | GX25: =ROUND(HC25*I25,2) -> 0 | HA25: 0 | HB25: 0 | HC25: =GV25*GW25 -> 0 | IK25: 0
A26: 18 | B26: 1 | C26: 4 | E26: 1,1 | F26: 01.7.07.07 | G26: Строительный мусор | H26: т | I26: =I24*J26 -> 0.21 | J26: 10.5 | O26: =ROUND(CP26,2) -> 0 | P26: =ROUND(CQ26*I26,2) -> 0 | Q26: =ROUND(CR26*I26,2) -> 0 | R26: =ROUND(CS26*I26,2) -> 0 | S26: =ROUND(CT26*I26,2) -> 0 | T26: =ROUND(CU26*I26,2) -> 0 | U26: =CV26*I26 -> 0 | V26: =CW26*I26 -> 0 | W26: =ROUND(CX26*I26,2) -> 0 | X26: =ROUND(CY26,2) -> 0 | Y26: =ROUND(CZ26,2) -> 0 | AA26: 28045047 | AB26: =ROUND((AC26+AD26+AF26),2) -> 0 | AC26: =ROUND((ES26),2) -> 0 | AD26: =ROUND((((ET26)-(EU26))+AE26),2) -> 0 | AE26: =ROUND((EU26),2) -> 0 | AF26: =ROUND((EV26),2) -> 0 | AG26: =ROUND((AP26),2) -> 0 | AH26: =(EW26) -> 0 | AI26: =(EX26) -> 0 | AJ26: =(AS26) -> 0 | AK26: 0 | AL26: 0 | AM26: 0 | AN26: 0 | AO26: 0 | AP26: 0 | AQ26: 0 | AR26: 0 | AS26: 0 | AT26: 82 | AU26: 62 | AV26: 1 | AW26: 1 | AZ26: 1 | BA26: 1 | BB26: 1 | BC26: 1 | BH26: 3 | BI26: 1 | BM26: 56001 | BN26: 0 | BP26: 0 | BQ26: 6 | BR26: 0 | BS26: 1 | BT26: 1 | BU26: 1 | BV26: 1 | BW26: 1 | BX26: 1 | BZ26: 82 | CA26: 62 | CE26: 0 | CF26: 0 | CG26: 0 | CM26: 0 | CO26: 0 | CP26: =(P26+Q26+S26) -> 0 | CQ26: =AC26*BC26 -> 0 | CR26: =AD26*BB26 -> 0 | CS26: =AE26*BS26 -> 0 | CT26: =AF26*BA26 -> 0 | CU26: =AG26 -> 0 | CV26: =AH26 -> 0 | CW26: =AI26 -> 0 | CX26: =AJ26 -> 0 | CY26: =(((S26+R26)*AT26)/100) -> 0 | CZ26: =(((S26+R26)*AU26)/100) -> 0 | DN26: 0 | DO26: 0 | DP26: 1 | DQ26: 1 | DU26: 1009 | DV26: т | DW26: т | DX26: 1000 | EE26: 27029101 | EF26: 6 | EG26: Ремонтно-строительные работы | EH26: 0 | EJ26: 1 | EK26: 56001 | EL26: Проемы | EM26: рФЕР-56 | EQ26: 0 | ER26: 0 | ES26: 0 | ET26: 0 | EU26: 0 | EV26: 0 | EW26: 0 | EX26: 0 | FQ26: 0 | FR26: =ROUND(IF(AND(BH26=3,BI26=3),P26,0),2) -> 0 | FS26: 0 | FX26: 82 | FY26: 62 | GD26: 0 | GF26: -179832266 | GG26: 2 | GH26: 1 | GI26: -2 | GJ26: 0 | GK26: =ROUND(R26*(R12)/100,2) -> 0 | GL26: =ROUND(IF(AND(BH26=3,BI26=3,FS26<>0),P26,0),2) -> 0 | GM26: =ROUND(O26+X26+Y26+GK26,2)+GX26 -> 0 | GN26: =IF(OR(BI26=0,BI26=1),ROUND(O26+X26+Y26+GK26,2),0) -> 0 | GO26: =IF(BI26=2,ROUND(O26+X26+Y26+GK26,2),0) -> 0 | GP26: =IF(BI26=4,ROUND(O26+X26+Y26+GK26,2)+GX26,0) -> 0 | GR26: 0 | GS26: 3 | GT26: 0 | GV26: =ROUND((GT26),2) -> 0 | GW26: 1 | GX26: =ROUND(HC26*I26,2) -> 0 | HA26: 0 | HB26: 0 | HC26: =GV26*GW26 -> 0 | IK26: 0
A27: 18 | B27: 1 | C27: 8 | E27: 1,1 | F27: 01.7.07.07 | G27: Строительный мусор | H27: т | I27: =I25*J27 -> 0.21 | J27: 10.5 | O27: =ROUND(CP27,2) -> 0 | P27: =ROUND(CQ27*I27,2) -> 0 | Q27: =ROUND(CR27*I27,2) -> 0 | R27: =ROUND(CS27*I27,2) -> 0 | S27: =ROUND(CT27*I27,2) -> 0 | T27: =ROUND(CU27*I27,2) -> 0 | U27: =CV27*I27 -> 0 | V27: =CW27*I27 -> 0 | W27: =ROUND(CX27*I27,2) -> 0 | X27: =ROUND(CY27,2) -> 0 | Y27: =ROUND(CZ27,2) -> 0 | AA27: 28045061 | AB27: =ROUND((AC27+AD27+AF27),2) -> 0 | AC27: =ROUND((ES27),2) -> 0 | AD27: =ROUND((((ET27)-(EU27))+AE27),2) -> 0 | AE27: =ROUND((EU27),2) -> 0 | AF27: =ROUND((EV27),2) -> 0 | AG27: =ROUND((AP27),2) -> 0 | AH27: =(EW27) -> 0 | AI27: =(EX27) -> 0 | AJ27: =(AS27) -> 0 | AK27: 0 | AL27: 0 | AM27: 0 | AN27: 0 | AO27: 0 | AP27: 0 | AQ27: 0 | AR27: 0 | AS27: 0 | AT27: 82 | AU27: 62 | AV27: 1 | AW27: 1 | AZ27: 6.71 | BA27: 1 | BB27: 1 | BC27: 6.71 | BH27: 3 | BI27: 1 | BM27: 56001 | BN27: 0 | BP27: 0 | BQ27: 6 | BR27: 0 | BS27: 1 | BT27: 1 | BU27: 1 | BV27: 1 | BW27: 1 | BX27: 1 | BZ27: 82 | CA27: 62 | CE27: 0 | CF27: 0 | CG27: 0 | CM27: 0 | CO27: 0 | CP27: =(P27+Q27+S27) -> 0 | CQ27: =AC27*BC27 -> 0 | CR27: =AD27*BB27 -> 0 | CS27: =AE27*BS27 -> 0 | CT27: =AF27*BA27 -> 0 | CU27: =AG27 -> 0 | CV27: =AH27 -> 0 | CW27: =AI27 -> 0 | CX27: =AJ27 -> 0 | CY27: =(((S27+R27)*AT27)/100) -> 0 | CZ27: =(((S27+R27)*AU27)/100) -> 0 | DN27: 0 | DO27: 0 | DP27: 1 | DQ27: 1 | DU27: 1009 | DV27: т | DW27: т | DX27: 1000 | EE27: 27029101 | EF27: 6 | EG27: Ремонтно-строительные работы | EH27: 0 | EJ27: 1 | EK27: 56001 | EL27: Проемы | EM27: рФЕР-56 | EQ27: 0 | ER27: 0 | ES27: 0 | ET27: 0 | EU27: 0 | EV27: 0 | EW27: 0 | EX27: 0 | FQ27: 0 | FR27: =ROUND(IF(AND(BH27=3,BI27=3),P27,0),2) -> 0 | FS27: 0 | FX27: 82 | FY27: 62 | GD27: 0 | GF27: -179832266 | GG27: 1 | GH27: 1 | GI27: 4 | GJ27: 0 | GK27: =ROUND(R27*(S12)/100,2) -> 0 | GL27: =ROUND(IF(AND(BH27=3,BI27=3,FS27<>0),P27,0),2) -> 0 | GM27: =ROUND(O27+X27+Y27+GK27,2)+GX27 -> 0 | GN27: =IF(OR(BI27=0,BI27=1),ROUND(O27+X27+Y27+GK27,2),0) -> 0 | GO27: =IF(BI27=2,ROUND(O27+X27+Y27+GK27,2),0) -> 0 | GP27: =IF(BI27=4,ROUND(O27+X27+Y27+GK27,2)+GX27,0) -> 0 | GR27: 0 | GS27: 3 | GT27: 0 | GV27: =ROUND((GT27),2) -> 0 | GW27: 1 | GX27: =ROUND(HC27*I27,2) -> 0 | HA27: 0 | HB27: 0 | HC27: =GV27*GW27 -> 0 | IK27: 0
A28: 17 | B28: 1 | C28: =ROW(SmtRes!A11) -> 11 | D28: =ROW(EtalonRes!A11) -> 11 | E28: 2 | F28: 46-04-003-02 | G28: Разборка бетонных конструкций объемом более 1 м3 при помощи отбойных молотков из бетона марки 150 | H28: м3 | I28: 3 | J28: 0 | O28: =ROUND(CP28,2) -> 1656.72 | P28: =ROUND(CQ28*I28,2) -> 0 | Q28: =ROUND(CR28*I28,2) -> 1106.28 | R28: =ROUND(CS28*I28,2) -> 0 | S28: =ROUND(CT28*I28,2) -> 550.44 | T28: =ROUND(CU28*I28,2) -> 0 | U28: =CV28*I28 -> 64.53 | V28: =CW28*I28 -> 0 | W28: =ROUND(CX28*I28,2) -> 0 | X28: =ROUND(CY28,2) -> 544.94 | Y28: =ROUND(CZ28,2) -> 330.26 | AA28: 28045047 | AB28: =ROUND((AC28+AD28+AF28),2) -> 552.24 | AC28: =ROUND((ES28),2) -> 0 | AD28: =ROUND((((ET28)-(EU28))+AE28),2) -> 368.76 | AE28: =ROUND((EU28),2) -> 0 | AF28: =ROUND((EV28),2) -> 183.48 | AG28: =ROUND((AP28),2) -> 0 | AH28: =(EW28) -> 21.51 | AI28: =(EX28) -> 0 | AJ28: =(AS28) -> 0 | AK28: 552.24 | AL28: 0 | AM28: 368.76 | AN28: 0 | AO28: 183.48 | AP28: 0 | AQ28: 21.51 | AR28: 0 | AS28: 0 | AT28: 99 | AU28: 60 | AV28: 1 | AW28: 1 | AZ28: 1 | BA28: 1 | BB28: 1 | BC28: 1 | BH28: 0 | BI28: 1 | BJ28: ФЕР-2001, 46-04-003-02, приказ Минстроя России №1039/пр от 30.12.2016г. | BM28: 46001 | BN28: 0 | BP28: 0 | BQ28: 2 | BR28: 0 | BS28: 1 | BT28: 1 | BU28: 1 | BV28: 1 | BW28: 1 | BX28: 1 | BZ28: 110 | CA28: 70 | CE28: 0 | CF28: 0 | CG28: 0 | CM28: 0 | CO28: 0 | CP28: =(P28+Q28+S28) -> 1656.72 | CQ28: =AC28*BC28 -> 0 | CR28: =AD28*BB28 -> 368.76 | CS28: =AE28*BS28 -> 0 | CT28: =AF28*BA28 -> 183.48 | CU28: =AG28 -> 0 | CV28: =AH28 -> 21.51 | CW28: =AI28 -> 0 | CX28: =AJ28 -> 0 | CY28: =(((S28+R28)*AT28)/100) -> 544.9356 | CZ28: =(((S28+R28)*AU28)/100) -> 330.264 | DN28: 0 | DO28: 0 | DP28: 1 | DQ28: 1 | DU28: 1007 | DV28: м3 | DW28: м3 | DX28: 1 | EE28: 27029091 | EF28: 2 | EG28: Общестроительные работы | EH28: 0 | EJ28: 1 | EK28: 46001 | EL28: Реконструкция зданий и сооружений | EM28: ФЕР-46 | EQ28: 0 | ER28: 552.24 | ES28: 0 | ET28: 368.76 | EU28: 0 | EV28: 183.48 | EW28: 21.51 | EX28: 0 | EY28: 0 | FQ28: 0 | FR28: =ROUND(IF(AND(BH28=3,BI28=3),P28,0),2) -> 0 | FS28: 0 | FT28: *0,9 | FU28: *0,85 | FX28: 99 | FY28: 59.5 | GD28: 0 | GF28: 1632374558 | GG28: 2 | GH28: 1 | GI28: -2 | GJ28: 0 | GK28: =ROUND(R28*(R12)/100,2) -> 0 | GL28: =ROUND(IF(AND(BH28=3,BI28=3,FS28<>0),P28,0),2) -> 0 | GM28: =ROUND(O28+X28+Y28+GK28,2)+GX28 -> 2531.92 | GN28: =IF(OR(BI28=0,BI28=1),ROUND(O28+X28+Y28+GK28,2),0) -> 2531.92 | GO28: =IF(BI28=2,ROUND(O28+X28+Y28+GK28,2),0) -> 0 | GP28: =IF(BI28=4,ROUND(O28+X28+Y28+GK28,2)+GX28,0) -> 0 | GR28: 0 | GS28: 3 | GT28: 0 | GV28: =ROUND((GT28),2) -> 0 | GW28: 1 | GX28: =ROUND(HC28*I28,2) -> 0 | HA28: 0 | HB28: 0 | HC28: =GV28*GW28 -> 0 | IK28: 0
A29: 17 | B29: 1 | C29: =ROW(SmtRes!A14) -> 14 | D29: =ROW(EtalonRes!A14) -> 14 | E29: 2 | F29: 46-04-003-02 | G29: Разборка бетонных конструкций объемом более 1 м3 при помощи отбойных молотков из бетона марки 150 | H29: м3 | I29: 3 | J29: 0 | O29: =ROUND(CP29,2) -> 11116.59 | P29: =ROUND(CQ29*I29,2) -> 0 | Q29: =ROUND(CR29*I29,2) -> 7423.14 | R29: =ROUND(CS29*I29,2) -> 0 | S29: =ROUND(CT29*I29,2) -> 3693.45 | T29: =ROUND(CU29*I29,2) -> 0 | U29: =CV29*I29 -> 64.53 | V29: =CW29*I29 -> 0 | W29: =ROUND(CX29*I29,2) -> 0 | X29: =ROUND(CY29,2) -> 3656.52 | Y29: =ROUND(CZ29,2) -> 2216.07 | AA29: 28045061 | AB29: =ROUND((AC29+AD29+AF29),2) -> 552.24 | AC29: =ROUND((ES29),2) -> 0 | AD29: =ROUND((((ET29)-(EU29))+AE29),2) -> 368.76 | AE29: =ROUND((EU29),2) -> 0 | AF29: =ROUND((EV29),2) -> 183.48 | AG29: =ROUND((AP29),2) -> 0 | AH29: =(EW29) -> 21.51 | AI29: =(EX29) -> 0 | AJ29: =(AS29) -> 0 | AK29: 552.24 | AL29: 0 | AM29: 368.76 | AN29: 0 | AO29: 183.48 | AP29: 0 | AQ29: 21.51 | AR29: 0 | AS29: 0 | AT29: 99 | AU29: 60 | AV29: 1 | AW29: 1 | AZ29: 6.71 | BA29: 6.71 | BB29: 6.71 | BC29: 6.71 | BH29: 0 | BI29: 1 | BJ29: ФЕР-2001, 46-04-003-02, приказ Минстроя России №1039/пр от 30.12.2016г. | BM29: 46001 | BN29: 0 | BP29: 0 | BQ29: 2 | BR29: 0 | BS29: 6.71 | BT29: 1 | BU29: 1 | BV29: 1 | BW29: 1 | BX29: 1 | BZ29: 110 | CA29: 70 | CE29: 0 | CF29: 0 | CG29: 0 | CM29: 0 | CO29: 0 | CP29: =(P29+Q29+S29) -> 11116.59 | CQ29: =AC29*BC29 -> 0 | CR29: =AD29*BB29 -> 2474.3796 | CS29: =AE29*BS29 -> 0 | CT29: =AF29*BA29 -> 1231.1508 | CU29: =AG29 -> 0 | CV29: =AH29 -> 21.51 | CW29: =AI29 -> 0 | CX29: =AJ29 -> 0 | CY29: =(((S29+R29)*AT29)/100) -> 3656.5155 | CZ29: =(((S29+R29)*AU29)/100) -> 2216.07 | DN29: 0 | DO29: 0 | DP29: 1 | DQ29: 1 | DU29: 1007 | DV29: м3 | DW29: м3 | DX29: 1 | EE29: 27029091 | EF29: 2 | EG29: Общестроительные работы | EH29: 0 | EJ29: 1 | EK29: 46001 | EL29: Реконструкция зданий и сооружений | EM29: ФЕР-46 | EQ29: 0 | ER29: 552.24 | ES29: 0 | ET29: 368.76 | EU29: 0 | EV29: 183.48 | EW29: 21.51 | EX29: 0 | EY29: 0 | FQ29: 0 | FR29: =ROUND(IF(AND(BH29=3,BI29=3),P29,0),2) -> 0 | FS29: 0 | FT29: *0,9 | FU29: *0,85 | FX29: 99 | FY29: 59.5 | GD29: 0 | GF29: 1632374558 | GG29: 1 | GH29: 1 | GI29: 4 | GJ29: 0 | GK29: =ROUND(R29*(S12)/100,2) -> 0 | GL29: =ROUND(IF(AND(BH29=3,BI29=3,FS29<>0),P29,0),2) -> 0 | GM29: =ROUND(O29+X29+Y29+GK29,2)+GX29 -> 16989.18 | GN29: =IF(OR(BI29=0,BI29=1),ROUND(O29+X29+Y29+GK29,2),0) -> 16989.18 | GO29: =IF(BI29=2,ROUND(O29+X29+Y29+GK29,2),0) -> 0 | GP29: =IF(BI29=4,ROUND(O29+X29+Y29+GK29,2)+GX29,0) -> 0 | GR29: 0 | GS29: 3 | GT29: 0 | GV29: =ROUND((GT29),2) -> 0 | GW29: 1 | GX29: =ROUND(HC29*I29,2) -> 0 | HA29: 0 | HB29: 0 | HC29: =GV29*GW29 -> 0 | IK29: 0
A30: 17 | B30: 1 | E30: 3 | F30: т01-01-01-041 | G30: Погрузочные работы при автомобильных перевозках мусора строительного с погрузкой вручную | H30: 1 Т ГРУЗА | I30: =ROUND(1.5,9) -> 1.5 | J30: 0 | O30: =0 -> 0 | P30: =0 -> 0 | Q30: =0 -> 0 | R30: =0 -> 0 | S30: =0 -> 0 | T30: =0 -> 0 | U30: =0 -> 0 | V30: =0 -> 0 | ... Y30: =0 -> 0 | AA30: 28045047 | AB30: =ROUND((AK30),2) -> 42.98 | AC30: =0 -> 0 | AD30: =0 -> 0 | AE30: =0 -> 0 | AF30: =0 -> 0 | AG30: =0 -> 0 | AH30: =0 -> 0 | AI30: =0 -> 0 | AJ30: =0 -> 0 | AK30: 42.98 | AL30: 0 | AM30: 0 | AN30: 0 | AO30: 0 | AP30: 0 | AQ30: 0 | AR30: 0 | AS30: 0 | AT30: 0 | AU30: 0 | AV30: 1 | AW30: 1 | AZ30: 1 | BA30: 1 | BB30: 1 | BC30: 1 | BH30: 0 | BI30: 1 | BJ30: ФССЦпг-2001, т01-01-01-041, приказ Минстроя России №1039/пр от 30.12.2016г. | BM30: 700004 | BN30: 0 | BP30: 0 | BQ30: 19 | BR30: 0 | BS30: 1 | BT30: 1 | BU30: 1 | BV30: 1 | BW30: 1 | BX30: 1 | BZ30: 0 | CA30: 0 | CE30: 0 | CF30: 0 | CG30: 0 | CM30: 0 | CO30: 0 | CP30: =AB30*AZ30 -> 42.98 | CQ30: 0 | CR30: 0 | CS30: 0 | CT30: 0 | CU30: 0 | CV30: 0 | CW30: 0 | CX30: 0 | CY30: 0 | CZ30: 0 | DN30: 0 | DO30: 0 | DP30: 1 | DQ30: 1 | DU30: 1013 | DV30: 1 Т ГРУЗА | DW30: 1 Т ГРУЗА | DX30: 1 | EE30: 27029211 | EF30: 19 | EG30: Погрузочно-разгрузочные работы | EH30: 0 | EJ30: 1 | EK30: 700004 | EL30: Перевозка грузов , (ФССЦпр 2011-изм. № 4-6, раздел 1): погрузочно-разгрузочные работы (НР и СП в прям. затратах ) | EM30: ФССЦпр пог. а/п (2011,изм. 4-6) | EQ30: 0 | ER30: 0 | ES30: 0 | ET30: 0 | EU30: 0 | EV30: 0 | EW30: 0 | EX30: 0 | EY30: 0 | FQ30: 0 | FR30: =ROUND(IF(AND(BH30=3,BI30=3),P30,0),2) -> 0 | FS30: 0 | FX30: 0 | FY30: 0 | GD30: 0 | GF30: 68385352 | GG30: 2 | GH30: 1 | GI30: -2 | GJ30: 2 | GK30: =ROUND(R30*(R12)/100,2) -> 0 | GL30: =ROUND(IF(AND(BH30=3,BI30=3,FS30<>0),P30,0),2) -> 0 | GM30: =ROUND(CP30*I30,2) -> 64.47 | GN30: =IF(OR(BI30=0,BI30=1),ROUND(CP30*I30,2),0) -> 64.47 | GO30: =IF(BI30=2,ROUND(CP30*I30,2),0) -> 0 | GP30: =IF(BI30=4,ROUND(CP30*I30,2)+GX30,0) -> 0 | GR30: 0 | GS30: 3 | GT30: 0 | GV30: =0 -> 0 | GW30: 1 | GX30: =0 -> 0 | HA30: 0 | HB30: 0 | HC30: 0 | IK30: 0
A31: 17 | B31: 1 | E31: 3 | F31: т01-01-01-041 | G31: Погрузочные работы при автомобильных перевозках мусора строительного с погрузкой вручную | H31: 1 Т ГРУЗА | I31: =ROUND(1.5,9) -> 1.5 | J31: 0 | O31: =0 -> 0 | P31: =0 -> 0 | Q31: =0 -> 0 | R31: =0 -> 0 | S31: =0 -> 0 | T31: =0 -> 0 | U31: =0 -> 0 | V31: =0 -> 0 | ... Y31: =0 -> 0 | AA31: 28045061 | AB31: =ROUND((AK31),2) -> 42.98 | AC31: =0 -> 0 | AD31: =0 -> 0 | AE31: =0 -> 0 | AF31: =0 -> 0 | AG31: =0 -> 0 | AH31: =0 -> 0 | AI31: =0 -> 0 | AJ31: =0 -> 0 | AK31: 42.98 | AL31: 0 | AM31: 0 | AN31: 0 | AO31: 0 | AP31: 0 | AQ31: 0 | AR31: 0 | AS31: 0 | AT31: 0 | AU31: 0 | AV31: 1 | AW31: 1 | AZ31: 6.71 | BA31: 1 | BB31: 1 | BC31: 1 | BH31: 0 | BI31: 1 | BJ31: ФССЦпг-2001, т01-01-01-041, приказ Минстроя России №1039/пр от 30.12.2016г. | BM31: 700004 | BN31: 0 | BP31: 0 | BQ31: 19 | BR31: 0 | BS31: 1 | BT31: 1 | BU31: 1 | BV31: 1 | BW31: 1 | BX31: 1 | BZ31: 0 | CA31: 0 | CE31: 0 | CF31: 0 | CG31: 0 | CM31: 0 | CO31: 0 | CP31: =AB31*AZ31 -> 288.3958 | CQ31: 0 | CR31: 0 | CS31: 0 | CT31: 0 | CU31: 0 | CV31: 0 | CW31: 0 | CX31: 0 | CY31: 0 | CZ31: 0 | DN31: 0 | DO31: 0 | DP31: 1 | DQ31: 1 | DU31: 1013 | DV31: 1 Т ГРУЗА | DW31: 1 Т ГРУЗА | DX31: 1 | EE31: 27029211 | EF31: 19 | EG31: Погрузочно-разгрузочные работы | EH31: 0 | EJ31: 1 | EK31: 700004 | EL31: Перевозка грузов , (ФССЦпр 2011-изм. № 4-6, раздел 1): погрузочно-разгрузочные работы (НР и СП в прям. затратах ) | EM31: ФССЦпр пог. а/п (2011,изм. 4-6) | EQ31: 0 | ER31: 0 | ES31: 0 | ET31: 0 | EU31: 0 | EV31: 0 | EW31: 0 | EX31: 0 | EY31: 0 | FQ31: 0 | FR31: =ROUND(IF(AND(BH31=3,BI31=3),P31,0),2) -> 0 | FS31: 0 | FX31: 0 | FY31: 0 | GD31: 0 | GF31: 68385352 | GG31: 1 | GH31: 1 | GI31: 4 | GJ31: 2 | GK31: =ROUND(R31*(S12)/100,2) -> 0 | GL31: =ROUND(IF(AND(BH31=3,BI31=3,FS31<>0),P31,0),2) -> 0 | GM31: =ROUND(CP31*I31,2) -> 432.59 | GN31: =IF(OR(BI31=0,BI31=1),ROUND(CP31*I31,2),0) -> 432.59 | GO31: =IF(BI31=2,ROUND(CP31*I31,2),0) -> 0 | GP31: =IF(BI31=4,ROUND(CP31*I31,2)+GX31,0) -> 0 | GR31: 0 | GS31: 3 | GT31: 0 | GV31: =0 -> 0 | GW31: 1 | GX31: =0 -> 0 | HA31: 0 | HB31: 0 | HC31: 0 | IK31: 0
A32: 17 | B32: 1 | E32: 4 | F32: т03-21-01-025 | G32: Перевозка грузов I класса автомобилями-самосвалами грузоподъемностью 10 т работающих вне карьера на расстояние до 25 км | H32: 1 Т ГРУЗА | I32: =ROUND(1.49998,9) -> 1.49998 | J32: 0 | O32: =0 -> 0 | P32: =0 -> 0 | Q32: =0 -> 0 | R32: =0 -> 0 | S32: =0 -> 0 | T32: =0 -> 0 | U32: =0 -> 0 | V32: =0 -> 0 | ... Y32: =0 -> 0 | AA32: 28045047 | AB32: =ROUND((AK32),2) -> 17.32 | AC32: =0 -> 0 | AD32: =0 -> 0 | AE32: =0 -> 0 | AF32: =0 -> 0 | AG32: =0 -> 0 | AH32: =0 -> 0 | AI32: =0 -> 0 | AJ32: =0 -> 0 | AK32: 17.32 | AL32: 0 | AM32: 0 | AN32: 0 | AO32: 0 | AP32: 0 | AQ32: 0 | AR32: 0 | AS32: 0 | AT32: 0 | AU32: 0 | AV32: 1 | AW32: 1 | AZ32: 1 | BA32: 1 | BB32: 1 | BC32: 1 | BH32: 0 | BI32: 1 | BJ32: ФССЦпг-2001, т03-21-01-025, приказ Минстроя России №1039/пр от 30.12.2016г. | BM32: 700005 | BN32: 0 | BP32: 0 | BQ32: 10 | BR32: 0 | BS32: 1 | BT32: 1 | BU32: 1 | BV32: 1 | BW32: 1 | BX32: 1 | BZ32: 0 | CA32: 0 | CE32: 0 | CF32: 0 | CG32: 0 | CM32: 0 | CO32: 0 | CP32: =AB32*AZ32 -> 17.32 | CQ32: 0 | CR32: 0 | CS32: 0 | CT32: 0 | CU32: 0 | CV32: 0 | CW32: 0 | CX32: 0 | CY32: 0 | CZ32: 0 | DN32: 0 | DO32: 0 | DP32: 1 | DQ32: 1 | DU32: 1013 | DV32: 1 Т ГРУЗА | DW32: 1 Т ГРУЗА | DX32: 1 | EE32: 27029215 | EF32: 10 | EG32: Перевозка грузов авто/транспортом | EH32: 0 | EJ32: 1 | EK32: 700005 | EL32: Перевозкуа грузов (ФССЦпр-2011 - изм. 7, разделы 1-4) - по сметной стоимости | EM32: ФССЦпр , изм. 7 | EQ32: 0 | ER32: 0 | ES32: 0 | ET32: 0 | EU32: 0 | EV32: 0 | EW32: 0 | EX32: 0 | EY32: 0 | FQ32: 0 | FR32: =ROUND(IF(AND(BH32=3,BI32=3),P32,0),2) -> 0 | FS32: 0 | FX32: 0 | FY32: 0 | GD32: 0 | GF32: 1719553039 | GG32: 2 | GH32: 1 | GI32: -2 | GJ32: 2 | GK32: =ROUND(R32*(R12)/100,2) -> 0 | GL32: =ROUND(IF(AND(BH32=3,BI32=3,FS32<>0),P32,0),2) -> 0 | GM32: =ROUND(CP32*I32,2) -> 25.98 | GN32: =IF(OR(BI32=0,BI32=1),ROUND(CP32*I32,2),0) -> 25.98 | GO32: =IF(BI32=2,ROUND(CP32*I32,2),0) -> 0 | GP32: =IF(BI32=4,ROUND(CP32*I32,2)+GX32,0) -> 0 | GR32: 0 | GS32: 3 | GT32: 0 | GV32: =0 -> 0 | GW32: 1 | GX32: =0 -> 0 | HA32: 0 | HB32: 0 | HC32: 0 | IK32: 0
A33: 17 | B33: 1 | E33: 4 | F33: т03-21-01-025 | G33: Перевозка грузов I класса автомобилями-самосвалами грузоподъемностью 10 т работающих вне карьера на расстояние до 25 км | H33: 1 Т ГРУЗА | I33: =ROUND(1.49998,9) -> 1.49998 | J33: 0 | O33: =0 -> 0 | P33: =0 -> 0 | Q33: =0 -> 0 | R33: =0 -> 0 | S33: =0 -> 0 | T33: =0 -> 0 | U33: =0 -> 0 | V33: =0 -> 0 | ... Y33: =0 -> 0 | AA33: 28045061 | AB33: =ROUND((AK33),2) -> 17.32 | AC33: =0 -> 0 | AD33: =0 -> 0 | AE33: =0 -> 0 | AF33: =0 -> 0 | AG33: =0 -> 0 | AH33: =0 -> 0 | AI33: =0 -> 0 | AJ33: =0 -> 0 | AK33: 17.32 | AL33: 0 | AM33: 0 | AN33: 0 | AO33: 0 | AP33: 0 | AQ33: 0 | AR33: 0 | AS33: 0 | AT33: 0 | AU33: 0 | AV33: 1 | AW33: 1 | AZ33: 6.71 | BA33: 1 | BB33: 1 | BC33: 1 | BH33: 0 | BI33: 1 | BJ33: ФССЦпг-2001, т03-21-01-025, приказ Минстроя России №1039/пр от 30.12.2016г. | BM33: 700005 | BN33: 0 | BP33: 0 | BQ33: 10 | BR33: 0 | BS33: 1 | BT33: 1 | BU33: 1 | BV33: 1 | BW33: 1 | BX33: 1 | BZ33: 0 | CA33: 0 | CE33: 0 | CF33: 0 | CG33: 0 | CM33: 0 | CO33: 0 | CP33: =AB33*AZ33 -> 116.2172 | CQ33: 0 | CR33: 0 | CS33: 0 | CT33: 0 | CU33: 0 | CV33: 0 | CW33: 0 | CX33: 0 | CY33: 0 | CZ33: 0 | DN33: 0 | DO33: 0 | DP33: 1 | DQ33: 1 | DU33: 1013 | DV33: 1 Т ГРУЗА | DW33: 1 Т ГРУЗА | DX33: 1 | EE33: 27029215 | EF33: 10 | EG33: Перевозка грузов авто/транспортом | EH33: 0 | EJ33: 1 | EK33: 700005 | EL33: Перевозкуа грузов (ФССЦпр-2011 - изм. 7, разделы 1-4) - по сметной стоимости | EM33: ФССЦпр , изм. 7 | EQ33: 0 | ER33: 0 | ES33: 0 | ET33: 0 | EU33: 0 | EV33: 0 | EW33: 0 | EX33: 0 | EY33: 0 | FQ33: 0 | FR33: =ROUND(IF(AND(BH33=3,BI33=3),P33,0),2) -> 0 | FS33: 0 | FX33: 0 | FY33: 0 | GD33: 0 | GF33: 1719553039 | GG33: 1 | GH33: 1 | GI33: 4 | GJ33: 2 | GK33: =ROUND(R33*(S12)/100,2) -> 0 | GL33: =ROUND(IF(AND(BH33=3,BI33=3,FS33<>0),P33,0),2) -> 0 | GM33: =ROUND(CP33*I33,2) -> 174.32 | GN33: =IF(OR(BI33=0,BI33=1),ROUND(CP33*I33,2),0) -> 174.32 | GO33: =IF(BI33=2,ROUND(CP33*I33,2),0) -> 0 | GP33: =IF(BI33=4,ROUND(CP33*I33,2)+GX33,0) -> 0 | GR33: 0 | GS33: 3 | GT33: 0 | GV33: =0 -> 0 | GW33: 1 | GX33: =0 -> 0 | HA33: 0 | HB33: 0 | HC33: 0 | IK33: 0
A34: 17 | B34: 1 | C34: =ROW(SmtRes!A29) -> 29 | D34: =ROW(EtalonRes!A27) -> 27 | E34: 5 | F34: м07-04-001-02 | G34: Агрегат насосный лопастный центробежный одноступенчатый, многоступенчатый объемный, вихревой, поршневой, приводной, роторный на общей фундаментной плите или моноблочный, масса 0,17 т | H34: ШТ | I34: 2 | J34: 0 | O34: =ROUND(CP34,2) -> 1189.56 | P34: =ROUND(CQ34*I34,2) -> 503.44 | Q34: =ROUND(CR34*I34,2) -> 95.8 | R34: =ROUND(CS34*I34,2) -> 5.02 | S34: =ROUND(CT34*I34,2) -> 590.32 | T34: =ROUND(CU34*I34,2) -> 0 | U34: =CV34*I34 -> 62.8 | V34: =CW34*I34 -> 0.4 | W34: =ROUND(CX34*I34,2) -> 0 | X34: =ROUND(CY34,2) -> 476.27 | Y34: =ROUND(CZ34,2) -> 357.2 | AA34: 28045047 | AB34: =ROUND((AC34+AD34+AF34),2) -> 594.78 | AC34: =ROUND((ES34),2) -> 251.72 | AD34: =ROUND((((ET34)-(EU34))+AE34),2) -> 47.9 | AE34: =ROUND((EU34),2) -> 2.51 | AF34: =ROUND((EV34),2) -> 295.16 | AG34: =ROUND((AP34),2) -> 0 | AH34: =(EW34) -> 31.4 | AI34: =(EX34) -> 0.2 | AJ34: =(AS34) -> 0 | AK34: 594.78 | AL34: 251.72 | AM34: 47.9 | AN34: 2.51 | AO34: 295.16 | AP34: 0 | AQ34: 31.4 | AR34: 0.2 | AS34: 0 | AT34: 80 | AU34: 60 | AV34: 1 | AW34: 1 | AZ34: 1 | BA34: 1 | BB34: 1 | BC34: 1 | BH34: 0 | BI34: 2 | BJ34: ФЕРм-2001, м07-04-001-02, приказ Минстроя России №1039/пр от 30.12.2016г. | BM34: 107001 | BN34: 0 | BP34: 0 | BQ34: 3 | BR34: 0 | BS34: 1 | BT34: 1 | BU34: 1 | BV34: 1 | BW34: 1 | BX34: 1 | BZ34: 80 | CA34: 60 | CE34: 0 | CF34: 0 | CG34: 0 | CM34: 0 | CO34: 0 | CP34: =(P34+Q34+S34) -> 1189.56 | CQ34: =AC34*BC34 -> 251.72 | CR34: =AD34*BB34 -> 47.9 | CS34: =AE34*BS34 -> 2.51 | CT34: =AF34*BA34 -> 295.16 | CU34: =AG34 -> 0 | CV34: =AH34 -> 31.4 | CW34: =AI34 -> 0.2 | CX34: =AJ34 -> 0 | CY34: =(((S34+R34)*AT34)/100) -> 476.272 | CZ34: =(((S34+R34)*AU34)/100) -> 357.204 | DN34: 0 | DO34: 0 | DP34: 1 | DQ34: 1 | DU34: 1013 | DV34: ШТ | DW34: ШТ | DX34: 1 | EE34: 27028905 | EF34: 3 | EG34: Монтажные работы | EH34: 0 | EJ34: 2 | EK34: 107001 | EL34: Компрессорное оборудование | EM34: мФЕР-07 | EQ34: 0 | ER34: 594.78 | ES34: 251.72 | ET34: 47.9 | EU34: 2.51 | EV34: 295.16 | EW34: 31.4 | EX34: 0.2 | EY34: 0 | FQ34: 0 | FR34: =ROUND(IF(AND(BH34=3,BI34=3),P34,0),2) -> 0 | FS34: 0 | FX34: 80 | FY34: 60 | GD34: 0 | GF34: -376680968 | GG34: 2 | GH34: 1 | GI34: -2 | GJ34: 0 | GK34: =ROUND(R34*(R12)/100,2) -> 0 | GL34: =ROUND(IF(AND(BH34=3,BI34=3,FS34<>0),P34,0),2) -> 0 | GM34: =ROUND(O34+X34+Y34+GK34,2)+GX34 -> 2023.03 | GN34: =IF(OR(BI34=0,BI34=1),ROUND(O34+X34+Y34+GK34,2),0) -> 0 | GO34: =IF(BI34=2,ROUND(O34+X34+Y34+GK34,2),0) -> 2023.03 | GP34: =IF(BI34=4,ROUND(O34+X34+Y34+GK34,2)+GX34,0) -> 0 | GR34: 0 | GS34: 3 | GT34: 0 | GV34: =ROUND((GT34),2) -> 0 | GW34: 1 | GX34: =ROUND(HC34*I34,2) -> 0 | HA34: 0 | HB34: 0 | HC34: =GV34*GW34 -> 0 | IK34: 0
A35: 17 | B35: 1 | C35: =ROW(SmtRes!A44) -> 44 | D35: =ROW(EtalonRes!A40) -> 40 | E35: 5 | F35: м07-04-001-02 | G35: Агрегат насосный лопастный центробежный одноступенчатый, многоступенчатый объемный, вихревой, поршневой, приводной, роторный на общей фундаментной плите или моноблочный, масса 0,17 т | H35: ШТ | I35: 2 | J35: 0 | O35: =ROUND(CP35,2) -> 7981.95 | P35: =ROUND(CQ35*I35,2) -> 3378.08 | Q35: =ROUND(CR35*I35,2) -> 642.82 | R35: =ROUND(CS35*I35,2) -> 33.68 | S35: =ROUND(CT35*I35,2) -> 3961.05 | T35: =ROUND(CU35*I35,2) -> 0 | U35: =CV35*I35 -> 62.8 | V35: =CW35*I35 -> 0.4 | W35: =ROUND(CX35*I35,2) -> 0 | X35: =ROUND(CY35,2) -> 3195.78 | Y35: =ROUND(CZ35,2) -> 2396.84 | AA35: 28045061 | AB35: =ROUND((AC35+AD35+AF35),2) -> 594.78 | AC35: =ROUND((ES35),2) -> 251.72 | AD35: =ROUND((((ET35)-(EU35))+AE35),2) -> 47.9 | AE35: =ROUND((EU35),2) -> 2.51 | AF35: =ROUND((EV35),2) -> 295.16 | AG35: =ROUND((AP35),2) -> 0 | AH35: =(EW35) -> 31.4 | AI35: =(EX35) -> 0.2 | AJ35: =(AS35) -> 0 | AK35: 594.78 | AL35: 251.72 | AM35: 47.9 | AN35: 2.51 | AO35: 295.16 | AP35: 0 | AQ35: 31.4 | AR35: 0.2 | AS35: 0 | AT35: 80 | AU35: 60 | AV35: 1 | AW35: 1 | AZ35: 6.71 | BA35: 6.71 | BB35: 6.71 | BC35: 6.71 | BH35: 0 | BI35: 2 | BJ35: ФЕРм-2001, м07-04-001-02, приказ Минстроя России №1039/пр от 30.12.2016г. | BM35: 107001 | BN35: 0 | BP35: 0 | BQ35: 3 | BR35: 0 | BS35: 6.71 | BT35: 1 | BU35: 1 | BV35: 1 | BW35: 1 | BX35: 1 | BZ35: 80 | CA35: 60 | CE35: 0 | CF35: 0 | CG35: 0 | CM35: 0 | CO35: 0 | CP35: =(P35+Q35+S35) -> 7981.95 | CQ35: =AC35*BC35 -> 1689.0412 | CR35: =AD35*BB35 -> 321.409 | CS35: =AE35*BS35 -> 16.8421 | CT35: =AF35*BA35 -> 1980.5236 | CU35: =AG35 -> 0 | CV35: =AH35 -> 31.4 | CW35: =AI35 -> 0.2 | CX35: =AJ35 -> 0 | CY35: =(((S35+R35)*AT35)/100) -> 3195.784 | CZ35: =(((S35+R35)*AU35)/100) -> 2396.838 | DN35: 0 | DO35: 0 | DP35: 1 | DQ35: 1 | DU35: 1013 | DV35: ШТ | DW35: ШТ | DX35: 1 | EE35: 27028905 | EF35: 3 | EG35: Монтажные работы | EH35: 0 | EJ35: 2 | EK35: 107001 | EL35: Компрессорное оборудование | EM35: мФЕР-07 | EQ35: 0 | ER35: 594.78 | ES35: 251.72 | ET35: 47.9 | EU35: 2.51 | EV35: 295.16 | EW35: 31.4 | EX35: 0.2 | EY35: 0 | FQ35: 0 | FR35: =ROUND(IF(AND(BH35=3,BI35=3),P35,0),2) -> 0 | FS35: 0 | FX35: 80 | FY35: 60 | GD35: 0 | GF35: -376680968 | GG35: 1 | GH35: 1 | GI35: 4 | GJ35: 0 | GK35: =ROUND(R35*(S12)/100,2) -> 0 | GL35: =ROUND(IF(AND(BH35=3,BI35=3,FS35<>0),P35,0),2) -> 0 | GM35: =ROUND(O35+X35+Y35+GK35,2)+GX35 -> 13574.57 | GN35: =IF(OR(BI35=0,BI35=1),ROUND(O35+X35+Y35+GK35,2),0) -> 0 | GO35: =IF(BI35=2,ROUND(O35+X35+Y35+GK35,2),0) -> 13574.57 | GP35: =IF(BI35=4,ROUND(O35+X35+Y35+GK35,2)+GX35,0) -> 0 | GR35: 0 | GS35: 3 | GT35: 0 | GV35: =ROUND((GT35),2) -> 0 | GW35: 1 | GX35: =ROUND(HC35*I35,2) -> 0 | HA35: 0 | HB35: 0 | HC35: =GV35*GW35 -> 0 | IK35: 0
A36: 18 | B36: 1 | C36: 28 | E36: 5,1 | F36: Цена поставщика | G36: Установка повышения давления COR-2MVIS806/SKw-EB-R | H36: шт. | I36: =I34*J36 -> 1 | J36: 0.5 | O36: =ROUND(CP36,2) -> 51852.48 | P36: =ROUND(CQ36*I36,2) -> 51852.48 | Q36: =ROUND(CR36*I36,2) -> 0 | R36: =ROUND(CS36*I36,2) -> 0 | S36: =ROUND(CT36*I36,2) -> 0 | T36: =ROUND(CU36*I36,2) -> 0 | U36: =CV36*I36 -> 0 | V36: =CW36*I36 -> 0 | W36: =ROUND(CX36*I36,2) -> 0 | X36: =ROUND(CY36,2) -> 0 | Y36: =ROUND(CZ36,2) -> 0 | AA36: 28045047 | AB36: =ROUND((AC36+AD36+AF36),2) -> 51852.48 | AC36: =ROUND((ES36),2) -> 51852.48 | AD36: =ROUND((((ET36)-(EU36))+AE36),2) -> 0 | AE36: =ROUND((EU36),2) -> 0 | AF36: =ROUND((EV36),2) -> 0 | AG36: =ROUND((AP36),2) -> 0 | AH36: =(EW36) -> 0 | AI36: =(EX36) -> 0 | AJ36: =(AS36) -> 0 | AK36: 51852.48 | AL36: 51852.48 | AM36: 0 | AN36: 0 | AO36: 0 | AP36: 0 | AQ36: 0 | AR36: 0 | AS36: 0 | AT36: 80 | AU36: 60 | AV36: 1 | AW36: 1 | AZ36: 1 | BA36: 1 | BB36: 1 | BC36: 1 | BH36: 3 | BI36: 2 | BM36: 107001 | BN36: 0 | BP36: 0 | BQ36: 3 | BR36: 0 | BS36: 1 | BT36: 1 | BU36: 1 | BV36: 1 | BW36: 1 | BX36: 1 | BZ36: 80 | CA36: 60 | CE36: 0 | CF36: 0 | CG36: 0 | CM36: 0 | CO36: 0 | CP36: =(P36+Q36+S36) -> 51852.48 | CQ36: =AC36*BC36 -> 51852.48 | CR36: =AD36*BB36 -> 0 | CS36: =AE36*BS36 -> 0 | CT36: =AF36*BA36 -> 0 | CU36: =AG36 -> 0 | CV36: =AH36 -> 0 | CW36: =AI36 -> 0 | CX36: =AJ36 -> 0 | CY36: =(((S36+R36)*AT36)/100) -> 0 | CZ36: =(((S36+R36)*AU36)/100) -> 0 | DN36: 0 | DO36: 0 | DP36: 1 | DQ36: 1 | DU36: 1010 | DV36: шт. | DW36: шт. | DX36: 1 | EE36: 27028905 | EF36: 3 | EG36: Монтажные работы | EH36: 0 | EJ36: 2 | EK36: 107001 | EL36: Компрессорное оборудование | EM36: мФЕР-07 | EQ36: 0 | ER36: 51852.48 | ES36: 51852.48 | ET36: 0 | EU36: 0 | EV36: 0 | EW36: 0 | EX36: 0 | FQ36: 0 | FR36: =ROUND(IF(AND(BH36=3,BI36=3),P36,0),2) -> 0 | FS36: 0 | FX36: 80 | FY36: 60 | GA36: занесена вручную | GD36: 0 | GF36: -1076961694 | GG36: 2 | GH36: 0 | GI36: -2 | GJ36: 0 | GK36: =ROUND(R36*(R12)/100,2) -> 0 | GL36: =ROUND(IF(AND(BH36=3,BI36=3,FS36<>0),P36,0),2) -> 0 | GM36: =ROUND(O36+X36+Y36+GK36,2)+GX36 -> 51852.48 | GN36: =IF(OR(BI36=0,BI36=1),ROUND(O36+X36+Y36+GK36,2),0) -> 0 | GO36: =IF(BI36=2,ROUND(O36+X36+Y36+GK36,2),0) -> 51852.48 | GP36: =IF(BI36=4,ROUND(O36+X36+Y36+GK36,2)+GX36,0) -> 0 | GR36: 0 | GS36: 4 | GT36: 0 | GV36: =ROUND((GT36),2) -> 0 | GW36: 1 | GX36: =ROUND(HC36*I36,2) -> 0 | HA36: 0 | HB36: 0 | HC36: =GV36*GW36 -> 0 | IK36: 0
A37: 18 | B37: 1 | C37: 43 | E37: 5,1 | F37: Цена поставщика | G37: Установка повышения давления COR-2MVIS806/SKw-EB-R | H37: шт. | I37: =I35*J37 -> 1 | J37: 0.5 | O37: =ROUND(CP37,2) -> 347930.14 | P37: =ROUND(CQ37*I37,2) -> 347930.14 | Q37: =ROUND(CR37*I37,2) -> 0 | R37: =ROUND(CS37*I37,2) -> 0 | S37: =ROUND(CT37*I37,2) -> 0 | T37: =ROUND(CU37*I37,2) -> 0 | U37: =CV37*I37 -> 0 | V37: =CW37*I37 -> 0 | W37: =ROUND(CX37*I37,2) -> 0 | X37: =ROUND(CY37,2) -> 0 | Y37: =ROUND(CZ37,2) -> 0 | AA37: 28045061 | AB37: =ROUND((AC37+AD37+AF37),2) -> 51852.48 | AC37: =ROUND((ES37),2) -> 51852.48 | AD37: =ROUND((((ET37)-(EU37))+AE37),2) -> 0 | AE37: =ROUND((EU37),2) -> 0 | AF37: =ROUND((EV37),2) -> 0 | AG37: =ROUND((AP37),2) -> 0 | AH37: =(EW37) -> 0 | AI37: =(EX37) -> 0 | AJ37: =(AS37) -> 0 | AK37: 51852.48 | AL37: 51852.48 | AM37: 0 | AN37: 0 | AO37: 0 | AP37: 0 | AQ37: 0 | AR37: 0 | AS37: 0 | AT37: 80 | AU37: 60 | AV37: 1 | AW37: 1 | AZ37: 6.71 | BA37: 1 | BB37: 1 | BC37: 6.71 | BH37: 3 | BI37: 2 | BM37: 107001 | BN37: 0 | BP37: 0 | BQ37: 3 | BR37: 0 | BS37: 1 | BT37: 1 | BU37: 1 | BV37: 1 | BW37: 1 | BX37: 1 | BZ37: 80 | CA37: 60 | CE37: 0 | CF37: 0 | CG37: 0 | CM37: 0 | CO37: 0 | CP37: =(P37+Q37+S37) -> 347930.14 | CQ37: =AC37*BC37 -> 347930.14 | CR37: =AD37*BB37 -> 0 | CS37: =AE37*BS37 -> 0 | CT37: =AF37*BA37 -> 0 | CU37: =AG37 -> 0 | CV37: =AH37 -> 0 | CW37: =AI37 -> 0 | CX37: =AJ37 -> 0 | CY37: =(((S37+R37)*AT37)/100) -> 0 | CZ37: =(((S37+R37)*AU37)/100) -> 0 | DN37: 0 | DO37: 0 | DP37: 1 | DQ37: 1 | DU37: 1010 | DV37: шт. | DW37: шт. | DX37: 1 | EE37: 27028905 | EF37: 3 | EG37: Монтажные работы | EH37: 0 | EJ37: 2 | EK37: 107001 | EL37: Компрессорное оборудование | EM37: мФЕР-07 | EQ37: 0 | ER37: 51852.48 | ES37: 51852.48 | ET37: 0 | EU37: 0 | EV37: 0 | EW37: 0 | EX37: 0 | EZ37: 5 | FC37: 0 | FD37: 18 | FF37: 347930.15 | FQ37: 0 | FR37: =ROUND(IF(AND(BH37=3,BI37=3),P37,0),2) -> 0 | FS37: 0 | FX37: 80 | FY37: 60 | GA37: [347 930,15 / 6,71] | GD37: 0 | GF37: -1076961694 | GG37: 1 | GH37: 3 | GI37: 4 | GJ37: 0 | GK37: =ROUND(R37*(S12)/100,2) -> 0 | GL37: =ROUND(IF(AND(BH37=3,BI37=3,FS37<>0),P37,0),2) -> 0 | GM37: =ROUND(O37+X37+Y37+GK37,2)+GX37 -> 347930.14 | GN37: =IF(OR(BI37=0,BI37=1),ROUND(O37+X37+Y37+GK37,2),0) -> 0 | GO37: =IF(BI37=2,ROUND(O37+X37+Y37+GK37,2),0) -> 347930.14 | GP37: =IF(BI37=4,ROUND(O37+X37+Y37+GK37,2)+GX37,0) -> 0 | GR37: 1 | GS37: 1 | GT37: 0 | GV37: =ROUND((GT37),2) -> 0 | GW37: 1 | GX37: =ROUND(HC37*I37,2) -> 0 | HA37: 0 | HB37: 0 | HC37: =GV37*GW37 -> 0 | IK37: 0
A38: 18 | B38: 1 | C38: 29 | E38: 5,2 | F38: Цена поставщика | G38: Установка водяного пожаротушения СО-2 Helix V 5204-2-SK-FFS-R | H38: шт. | I38: =I34*J38 -> 1 | J38: 0.5 | O38: =ROUND(CP38,2) -> 136642.2 | P38: =ROUND(CQ38*I38,2) -> 136642.2 | Q38: =ROUND(CR38*I38,2) -> 0 | R38: =ROUND(CS38*I38,2) -> 0 | S38: =ROUND(CT38*I38,2) -> 0 | T38: =ROUND(CU38*I38,2) -> 0 | U38: =CV38*I38 -> 0 | V38: =CW38*I38 -> 0 | W38: =ROUND(CX38*I38,2) -> 0 | X38: =ROUND(CY38,2) -> 0 | Y38: =ROUND(CZ38,2) -> 0 | AA38: 28045047 | AB38: =ROUND((AC38+AD38+AF38),2) -> 136642.2 | AC38: =ROUND((ES38),2) -> 136642.2 | AD38: =ROUND((((ET38)-(EU38))+AE38),2) -> 0 | AE38: =ROUND((EU38),2) -> 0 | AF38: =ROUND((EV38),2) -> 0 | AG38: =ROUND((AP38),2) -> 0 | AH38: =(EW38) -> 0 | AI38: =(EX38) -> 0 | AJ38: =(AS38) -> 0 | AK38: 136642.2 | AL38: 136642.2 | AM38: 0 | AN38: 0 | AO38: 0 | AP38: 0 | AQ38: 0 | AR38: 0 | AS38: 0 | AT38: 80 | AU38: 60 | AV38: 1 | AW38: 1 | AZ38: 1 | BA38: 1 | BB38: 1 | BC38: 1 | BH38: 3 | BI38: 2 | BM38: 107001 | BN38: 0 | BP38: 0 | BQ38: 3 | BR38: 0 | BS38: 1 | BT38: 1 | BU38: 1 | BV38: 1 | BW38: 1 | BX38: 1 | BZ38: 80 | CA38: 60 | CE38: 0 | CF38: 0 | CG38: 0 | CM38: 0 | CO38: 0 | CP38: =(P38+Q38+S38) -> 136642.2 | CQ38: =AC38*BC38 -> 136642.2 | CR38: =AD38*BB38 -> 0 | CS38: =AE38*BS38 -> 0 | CT38: =AF38*BA38 -> 0 | CU38: =AG38 -> 0 | CV38: =AH38 -> 0 | CW38: =AI38 -> 0 | CX38: =AJ38 -> 0 | CY38: =(((S38+R38)*AT38)/100) -> 0 | CZ38: =(((S38+R38)*AU38)/100) -> 0 | DN38: 0 | DO38: 0 | DP38: 1 | DQ38: 1 | DU38: 1010 | DV38: шт. | DW38: шт. | DX38: 1 | EE38: 27028905 | EF38: 3 | EG38: Монтажные работы | EH38: 0 | EJ38: 2 | EK38: 107001 | EL38: Компрессорное оборудование | EM38: мФЕР-07 | EQ38: 0 | ER38: 136642.2 | ES38: 136642.2 | ET38: 0 | EU38: 0 | EV38: 0 | EW38: 0 | EX38: 0 | FQ38: 0 | FR38: =ROUND(IF(AND(BH38=3,BI38=3),P38,0),2) -> 0 | FS38: 0 | FX38: 80 | FY38: 60 | GA38: занесена вручную | GD38: 0 | GF38: -1355966971 | GG38: 2 | GH38: 0 | GI38: -2 | GJ38: 0 | GK38: =ROUND(R38*(R12)/100,2) -> 0 | GL38: =ROUND(IF(AND(BH38=3,BI38=3,FS38<>0),P38,0),2) -> 0 | GM38: =ROUND(O38+X38+Y38+GK38,2)+GX38 -> 136642.2 | GN38: =IF(OR(BI38=0,BI38=1),ROUND(O38+X38+Y38+GK38,2),0) -> 0 | GO38: =IF(BI38=2,ROUND(O38+X38+Y38+GK38,2),0) -> 136642.2 | GP38: =IF(BI38=4,ROUND(O38+X38+Y38+GK38,2)+GX38,0) -> 0 | GR38: 0 | GS38: 4 | GT38: 0 | GV38: =ROUND((GT38),2) -> 0 | GW38: 1 | GX38: =ROUND(HC38*I38,2) -> 0 | HA38: 0 | HB38: 0 | HC38: =GV38*GW38 -> 0 | IK38: 0
A39: 18 | B39: 1 | C39: 44 | E39: 5,2 | F39: Цена поставщика | G39: Установка водяного пожаротушения СО-2 Helix V 5204-2-SK-FFS-R | H39: шт. | I39: =I35*J39 -> 1 | J39: 0.5 | O39: =ROUND(CP39,2) -> 916869.16 | P39: =ROUND(CQ39*I39,2) -> 916869.16 | Q39: =ROUND(CR39*I39,2) -> 0 | R39: =ROUND(CS39*I39,2) -> 0 | S39: =ROUND(CT39*I39,2) -> 0 | T39: =ROUND(CU39*I39,2) -> 0 | U39: =CV39*I39 -> 0 | V39: =CW39*I39 -> 0 | W39: =ROUND(CX39*I39,2) -> 0 | X39: =ROUND(CY39,2) -> 0 | Y39: =ROUND(CZ39,2) -> 0 | AA39: 28045061 | AB39: =ROUND((AC39+AD39+AF39),2) -> 136642.2 | AC39: =ROUND((ES39),2) -> 136642.2 | AD39: =ROUND((((ET39)-(EU39))+AE39),2) -> 0 | AE39: =ROUND((EU39),2) -> 0 | AF39: =ROUND((EV39),2) -> 0 | AG39: =ROUND((AP39),2) -> 0 | AH39: =(EW39) -> 0 | AI39: =(EX39) -> 0 | AJ39: =(AS39) -> 0 | AK39: 136642.2 | AL39: 136642.2 | AM39: 0 | AN39: 0 | AO39: 0 | AP39: 0 | AQ39: 0 | AR39: 0 | AS39: 0 | AT39: 80 | AU39: 60 | AV39: 1 | AW39: 1 | AZ39: 6.71 | BA39: 1 | BB39: 1 | BC39: 6.71 | BH39: 3 | BI39: 2 | BM39: 107001 | BN39: 0 | BP39: 0 | BQ39: 3 | BR39: 0 | BS39: 1 | BT39: 1 | BU39: 1 | BV39: 1 | BW39: 1 | BX39: 1 | BZ39: 80 | CA39: 60 | CE39: 0 | CF39: 0 | CG39: 0 | CM39: 0 | CO39: 0 | CP39: =(P39+Q39+S39) -> 916869.16 | CQ39: =AC39*BC39 -> 916869.16 | CR39: =AD39*BB39 -> 0 | CS39: =AE39*BS39 -> 0 | CT39: =AF39*BA39 -> 0 | CU39: =AG39 -> 0 | CV39: =AH39 -> 0 | CW39: =AI39 -> 0 | CX39: =AJ39 -> 0 | CY39: =(((S39+R39)*AT39)/100) -> 0 | CZ39: =(((S39+R39)*AU39)/100) -> 0 | DN39: 0 | DO39: 0 | DP39: 1 | DQ39: 1 | DU39: 1010 | DV39: шт. | DW39: шт. | DX39: 1 | EE39: 27028905 | EF39: 3 | EG39: Монтажные работы | EH39: 0 | EJ39: 2 | EK39: 107001 | EL39: Компрессорное оборудование | EM39: мФЕР-07 | EQ39: 0 | ER39: 136642.2 | ES39: 136642.2 | ET39: 0 | EU39: 0 | EV39: 0 | EW39: 0 | EX39: 0 | EZ39: 5 | FC39: 0 | FD39: 18 | FF39: 916869.15 | FQ39: 0 | FR39: =ROUND(IF(AND(BH39=3,BI39=3),P39,0),2) -> 0 | FS39: 0 | FX39: 80 | FY39: 60 | GA39: [916 869,15 / 6,71] | GD39: 0 | GF39: -1355966971 | GG39: 1 | GH39: 3 | GI39: 4 | GJ39: 0 | GK39: =ROUND(R39*(S12)/100,2) -> 0 | GL39: =ROUND(IF(AND(BH39=3,BI39=3,FS39<>0),P39,0),2) -> 0 | GM39: =ROUND(O39+X39+Y39+GK39,2)+GX39 -> 916869.16 | GN39: =IF(OR(BI39=0,BI39=1),ROUND(O39+X39+Y39+GK39,2),0) -> 0 | GO39: =IF(BI39=2,ROUND(O39+X39+Y39+GK39,2),0) -> 916869.16 | GP39: =IF(BI39=4,ROUND(O39+X39+Y39+GK39,2)+GX39,0) -> 0 | GR39: 1 | GS39: 1 | GT39: 0 | GV39: =ROUND((GT39),2) -> 0 | GW39: 1 | GX39: =ROUND(HC39*I39,2) -> 0 | HA39: 0 | HB39: 0 | HC39: =GV39*GW39 -> 0 | IK39: 0
A40: 17 | B40: 1 | C40: =ROW(SmtRes!A65) -> 65 | D40: =ROW(EtalonRes!A60) -> 60 | E40: 6 | F40: 06-01-006-03 | G40: Устройство фундаментов под оборудование прим. | H40: 100 м3 | I40: =ROUND(4/100,9) -> 0.04 | J40: 0 | O40: =ROUND(CP40,2) -> 2903.55 | P40: =ROUND(CQ40*I40,2) -> 2658.62 | Q40: =ROUND(CR40*I40,2) -> 136.24 | R40: =ROUND(CS40*I40,2) -> 9.71 | S40: =ROUND(CT40*I40,2) -> 108.69 | T40: =ROUND(CU40*I40,2) -> 0 | U40: =CV40*I40 -> 12.26728 | V40: =CW40*I40 -> 0.7445 | W40: =ROUND(CX40*I40,2) -> 0 | X40: =ROUND(CY40,2) -> 112.48 | Y40: =ROUND(CZ40,2) -> 65.12 | AA40: 28045047 | AB40: =ROUND((AC40+AD40+AF40),2) -> 72588.8 | AC40: =ROUND((ES40),2) -> 66465.52 | AD40: =ROUND(((((ET40*1.25))-((EU40*1.25)))+AE40),2) -> 3406.08 | AE40: =ROUND(((EU40*1.25)),2) -> 242.63 | AF40: =ROUND(((EV40*1.15)),2) -> 2717.2 | AG40: =ROUND((AP40),2) -> 0 | AH40: =((EW40*1.15)) -> 306.682 | AI40: =((EX40*1.25)) -> 18.6125 | AJ40: =(AS40) -> 0 | AK40: 71553.16 | AL40: 66465.52 | AM40: 2724.86 | AN40: 194.1 | AO40: 2362.78 | AP40: 0 | AQ40: 266.68 | AR40: 14.89 | AS40: 0 | AT40: 95 | AU40: 55 | AV40: 1 | AW40: 1 | AZ40: 1 | BA40: 1 | BB40: 1 | BC40: 1 | BH40: 0 | BI40: 1 | BJ40: ФЕР-2001, 06-01-006-03, приказ Минстроя России №1039/пр от 30.12.2016г. | BM40: 6001 | BN40: 0 | BP40: 0 | BQ40: 2 | BR40: 0 | BS40: 1 | BT40: 1 | BU40: 1 | BV40: 1 | BW40: 1 | BX40: 1 | BZ40: 105 | CA40: 65 | CE40: 0 | CF40: 0 | CG40: 0 | CM40: 0 | CN40: Поправка: МДС 81-35.2004, п.4.7 Наименование: Работы, выполняемые при реконструкции зданий и сооружений работы, аналогичные технологическим процессам в новом строительстве (в том числе возведение новых конструктивных элементов) стоимость которых определена по соответствующим сборникам ФЕР, кроме сборника № 46 «Работы при реконструкции зданий и сооружений» | CO40: 0 | CP40: =(P40+Q40+S40) -> 2903.55 | CQ40: =AC40*BC40 -> 66465.52 | CR40: =AD40*BB40 -> 3406.08 | CS40: =AE40*BS40 -> 242.63 | CT40: =AF40*BA40 -> 2717.2 | CU40: =AG40 -> 0 | CV40: =AH40 -> 306.682 | CW40: =AI40 -> 18.6125 | CX40: =AJ40 -> 0 | CY40: =(((S40+R40)*AT40)/100) -> 112.48 | CZ40: =(((S40+R40)*AU40)/100) -> 65.12 | DE40: )*1,25 | DF40: )*1,25 | DG40: )*1,15 | DI40: )*1,15 | DJ40: )*1,25 | DN40: 0 | DO40: 0 | DP40: 1 | DQ40: 1 | DU40: 1007 | DV40: 100 м3 | DW40: 100 м3 | DX40: 100 | EE40: 27029010 | EF40: 2 | EG40: Общестроительные работы | EH40: 0 | EJ40: 1 | EK40: 6001 | EL40: Монолитные бетонные и железобетонные конструкции в промышленном строительстве | EM40: ФЕР-06 | EO40: Поправка: МДС 81-35.2004, п.4.7 | EQ40: 0 | ER40: 71553.16 | ES40: 66465.52 | ET40: 2724.86 | EU40: 194.1 | EV40: 2362.78 | EW40: 266.68 | EX40: 14.89 | EY40: 0 | FQ40: 0 | FR40: =ROUND(IF(AND(BH40=3,BI40=3),P40,0),2) -> 0 | FS40: 0 | FT40: *0,9 | FU40: *0,85 | FX40: 94.5 | FY40: 55.25 | GD40: 0 | GF40: 36679632 | GG40: 2 | GH40: 1 | GI40: -2 | GJ40: 0 | GK40: =ROUND(R40*(R12)/100,2) -> 0 | GL40: =ROUND(IF(AND(BH40=3,BI40=3,FS40<>0),P40,0),2) -> 0 | GM40: =ROUND(O40+X40+Y40+GK40,2)+GX40 -> 3081.15 | GN40: =IF(OR(BI40=0,BI40=1),ROUND(O40+X40+Y40+GK40,2),0) -> 3081.15 | GO40: =IF(BI40=2,ROUND(O40+X40+Y40+GK40,2),0) -> 0 | GP40: =IF(BI40=4,ROUND(O40+X40+Y40+GK40,2)+GX40,0) -> 0 | GR40: 0 | GS40: 3 | GT40: 0 | GV40: =ROUND((GT40),2) -> 0 | GW40: 1 | GX40: =ROUND(HC40*I40,2) -> 0 | HA40: 0 | HB40: 0 | HC40: =GV40*GW40 -> 0 | IK40: 0
A41: 17 | B41: 1 | C41: =ROW(SmtRes!A86) -> 86 | D41: =ROW(EtalonRes!A80) -> 80 | E41: 6 | F41: 06-01-006-03 | G41: Устройство фундаментов под оборудование прим. | H41: 100 м3 | I41: =ROUND(4/100,9) -> 0.04 | J41: 0 | O41: =ROUND(CP41,2) -> 19482.84 | P41: =ROUND(CQ41*I41,2) -> 17839.35 | Q41: =ROUND(CR41*I41,2) -> 914.19 | R41: =ROUND(CS41*I41,2) -> 65.12 | S41: =ROUND(CT41*I41,2) -> 729.3 | T41: =ROUND(CU41*I41,2) -> 0 | U41: =CV41*I41 -> 12.26728 | V41: =CW41*I41 -> 0.7445 | W41: =ROUND(CX41*I41,2) -> 0 | X41: =ROUND(CY41,2) -> 754.7 | Y41: =ROUND(CZ41,2) -> 436.93 | AA41: 28045061 | AB41: =ROUND((AC41+AD41+AF41),2) -> 72588.8 | AC41: =ROUND((ES41),2) -> 66465.52 | AD41: =ROUND(((((ET41*1.25))-((EU41*1.25)))+AE41),2) -> 3406.08 | AE41: =ROUND(((EU41*1.25)),2) -> 242.63 | AF41: =ROUND(((EV41*1.15)),2) -> 2717.2 | AG41: =ROUND((AP41),2) -> 0 | AH41: =((EW41*1.15)) -> 306.682 | AI41: =((EX41*1.25)) -> 18.6125 | AJ41: =(AS41) -> 0 | AK41: 71553.16 | AL41: 66465.52 | AM41: 2724.86 | AN41: 194.1 | AO41: 2362.78 | AP41: 0 | AQ41: 266.68 | AR41: 14.89 | AS41: 0 | AT41: 95 | AU41: 55 | AV41: 1 | AW41: 1 | AZ41: 6.71 | BA41: 6.71 | BB41: 6.71 | BC41: 6.71 | BH41: 0 | BI41: 1 | BJ41: ФЕР-2001, 06-01-006-03, приказ Минстроя России №1039/пр от 30.12.2016г. | BM41: 6001 | BN41: 0 | BP41: 0 | BQ41: 2 | BR41: 0 | BS41: 6.71 | BT41: 1 | BU41: 1 | BV41: 1 | BW41: 1 | BX41: 1 | BZ41: 105 | CA41: 65 | CE41: 0 | CF41: 0 | CG41: 0 | CM41: 0 | CN41: Поправка: МДС 81-35.2004, п.4.7 Наименование: Работы, выполняемые при реконструкции зданий и сооружений работы, аналогичные технологическим процессам в новом строительстве (в том числе возведение новых конструктивных элементов) стоимость которых определена по соответствующим сборникам ФЕР, кроме сборника № 46 «Работы при реконструкции зданий и сооружений» | CO41: 0 | CP41: =(P41+Q41+S41) -> 19482.84 | CQ41: =AC41*BC41 -> 445983.64 | CR41: =AD41*BB41 -> 22854.797 | CS41: =AE41*BS41 -> 1628.0473 | CT41: =AF41*BA41 -> 18232.412 | CU41: =AG41 -> 0 | CV41: =AH41 -> 306.682 | CW41: =AI41 -> 18.6125 | CX41: =AJ41 -> 0 | CY41: =(((S41+R41)*AT41)/100) -> 754.699 | CZ41: =(((S41+R41)*AU41)/100) -> 436.931 | DE41: )*1,25 | DF41: )*1,25 | DG41: )*1,15 | DI41: )*1,15 | DJ41: )*1,25 | DN41: 0 | DO41: 0 | DP41: 1 | DQ41: 1 | DU41: 1007 | DV41: 100 м3 | DW41: 100 м3 | DX41: 100 | EE41: 27029010 | EF41: 2 | EG41: Общестроительные работы | EH41: 0 | EJ41: 1 | EK41: 6001 | EL41: Монолитные бетонные и железобетонные конструкции в промышленном строительстве | EM41: ФЕР-06 | EO41: Поправка: МДС 81-35.2004, п.4.7 | EQ41: 0 | ER41: 71553.16 | ES41: 66465.52 | ET41: 2724.86 | EU41: 194.1 | EV41: 2362.78 | EW41: 266.68 | EX41: 14.89 | EY41: 0 | FQ41: 0 | FR41: =ROUND(IF(AND(BH41=3,BI41=3),P41,0),2) -> 0 | FS41: 0 | FT41: *0,9 | FU41: *0,85 | FX41: 94.5 | FY41: 55.25 | GD41: 0 | GF41: 36679632 | GG41: 1 | GH41: 1 | GI41: 4 | GJ41: 0 | GK41: =ROUND(R41*(S12)/100,2) -> 0 | GL41: =ROUND(IF(AND(BH41=3,BI41=3,FS41<>0),P41,0),2) -> 0 | GM41: =ROUND(O41+X41+Y41+GK41,2)+GX41 -> 20674.47 | GN41: =IF(OR(BI41=0,BI41=1),ROUND(O41+X41+Y41+GK41,2),0) -> 20674.47 | GO41: =IF(BI41=2,ROUND(O41+X41+Y41+GK41,2),0) -> 0 | GP41: =IF(BI41=4,ROUND(O41+X41+Y41+GK41,2)+GX41,0) -> 0 | GR41: 0 | GS41: 3 | GT41: 0 | GV41: =ROUND((GT41),2) -> 0 | GW41: 1 | GX41: =ROUND(HC41*I41,2) -> 0 | HA41: 0 | HB41: 0 | HC41: =GV41*GW41 -> 0 | IK41: 0
A42: 18 | B42: 1 | C42: 58 | E42: 6,1 | F42: 07.2.07.13-0081 | G42: Конструкции стальные приспособлений: для монтажа | H42: т | I42: =I40*J42 -> 0.0088 | J42: 0.22 | O42: =ROUND(CP42,2) -> 65.48 | P42: =ROUND(CQ42*I42,2) -> 65.48 | Q42: =ROUND(CR42*I42,2) -> 0 | R42: =ROUND(CS42*I42,2) -> 0 | S42: =ROUND(CT42*I42,2) -> 0 | T42: =ROUND(CU42*I42,2) -> 0 | U42: =CV42*I42 -> 0 | V42: =CW42*I42 -> 0 | W42: =ROUND(CX42*I42,2) -> 0 | X42: =ROUND(CY42,2) -> 0 | Y42: =ROUND(CZ42,2) -> 0 | AA42: 28045047 | AB42: =ROUND((AC42+AD42+AF42),2) -> 7441 | AC42: =ROUND((ES42),2) -> 7441 | AD42: =ROUND((((ET42)-(EU42))+AE42),2) -> 0 | AE42: =ROUND((EU42),2) -> 0 | AF42: =ROUND((EV42),2) -> 0 | AG42: =ROUND((AP42),2) -> 0 | AH42: =(EW42) -> 0 | AI42: =(EX42) -> 0 | AJ42: =(AS42) -> 0 | AK42: 7441 | AL42: 7441 | AM42: 0 | AN42: 0 | AO42: 0 | AP42: 0 | AQ42: 0 | AR42: 0 | AS42: 0 | AT42: 95 | AU42: 55 | AV42: 1 | AW42: 1 | AZ42: 1 | BA42: 1 | BB42: 1 | BC42: 1 | BH42: 3 | BI42: 1 | BJ42: ФССЦ-2001, 07.2.07.13-0081, приказ Минстроя России №1039/пр от 30.12.2016г. | BM42: 6001 | BN42: 0 | BP42: 0 | BQ42: 2 | BR42: 0 | BS42: 1 | BT42: 1 | BU42: 1 | BV42: 1 | BW42: 1 | BX42: 1 | BZ42: 105 | CA42: 65 | CE42: 0 | CF42: 0 | CG42: 0 | CM42: 0 | CO42: 0 | CP42: =(P42+Q42+S42) -> 65.48 | CQ42: =AC42*BC42 -> 7441 | CR42: =AD42*BB42 -> 0 | CS42: =AE42*BS42 -> 0 | CT42: =AF42*BA42 -> 0 | CU42: =AG42 -> 0 | CV42: =AH42 -> 0 | CW42: =AI42 -> 0 | CX42: =AJ42 -> 0 | CY42: =(((S42+R42)*AT42)/100) -> 0 | CZ42: =(((S42+R42)*AU42)/100) -> 0 | DN42: 0 | DO42: 0 | DP42: 1 | DQ42: 1 | DU42: 1009 | DV42: т | DW42: т | DX42: 1000 | EE42: 27029010 | EF42: 2 | EG42: Общестроительные работы | EH42: 0 | EJ42: 1 | EK42: 6001 | EL42: Монолитные бетонные и железобетонные конструкции в промышленном строительстве | EM42: ФЕР-06 | EQ42: 0 | ER42: 7441 | ES42: 7441 | ET42: 0 | EU42: 0 | EV42: 0 | EW42: 0 | EX42: 0 | FQ42: 0 | FR42: =ROUND(IF(AND(BH42=3,BI42=3),P42,0),2) -> 0 | FS42: 0 | FT42: *0,9 | FU42: *0,85 | FX42: 94.5 | FY42: 55.25 | GD42: 0 | GF42: -623732575 | GG42: 2 | GH42: 1 | GI42: -2 | GJ42: 0 | GK42: =ROUND(R42*(R12)/100,2) -> 0 | GL42: =ROUND(IF(AND(BH42=3,BI42=3,FS42<>0),P42,0),2) -> 0 | GM42: =ROUND(O42+X42+Y42+GK42,2)+GX42 -> 65.48 | GN42: =IF(OR(BI42=0,BI42=1),ROUND(O42+X42+Y42+GK42,2),0) -> 65.48 | GO42: =IF(BI42=2,ROUND(O42+X42+Y42+GK42,2),0) -> 0 | GP42: =IF(BI42=4,ROUND(O42+X42+Y42+GK42,2)+GX42,0) -> 0 | GR42: 0 | GS42: 3 | GT42: 0 | GV42: =ROUND((GT42),2) -> 0 | GW42: 1 | GX42: =ROUND(HC42*I42,2) -> 0 | HA42: 0 | HB42: 0 | HC42: =GV42*GW42 -> 0 | IK42: 0
A43: 18 | B43: 1 | C43: 79 | E43: 6,1 | F43: 07.2.07.13-0081 | G43: Конструкции стальные приспособлений: для монтажа | H43: т | I43: =I41*J43 -> 0.0088 | J43: 0.22 | O43: =ROUND(CP43,2) -> 439.38 | P43: =ROUND(CQ43*I43,2) -> 439.38 | Q43: =ROUND(CR43*I43,2) -> 0 | R43: =ROUND(CS43*I43,2) -> 0 | S43: =ROUND(CT43*I43,2) -> 0 | T43: =ROUND(CU43*I43,2) -> 0 | U43: =CV43*I43 -> 0 | V43: =CW43*I43 -> 0 | W43: =ROUND(CX43*I43,2) -> 0 | X43: =ROUND(CY43,2) -> 0 | Y43: =ROUND(CZ43,2) -> 0 | AA43: 28045061 | AB43: =ROUND((AC43+AD43+AF43),2) -> 7441 | AC43: =ROUND((ES43),2) -> 7441 | AD43: =ROUND((((ET43)-(EU43))+AE43),2) -> 0 | AE43: =ROUND((EU43),2) -> 0 | AF43: =ROUND((EV43),2) -> 0 | AG43: =ROUND((AP43),2) -> 0 | AH43: =(EW43) -> 0 | AI43: =(EX43) -> 0 | AJ43: =(AS43) -> 0 | AK43: 7441 | AL43: 7441 | AM43: 0 | AN43: 0 | AO43: 0 | AP43: 0 | AQ43: 0 | AR43: 0 | AS43: 0 | AT43: 95 | AU43: 55 | AV43: 1 | AW43: 1 | AZ43: 6.71 | BA43: 1 | BB43: 1 | BC43: 6.71 | BH43: 3 | BI43: 1 | BJ43: ФССЦ-2001, 07.2.07.13-0081, приказ Минстроя России №1039/пр от 30.12.2016г. | BM43: 6001 | BN43: 0 | BP43: 0 | BQ43: 2 | BR43: 0 | BS43: 1 | BT43: 1 | BU43: 1 | BV43: 1 | BW43: 1 | BX43: 1 | BZ43: 105 | CA43: 65 | CE43: 0 | CF43: 0 | CG43: 0 | CM43: 0 | CO43: 0 | CP43: =(P43+Q43+S43) -> 439.38 | CQ43: =AC43*BC43 -> 49929.11 | CR43: =AD43*BB43 -> 0 | CS43: =AE43*BS43 -> 0 | CT43: =AF43*BA43 -> 0 | CU43: =AG43 -> 0 | CV43: =AH43 -> 0 | CW43: =AI43 -> 0 | CX43: =AJ43 -> 0 | CY43: =(((S43+R43)*AT43)/100) -> 0 | CZ43: =(((S43+R43)*AU43)/100) -> 0 | DN43: 0 | DO43: 0 | DP43: 1 | DQ43: 1 | DU43: 1009 | DV43: т | DW43: т | DX43: 1000 | EE43: 27029010 | EF43: 2 | EG43: Общестроительные работы | EH43: 0 | EJ43: 1 | EK43: 6001 | EL43: Монолитные бетонные и железобетонные конструкции в промышленном строительстве | EM43: ФЕР-06 | EQ43: 0 | ER43: 7441 | ES43: 7441 | ET43: 0 | EU43: 0 | EV43: 0 | EW43: 0 | EX43: 0 | FQ43: 0 | FR43: =ROUND(IF(AND(BH43=3,BI43=3),P43,0),2) -> 0 | FS43: 0 | FT43: *0,9 | FU43: *0,85 | FX43: 94.5 | FY43: 55.25 | GD43: 0 | GF43: -623732575 | GG43: 1 | GH43: 1 | GI43: 4 | GJ43: 0 | GK43: =ROUND(R43*(S12)/100,2) -> 0 | GL43: =ROUND(IF(AND(BH43=3,BI43=3,FS43<>0),P43,0),2) -> 0 | GM43: =ROUND(O43+X43+Y43+GK43,2)+GX43 -> 439.38 | GN43: =IF(OR(BI43=0,BI43=1),ROUND(O43+X43+Y43+GK43,2),0) -> 439.38 | GO43: =IF(BI43=2,ROUND(O43+X43+Y43+GK43,2),0) -> 0 | GP43: =IF(BI43=4,ROUND(O43+X43+Y43+GK43,2)+GX43,0) -> 0 | GR43: 0 | GS43: 3 | GT43: 0 | GV43: =ROUND((GT43),2) -> 0 | GW43: 1 | GX43: =ROUND(HC43*I43,2) -> 0 | HA43: 0 | HB43: 0 | HC43: =GV43*GW43 -> 0 | IK43: 0
A44: 18 | B44: 1 | C44: 60 | E44: 6,2 | F44: 08.4.03.04-0001 | G44: Горячекатаная арматурная сталь класса: А-I, А-II, А-III | H44: т | I44: =I40*J44 -> 0.222 | J44: 5.55 | O44: =ROUND(CP44,2) -> 1254.3 | P44: =ROUND(CQ44*I44,2) -> 1254.3 | Q44: =ROUND(CR44*I44,2) -> 0 | R44: =ROUND(CS44*I44,2) -> 0 | S44: =ROUND(CT44*I44,2) -> 0 | T44: =ROUND(CU44*I44,2) -> 0 | U44: =CV44*I44 -> 0 | V44: =CW44*I44 -> 0 | W44: =ROUND(CX44*I44,2) -> 0 | X44: =ROUND(CY44,2) -> 0 | Y44: =ROUND(CZ44,2) -> 0 | AA44: 28045047 | AB44: =ROUND((AC44+AD44+AF44),2) -> 5650 | AC44: =ROUND((ES44),2) -> 5650 | AD44: =ROUND((((ET44)-(EU44))+AE44),2) -> 0 | AE44: =ROUND((EU44),2) -> 0 | AF44: =ROUND((EV44),2) -> 0 | AG44: =ROUND((AP44),2) -> 0 | AH44: =(EW44) -> 0 | AI44: =(EX44) -> 0 | AJ44: =(AS44) -> 0 | AK44: 5650 | AL44: 5650 | AM44: 0 | AN44: 0 | AO44: 0 | AP44: 0 | AQ44: 0 | AR44: 0 | AS44: 0 | AT44: 95 | AU44: 55 | AV44: 1 | AW44: 1 | AZ44: 1 | BA44: 1 | BB44: 1 | BC44: 1 | BH44: 3 | BI44: 1 | BJ44: ФССЦ-2001, 08.4.03.04-0001, приказ Минстроя России №1039/пр от 30.12.2016г. | BM44: 6001 | BN44: 0 | BP44: 0 | BQ44: 2 | BR44: 0 | BS44: 1 | BT44: 1 | BU44: 1 | BV44: 1 | BW44: 1 | BX44: 1 | BZ44: 105 | CA44: 65 | CE44: 0 | CF44: 0 | CG44: 0 | CM44: 0 | CO44: 0 | CP44: =(P44+Q44+S44) -> 1254.3 | CQ44: =AC44*BC44 -> 5650 | CR44: =AD44*BB44 -> 0 | CS44: =AE44*BS44 -> 0 | CT44: =AF44*BA44 -> 0 | CU44: =AG44 -> 0 | CV44: =AH44 -> 0 | CW44: =AI44 -> 0 | CX44: =AJ44 -> 0 | CY44: =(((S44+R44)*AT44)/100) -> 0 | CZ44: =(((S44+R44)*AU44)/100) -> 0 | DN44: 0 | DO44: 0 | DP44: 1 | DQ44: 1 | DU44: 1009 | DV44: т | DW44: т | DX44: 1000 | EE44: 27029010 | EF44: 2 | EG44: Общестроительные работы | EH44: 0 | EJ44: 1 | EK44: 6001 | EL44: Монолитные бетонные и железобетонные конструкции в промышленном строительстве | EM44: ФЕР-06 | EQ44: 0 | ER44: 5650 | ES44: 5650 | ET44: 0 | EU44: 0 | EV44: 0 | EW44: 0 | EX44: 0 | FQ44: 0 | FR44: =ROUND(IF(AND(BH44=3,BI44=3),P44,0),2) -> 0 | FS44: 0 | FT44: *0,9 | FU44: *0,85 | FX44: 94.5 | FY44: 55.25 | GD44: 0 | GF44: -439913671 | GG44: 2 | GH44: 1 | GI44: -2 | GJ44: 0 | GK44: =ROUND(R44*(R12)/100,2) -> 0 | GL44: =ROUND(IF(AND(BH44=3,BI44=3,FS44<>0),P44,0),2) -> 0 | GM44: =ROUND(O44+X44+Y44+GK44,2)+GX44 -> 1254.3 | GN44: =IF(OR(BI44=0,BI44=1),ROUND(O44+X44+Y44+GK44,2),0) -> 1254.3 | GO44: =IF(BI44=2,ROUND(O44+X44+Y44+GK44,2),0) -> 0 | GP44: =IF(BI44=4,ROUND(O44+X44+Y44+GK44,2)+GX44,0) -> 0 | GR44: 0 | GS44: 3 | GT44: 0 | GV44: =ROUND((GT44),2) -> 0 | GW44: 1 | GX44: =ROUND(HC44*I44,2) -> 0 | HA44: 0 | HB44: 0 | HC44: =GV44*GW44 -> 0 | IK44: 0
A45: 18 | B45: 1 | C45: 81 | E45: 6,2 | F45: 08.4.03.04-0001 | G45: Горячекатаная арматурная сталь класса: А-I, А-II, А-III | H45: т | I45: =I41*J45 -> 0.222 | J45: 5.55 | O45: =ROUND(CP45,2) -> 8416.35 | P45: =ROUND(CQ45*I45,2) -> 8416.35 | Q45: =ROUND(CR45*I45,2) -> 0 | R45: =ROUND(CS45*I45,2) -> 0 | S45: =ROUND(CT45*I45,2) -> 0 | T45: =ROUND(CU45*I45,2) -> 0 | U45: =CV45*I45 -> 0 | V45: =CW45*I45 -> 0 | W45: =ROUND(CX45*I45,2) -> 0 | X45: =ROUND(CY45,2) -> 0 | Y45: =ROUND(CZ45,2) -> 0 | AA45: 28045061 | AB45: =ROUND((AC45+AD45+AF45),2) -> 5650 | AC45: =ROUND((ES45),2) -> 5650 | AD45: =ROUND((((ET45)-(EU45))+AE45),2) -> 0 | AE45: =ROUND((EU45),2) -> 0 | AF45: =ROUND((EV45),2) -> 0 | AG45: =ROUND((AP45),2) -> 0 | AH45: =(EW45) -> 0 | AI45: =(EX45) -> 0 | AJ45: =(AS45) -> 0 | AK45: 5650 | AL45: 5650 | AM45: 0 | AN45: 0 | AO45: 0 | AP45: 0 | AQ45: 0 | AR45: 0 | AS45: 0 | AT45: 95 | AU45: 55 | AV45: 1 | AW45: 1 | AZ45: 6.71 | BA45: 1 | BB45: 1 | BC45: 6.71 | BH45: 3 | BI45: 1 | BJ45: ФССЦ-2001, 08.4.03.04-0001, приказ Минстроя России №1039/пр от 30.12.2016г. | BM45: 6001 | BN45: 0 | BP45: 0 | BQ45: 2 | BR45: 0 | BS45: 1 | BT45: 1 | BU45: 1 | BV45: 1 | BW45: 1 | BX45: 1 | BZ45: 105 | CA45: 65 | CE45: 0 | CF45: 0 | CG45: 0 | CM45: 0 | CO45: 0 | CP45: =(P45+Q45+S45) -> 8416.35 | CQ45: =AC45*BC45 -> 37911.5 | CR45: =AD45*BB45 -> 0 | CS45: =AE45*BS45 -> 0 | CT45: =AF45*BA45 -> 0 | CU45: =AG45 -> 0 | CV45: =AH45 -> 0 | CW45: =AI45 -> 0 | CX45: =AJ45 -> 0 | CY45: =(((S45+R45)*AT45)/100) -> 0 | CZ45: =(((S45+R45)*AU45)/100) -> 0 | DN45: 0 | DO45: 0 | DP45: 1 | DQ45: 1 | DU45: 1009 | DV45: т | DW45: т | DX45: 1000 | EE45: 27029010 | EF45: 2 | EG45: Общестроительные работы | EH45: 0 | EJ45: 1 | EK45: 6001 | EL45: Монолитные бетонные и железобетонные конструкции в промышленном строительстве | EM45: ФЕР-06 | EQ45: 0 | ER45: 5650 | ES45: 5650 | ET45: 0 | EU45: 0 | EV45: 0 | EW45: 0 | EX45: 0 | FQ45: 0 | FR45: =ROUND(IF(AND(BH45=3,BI45=3),P45,0),2) -> 0 | FS45: 0 | FT45: *0,9 | FU45: *0,85 | FX45: 94.5 | FY45: 55.25 | GD45: 0 | GF45: -439913671 | GG45: 1 | GH45: 1 | GI45: 4 | GJ45: 0 | GK45: =ROUND(R45*(S12)/100,2) -> 0 | GL45: =ROUND(IF(AND(BH45=3,BI45=3,FS45<>0),P45,0),2) -> 0 | GM45: =ROUND(O45+X45+Y45+GK45,2)+GX45 -> 8416.35 | GN45: =IF(OR(BI45=0,BI45=1),ROUND(O45+X45+Y45+GK45,2),0) -> 8416.35 | GO45: =IF(BI45=2,ROUND(O45+X45+Y45+GK45,2),0) -> 0 | GP45: =IF(BI45=4,ROUND(O45+X45+Y45+GK45,2)+GX45,0) -> 0 | GR45: 0 | GS45: 3 | GT45: 0 | GV45: =ROUND((GT45),2) -> 0 | GW45: 1 | GX45: =ROUND(HC45*I45,2) -> 0 | HA45: 0 | HB45: 0 | HC45: =GV45*GW45 -> 0 | IK45: 0
A46: 18 | B46: 1 | C46: 56 | E46: 6,3 | F46: 04.1.02.05-0005 | G46: Бетон тяжелый, класс В12,5 (М150) | H46: м3 | I46: =I40*J46 -> -4.06 | J46: -101.5 | O46: =ROUND(CP46,2) -> -2436 | P46: =ROUND(CQ46*I46,2) -> -2436 | Q46: =ROUND(CR46*I46,2) -> 0 | R46: =ROUND(CS46*I46,2) -> 0 | S46: =ROUND(CT46*I46,2) -> 0 | T46: =ROUND(CU46*I46,2) -> 0 | U46: =CV46*I46 -> 0 | V46: =CW46*I46 -> 0 | W46: =ROUND(CX46*I46,2) -> 0 | X46: =ROUND(CY46,2) -> 0 | Y46: =ROUND(CZ46,2) -> 0 | AA46: 28045047 | AB46: =ROUND((AC46+AD46+AF46),2) -> 600 | AC46: =ROUND((ES46),2) -> 600 | AD46: =ROUND((((ET46)-(EU46))+AE46),2) -> 0 | AE46: =ROUND((EU46),2) -> 0 | AF46: =ROUND((EV46),2) -> 0 | AG46: =ROUND((AP46),2) -> 0 | AH46: =(EW46) -> 0 | AI46: =(EX46) -> 0 | AJ46: =(AS46) -> 0 | AK46: 600 | AL46: 600 | AM46: 0 | AN46: 0 | AO46: 0 | AP46: 0 | AQ46: 0 | AR46: 0 | AS46: 0 | AT46: 95 | AU46: 55 | AV46: 1 | AW46: 1 | AZ46: 1 | BA46: 1 | BB46: 1 | BC46: 1 | BH46: 3 | BI46: 1 | BJ46: ФССЦ-2001, 04.1.02.05-0005, приказ Минстроя России №1039/пр от 30.12.2016г. | BM46: 6001 | BN46: 0 | BP46: 0 | BQ46: 2 | BR46: 1 | BS46: 1 | BT46: 1 | BU46: 1 | BV46: 1 | BW46: 1 | BX46: 1 | BZ46: 105 | CA46: 65 | CE46: 0 | CF46: 0 | CG46: 0 | CM46: 0 | CO46: 0 | CP46: =(P46+Q46+S46) -> -2436 | CQ46: =AC46*BC46 -> 600 | CR46: =AD46*BB46 -> 0 | CS46: =AE46*BS46 -> 0 | CT46: =AF46*BA46 -> 0 | CU46: =AG46 -> 0 | CV46: =AH46 -> 0 | CW46: =AI46 -> 0 | CX46: =AJ46 -> 0 | CY46: =(((S46+R46)*AT46)/100) -> 0 | CZ46: =(((S46+R46)*AU46)/100) -> 0 | DN46: 0 | DO46: 0 | DP46: 1 | DQ46: 1 | DU46: 1007 | DV46: м3 | DW46: м3 | DX46: 1 | EE46: 27029010 | EF46: 2 | EG46: Общестроительные работы | EH46: 0 | EJ46: 1 | EK46: 6001 | EL46: Монолитные бетонные и железобетонные конструкции в промышленном строительстве | EM46: ФЕР-06 | EQ46: 0 | ER46: 600 | ES46: 600 | ET46: 0 | EU46: 0 | EV46: 0 | EW46: 0 | EX46: 0 | FQ46: 0 | FR46: =ROUND(IF(AND(BH46=3,BI46=3),P46,0),2) -> 0 | FS46: 0 | FT46: *0,9 | FU46: *0,85 | FX46: 94.5 | FY46: 55.25 | GD46: 0 | GF46: 429653816 | GG46: 2 | GH46: 1 | GI46: -2 | GJ46: 0 | GK46: =ROUND(R46*(R12)/100,2) -> 0 | GL46: =ROUND(IF(AND(BH46=3,BI46=3,FS46<>0),P46,0),2) -> 0 | GM46: =ROUND(O46+X46+Y46+GK46,2)+GX46 -> -2436 | GN46: =IF(OR(BI46=0,BI46=1),ROUND(O46+X46+Y46+GK46,2),0) -> -2436 | GO46: =IF(BI46=2,ROUND(O46+X46+Y46+GK46,2),0) -> 0 | GP46: =IF(BI46=4,ROUND(O46+X46+Y46+GK46,2)+GX46,0) -> 0 | GR46: 0 | GS46: 3 | GT46: 0 | GV46: =ROUND((GT46),2) -> 0 | GW46: 1 | GX46: =ROUND(HC46*I46,2) -> 0 | HA46: 0 | HB46: 0 | HC46: =GV46*GW46 -> 0 | IK46: 0
A47: 18 | B47: 1 | C47: 77 | E47: 6,3 | F47: 04.1.02.05-0005 | G47: Бетон тяжелый, класс В12,5 (М150) | H47: м3 | I47: =I41*J47 -> -4.06 | J47: -101.5 | O47: =ROUND(CP47,2) -> -16345.56 | P47: =ROUND(CQ47*I47,2) -> -16345.56 | Q47: =ROUND(CR47*I47,2) -> 0 | R47: =ROUND(CS47*I47,2) -> 0 | S47: =ROUND(CT47*I47,2) -> 0 | T47: =ROUND(CU47*I47,2) -> 0 | U47: =CV47*I47 -> 0 | V47: =CW47*I47 -> 0 | W47: =ROUND(CX47*I47,2) -> 0 | X47: =ROUND(CY47,2) -> 0 | Y47: =ROUND(CZ47,2) -> 0 | AA47: 28045061 | AB47: =ROUND((AC47+AD47+AF47),2) -> 600 | AC47: =ROUND((ES47),2) -> 600 | AD47: =ROUND((((ET47)-(EU47))+AE47),2) -> 0 | AE47: =ROUND((EU47),2) -> 0 | AF47: =ROUND((EV47),2) -> 0 | AG47: =ROUND((AP47),2) -> 0 | AH47: =(EW47) -> 0 | AI47: =(EX47) -> 0 | AJ47: =(AS47) -> 0 | AK47: 600 | AL47: 600 | AM47: 0 | AN47: 0 | AO47: 0 | AP47: 0 | AQ47: 0 | AR47: 0 | AS47: 0 | AT47: 95 | AU47: 55 | AV47: 1 | AW47: 1 | AZ47: 6.71 | BA47: 1 | BB47: 1 | BC47: 6.71 | BH47: 3 | BI47: 1 | BJ47: ФССЦ-2001, 04.1.02.05-0005, приказ Минстроя России №1039/пр от 30.12.2016г. | BM47: 6001 | BN47: 0 | BP47: 0 | BQ47: 2 | BR47: 1 | BS47: 1 | BT47: 1 | BU47: 1 | BV47: 1 | BW47: 1 | BX47: 1 | BZ47: 105 | CA47: 65 | CE47: 0 | CF47: 0 | CG47: 0 | CM47: 0 | CO47: 0 | CP47: =(P47+Q47+S47) -> -16345.56 | CQ47: =AC47*BC47 -> 4026 | CR47: =AD47*BB47 -> 0 | CS47: =AE47*BS47 -> 0 | CT47: =AF47*BA47 -> 0 | CU47: =AG47 -> 0 | CV47: =AH47 -> 0 | CW47: =AI47 -> 0 | CX47: =AJ47 -> 0 | CY47: =(((S47+R47)*AT47)/100) -> 0 | CZ47: =(((S47+R47)*AU47)/100) -> 0 | DN47: 0 | DO47: 0 | DP47: 1 | DQ47: 1 | DU47: 1007 | DV47: м3 | DW47: м3 | DX47: 1 | EE47: 27029010 | EF47: 2 | EG47: Общестроительные работы | EH47: 0 | EJ47: 1 | EK47: 6001 | EL47: Монолитные бетонные и железобетонные конструкции в промышленном строительстве | EM47: ФЕР-06 | EQ47: 0 | ER47: 600 | ES47: 600 | ET47: 0 | EU47: 0 | EV47: 0 | EW47: 0 | EX47: 0 | FQ47: 0 | FR47: =ROUND(IF(AND(BH47=3,BI47=3),P47,0),2) -> 0 | FS47: 0 | FT47: *0,9 | FU47: *0,85 | FX47: 94.5 | FY47: 55.25 | GD47: 0 | GF47: 429653816 | GG47: 1 | GH47: 1 | GI47: 4 | GJ47: 0 | GK47: =ROUND(R47*(S12)/100,2) -> 0 | GL47: =ROUND(IF(AND(BH47=3,BI47=3,FS47<>0),P47,0),2) -> 0 | GM47: =ROUND(O47+X47+Y47+GK47,2)+GX47 -> -16345.56 | GN47: =IF(OR(BI47=0,BI47=1),ROUND(O47+X47+Y47+GK47,2),0) -> -16345.56 | GO47: =IF(BI47=2,ROUND(O47+X47+Y47+GK47,2),0) -> 0 | GP47: =IF(BI47=4,ROUND(O47+X47+Y47+GK47,2)+GX47,0) -> 0 | GR47: 0 | GS47: 3 | GT47: 0 | GV47: =ROUND((GT47),2) -> 0 | GW47: 1 | GX47: =ROUND(HC47*I47,2) -> 0 | HA47: 0 | HB47: 0 | HC47: =GV47*GW47 -> 0 | IK47: 0
A48: 18 | B48: 1 | C48: 57 | E48: 6,4 | F48: 04.1.02.05-0008 | G48: Бетон тяжелый, класс В22,5 (М300) | H48: м3 | I48: =I40*J48 -> 4.06 | J48: 101.5 | O48: =ROUND(CP48,2) -> 2842 | P48: =ROUND(CQ48*I48,2) -> 2842 | Q48: =ROUND(CR48*I48,2) -> 0 | R48: =ROUND(CS48*I48,2) -> 0 | S48: =ROUND(CT48*I48,2) -> 0 | T48: =ROUND(CU48*I48,2) -> 0 | U48: =CV48*I48 -> 0 | V48: =CW48*I48 -> 0 | W48: =ROUND(CX48*I48,2) -> 0 | X48: =ROUND(CY48,2) -> 0 | Y48: =ROUND(CZ48,2) -> 0 | AA48: 28045047 | AB48: =ROUND((AC48+AD48+AF48),2) -> 700 | AC48: =ROUND((ES48),2) -> 700 | AD48: =ROUND((((ET48)-(EU48))+AE48),2) -> 0 | AE48: =ROUND((EU48),2) -> 0 | AF48: =ROUND((EV48),2) -> 0 | AG48: =ROUND((AP48),2) -> 0 | AH48: =(EW48) -> 0 | AI48: =(EX48) -> 0 | AJ48: =(AS48) -> 0 | AK48: 700 | AL48: 700 | AM48: 0 | AN48: 0 | AO48: 0 | AP48: 0 | AQ48: 0 | AR48: 0 | AS48: 0 | AT48: 95 | AU48: 55 | AV48: 1 | AW48: 1 | AZ48: 1 | BA48: 1 | BB48: 1 | BC48: 1 | BH48: 3 | BI48: 1 | BJ48: ФССЦ-2001, 04.1.02.05-0008, приказ Минстроя России №1039/пр от 30.12.2016г. | BM48: 6001 | BN48: 0 | BP48: 0 | BQ48: 2 | BR48: 0 | BS48: 1 | BT48: 1 | BU48: 1 | BV48: 1 | BW48: 1 | BX48: 1 | BZ48: 105 | CA48: 65 | CE48: 0 | CF48: 0 | CG48: 0 | CM48: 0 | CO48: 0 | CP48: =(P48+Q48+S48) -> 2842 | CQ48: =AC48*BC48 -> 700 | CR48: =AD48*BB48 -> 0 | CS48: =AE48*BS48 -> 0 | CT48: =AF48*BA48 -> 0 | CU48: =AG48 -> 0 | CV48: =AH48 -> 0 | CW48: =AI48 -> 0 | CX48: =AJ48 -> 0 | CY48: =(((S48+R48)*AT48)/100) -> 0 | CZ48: =(((S48+R48)*AU48)/100) -> 0 | DN48: 0 | DO48: 0 | DP48: 1 | DQ48: 1 | DU48: 1007 | DV48: м3 | DW48: м3 | DX48: 1 | EE48: 27029010 | EF48: 2 | EG48: Общестроительные работы | EH48: 0 | EJ48: 1 | EK48: 6001 | EL48: Монолитные бетонные и железобетонные конструкции в промышленном строительстве | EM48: ФЕР-06 | EQ48: 0 | ER48: 700 | ES48: 700 | ET48: 0 | EU48: 0 | EV48: 0 | EW48: 0 | EX48: 0 | FQ48: 0 | FR48: =ROUND(IF(AND(BH48=3,BI48=3),P48,0),2) -> 0 | FS48: 0 | FT48: *0,9 | FU48: *0,85 | FX48: 94.5 | FY48: 55.25 | GD48: 0 | GF48: 1793419788 | GG48: 2 | GH48: 1 | GI48: -2 | GJ48: 0 | GK48: =ROUND(R48*(R12)/100,2) -> 0 | GL48: =ROUND(IF(AND(BH48=3,BI48=3,FS48<>0),P48,0),2) -> 0 | GM48: =ROUND(O48+X48+Y48+GK48,2)+GX48 -> 2842 | GN48: =IF(OR(BI48=0,BI48=1),ROUND(O48+X48+Y48+GK48,2),0) -> 2842 | GO48: =IF(BI48=2,ROUND(O48+X48+Y48+GK48,2),0) -> 0 | GP48: =IF(BI48=4,ROUND(O48+X48+Y48+GK48,2)+GX48,0) -> 0 | GR48: 0 | GS48: 3 | GT48: 0 | GV48: =ROUND((GT48),2) -> 0 | GW48: 1 | GX48: =ROUND(HC48*I48,2) -> 0 | HA48: 0 | HB48: 0 | HC48: =GV48*GW48 -> 0 | IK48: 0
A49: 18 | B49: 1 | C49: 78 | E49: 6,4 | F49: 04.1.02.05-0008 | G49: Бетон тяжелый, класс В22,5 (М300) | H49: м3 | I49: =I41*J49 -> 4.06 | J49: 101.5 | O49: =ROUND(CP49,2) -> 19069.82 | P49: =ROUND(CQ49*I49,2) -> 19069.82 | Q49: =ROUND(CR49*I49,2) -> 0 | R49: =ROUND(CS49*I49,2) -> 0 | S49: =ROUND(CT49*I49,2) -> 0 | T49: =ROUND(CU49*I49,2) -> 0 | U49: =CV49*I49 -> 0 | V49: =CW49*I49 -> 0 | W49: =ROUND(CX49*I49,2) -> 0 | X49: =ROUND(CY49,2) -> 0 | Y49: =ROUND(CZ49,2) -> 0 | AA49: 28045061 | AB49: =ROUND((AC49+AD49+AF49),2) -> 700 | AC49: =ROUND((ES49),2) -> 700 | AD49: =ROUND((((ET49)-(EU49))+AE49),2) -> 0 | AE49: =ROUND((EU49),2) -> 0 | AF49: =ROUND((EV49),2) -> 0 | AG49: =ROUND((AP49),2) -> 0 | AH49: =(EW49) -> 0 | AI49: =(EX49) -> 0 | AJ49: =(AS49) -> 0 | AK49: 700 | AL49: 700 | AM49: 0 | AN49: 0 | AO49: 0 | AP49: 0 | AQ49: 0 | AR49: 0 | AS49: 0 | AT49: 95 | AU49: 55 | AV49: 1 | AW49: 1 | AZ49: 6.71 | BA49: 1 | BB49: 1 | BC49: 6.71 | BH49: 3 | BI49: 1 | BJ49: ФССЦ-2001, 04.1.02.05-0008, приказ Минстроя России №1039/пр от 30.12.2016г. | BM49: 6001 | BN49: 0 | BP49: 0 | BQ49: 2 | BR49: 0 | BS49: 1 | BT49: 1 | BU49: 1 | BV49: 1 | BW49: 1 | BX49: 1 | BZ49: 105 | CA49: 65 | CE49: 0 | CF49: 0 | CG49: 0 | CM49: 0 | CO49: 0 | CP49: =(P49+Q49+S49) -> 19069.82 | CQ49: =AC49*BC49 -> 4697 | CR49: =AD49*BB49 -> 0 | CS49: =AE49*BS49 -> 0 | CT49: =AF49*BA49 -> 0 | CU49: =AG49 -> 0 | CV49: =AH49 -> 0 | CW49: =AI49 -> 0 | CX49: =AJ49 -> 0 | CY49: =(((S49+R49)*AT49)/100) -> 0 | CZ49: =(((S49+R49)*AU49)/100) -> 0 | DN49: 0 | DO49: 0 | DP49: 1 | DQ49: 1 | DU49: 1007 | DV49: м3 | DW49: м3 | DX49: 1 | EE49: 27029010 | EF49: 2 | EG49: Общестроительные работы | EH49: 0 | EJ49: 1 | EK49: 6001 | EL49: Монолитные бетонные и железобетонные конструкции в промышленном строительстве | EM49: ФЕР-06 | EQ49: 0 | ER49: 700 | ES49: 700 | ET49: 0 | EU49: 0 | EV49: 0 | EW49: 0 | EX49: 0 | FQ49: 0 | FR49: =ROUND(IF(AND(BH49=3,BI49=3),P49,0),2) -> 0 | FS49: 0 | FT49: *0,9 | FU49: *0,85 | FX49: 94.5 | FY49: 55.25 | GD49: 0 | GF49: 1793419788 | GG49: 1 | GH49: 1 | GI49: 4 | GJ49: 0 | GK49: =ROUND(R49*(S12)/100,2) -> 0 | GL49: =ROUND(IF(AND(BH49=3,BI49=3,FS49<>0),P49,0),2) -> 0 | GM49: =ROUND(O49+X49+Y49+GK49,2)+GX49 -> 19069.82 | GN49: =IF(OR(BI49=0,BI49=1),ROUND(O49+X49+Y49+GK49,2),0) -> 19069.82 | GO49: =IF(BI49=2,ROUND(O49+X49+Y49+GK49,2),0) -> 0 | GP49: =IF(BI49=4,ROUND(O49+X49+Y49+GK49,2)+GX49,0) -> 0 | GR49: 0 | GS49: 3 | GT49: 0 | GV49: =ROUND((GT49),2) -> 0 | GW49: 1 | GX49: =ROUND(HC49*I49,2) -> 0 | HA49: 0 | HB49: 0 | HC49: =GV49*GW49 -> 0 | IK49: 0
A50: 17 | B50: 1 | C50: =ROW(SmtRes!A90) -> 90 | D50: =ROW(EtalonRes!A83) -> 83 | E50: 7 | F50: м08-10-010-01 | G50: Прокладка труб гофрированных ПВХ для защиты проводов и кабелей | H50: 100 м | I50: =ROUND(150/100,9) -> 1.5 | J50: 0 | O50: =ROUND(CP50,2) -> 234.5 | P50: =ROUND(CQ50*I50,2) -> 25.19 | Q50: =ROUND(CR50*I50,2) -> 0 | R50: =ROUND(CS50*I50,2) -> 0 | S50: =ROUND(CT50*I50,2) -> 209.31 | T50: =ROUND(CU50*I50,2) -> 0 | U50: =CV50*I50 -> 22.8 | V50: =CW50*I50 -> 0 | W50: =ROUND(CX50*I50,2) -> 0 | X50: =ROUND(CY50,2) -> 198.84 | Y50: =ROUND(CZ50,2) -> 136.05 | AA50: 28045047 | AB50: =ROUND((AC50+AD50+AF50),2) -> 156.33 | AC50: =ROUND((ES50),2) -> 16.79 | AD50: =ROUND((((ET50)-(EU50))+AE50),2) -> 0 | AE50: =ROUND((EU50),2) -> 0 | AF50: =ROUND((EV50),2) -> 139.54 | AG50: =ROUND((AP50),2) -> 0 | AH50: =(EW50) -> 15.2 | AI50: =(EX50) -> 0 | AJ50: =(AS50) -> 0 | AK50: 156.33 | AL50: 16.79 | AM50: 0 | AN50: 0 | AO50: 139.54 | AP50: 0 | AQ50: 15.2 | AR50: 0 | AS50: 0 | AT50: 95 | AU50: 65 | AV50: 1 | AW50: 1 | AZ50: 1 | BA50: 1 | BB50: 1 | BC50: 1 | BH50: 0 | BI50: 2 | BJ50: ФЕРм-2001, м08-10-010-01, приказ Минстроя России №1039/пр от 30.12.2016г. | BM50: 108001 | BN50: 0 | BP50: 0 | BQ50: 3 | BR50: 0 | BS50: 1 | BT50: 1 | BU50: 1 | BV50: 1 | BW50: 1 | BX50: 1 | BZ50: 95 | CA50: 65 | CE50: 0 | CF50: 0 | CG50: 0 | CM50: 0 | CO50: 0 | CP50: =(P50+Q50+S50) -> 234.5 | CQ50: =AC50*BC50 -> 16.79 | CR50: =AD50*BB50 -> 0 | CS50: =AE50*BS50 -> 0 | CT50: =AF50*BA50 -> 139.54 | CU50: =AG50 -> 0 | CV50: =AH50 -> 15.2 | CW50: =AI50 -> 0 | CX50: =AJ50 -> 0 | CY50: =(((S50+R50)*AT50)/100) -> 198.8445 | CZ50: =(((S50+R50)*AU50)/100) -> 136.0515 | DN50: 0 | DO50: 0 | DP50: 1 | DQ50: 1 | DU50: 1003 | DV50: 100 м | DW50: 100 м | DX50: 100 | EE50: 27028906 | EF50: 3 | EG50: Монтажные работы | EH50: 0 | EJ50: 2 | EK50: 108001 | EL50: Электромонтажные работы , отдел 01-03 : ( на АЭС НР = 110% ) - (работы по упр. авиа.- движением: СП=55% ( {АВИА}=1; обычные работы : СП=65 - {AВИА}=0), при работе на АЭС СП= 68% ) | EM50: мФЕР-08 | EQ50: 0 | ER50: 156.33 | ES50: 16.79 | ET50: 0 | EU50: 0 | EV50: 139.54 | EW50: 15.2 | EX50: 0 | EY50: 0 | FQ50: 0 | FR50: =ROUND(IF(AND(BH50=3,BI50=3),P50,0),2) -> 0 | FS50: 0 | FX50: 95 | FY50: 65 | GD50: 0 | GF50: -596386547 | GG50: 2 | GH50: 1 | GI50: -2 | GJ50: 0 | GK50: =ROUND(R50*(R12)/100,2) -> 0 | GL50: =ROUND(IF(AND(BH50=3,BI50=3,FS50<>0),P50,0),2) -> 0 | GM50: =ROUND(O50+X50+Y50+GK50,2)+GX50 -> 569.39 | GN50: =IF(OR(BI50=0,BI50=1),ROUND(O50+X50+Y50+GK50,2),0) -> 0 | GO50: =IF(BI50=2,ROUND(O50+X50+Y50+GK50,2),0) -> 569.39 | GP50: =IF(BI50=4,ROUND(O50+X50+Y50+GK50,2)+GX50,0) -> 0 | GR50: 0 | GS50: 3 | GT50: 0 | GV50: =ROUND((GT50),2) -> 0 | GW50: 1 | GX50: =ROUND(HC50*I50,2) -> 0 | HA50: 0 | HB50: 0 | HC50: =GV50*GW50 -> 0 | IK50: 0
A51: 17 | B51: 1 | C51: =ROW(SmtRes!A94) -> 94 | D51: =ROW(EtalonRes!A86) -> 86 | E51: 7 | F51: м08-10-010-01 | G51: Прокладка труб гофрированных ПВХ для защиты проводов и кабелей | H51: 100 м | I51: =ROUND(150/100,9) -> 1.5 | J51: 0 | O51: =ROUND(CP51,2) -> 1573.46 | P51: =ROUND(CQ51*I51,2) -> 168.99 | Q51: =ROUND(CR51*I51,2) -> 0 | R51: =ROUND(CS51*I51,2) -> 0 | S51: =ROUND(CT51*I51,2) -> 1404.47 | T51: =ROUND(CU51*I51,2) -> 0 | U51: =CV51*I51 -> 22.8 | V51: =CW51*I51 -> 0 | W51: =ROUND(CX51*I51,2) -> 0 | X51: =ROUND(CY51,2) -> 1334.25 | Y51: =ROUND(CZ51,2) -> 912.91 | AA51: 28045061 | AB51: =ROUND((AC51+AD51+AF51),2) -> 156.33 | AC51: =ROUND((ES51),2) -> 16.79 | AD51: =ROUND((((ET51)-(EU51))+AE51),2) -> 0 | AE51: =ROUND((EU51),2) -> 0 | AF51: =ROUND((EV51),2) -> 139.54 | AG51: =ROUND((AP51),2) -> 0 | AH51: =(EW51) -> 15.2 | AI51: =(EX51) -> 0 | AJ51: =(AS51) -> 0 | AK51: 156.33 | AL51: 16.79 | AM51: 0 | AN51: 0 | AO51: 139.54 | AP51: 0 | AQ51: 15.2 | AR51: 0 | AS51: 0 | AT51: 95 | AU51: 65 | AV51: 1 | AW51: 1 | AZ51: 6.71 | BA51: 6.71 | BB51: 6.71 | BC51: 6.71 | BH51: 0 | BI51: 2 | BJ51: ФЕРм-2001, м08-10-010-01, приказ Минстроя России №1039/пр от 30.12.2016г. | BM51: 108001 | BN51: 0 | BP51: 0 | BQ51: 3 | BR51: 0 | BS51: 6.71 | BT51: 1 | BU51: 1 | BV51: 1 | BW51: 1 | BX51: 1 | BZ51: 95 | CA51: 65 | CE51: 0 | CF51: 0 | CG51: 0 | CM51: 0 | CO51: 0 | CP51: =(P51+Q51+S51) -> 1573.46 | CQ51: =AC51*BC51 -> 112.6609 | CR51: =AD51*BB51 -> 0 | CS51: =AE51*BS51 -> 0 | CT51: =AF51*BA51 -> 936.3134 | CU51: =AG51 -> 0 | CV51: =AH51 -> 15.2 | CW51: =AI51 -> 0 | CX51: =AJ51 -> 0 | CY51: =(((S51+R51)*AT51)/100) -> 1334.2465 | CZ51: =(((S51+R51)*AU51)/100) -> 912.9055 | DN51: 0 | DO51: 0 | DP51: 1 | DQ51: 1 | DU51: 1003 | DV51: 100 м | DW51: 100 м | DX51: 100 | EE51: 27028906 | EF51: 3 | EG51: Монтажные работы | EH51: 0 | EJ51: 2 | EK51: 108001 | EL51: Электромонтажные работы , отдел 01-03 : ( на АЭС НР = 110% ) - (работы по упр. авиа.- движением: СП=55% ( {АВИА}=1; обычные работы : СП=65 - {AВИА}=0), при работе на АЭС СП= 68% ) | EM51: мФЕР-08 | EQ51: 0 | ER51: 156.33 | ES51: 16.79 | ET51: 0 | EU51: 0 | EV51: 139.54 | EW51: 15.2 | EX51: 0 | EY51: 0 | FQ51: 0 | FR51: =ROUND(IF(AND(BH51=3,BI51=3),P51,0),2) -> 0 | FS51: 0 | FX51: 95 | FY51: 65 | GD51: 0 | GF51: -596386547 | GG51: 1 | GH51: 1 | GI51: 4 | GJ51: 0 | GK51: =ROUND(R51*(S12)/100,2) -> 0 | GL51: =ROUND(IF(AND(BH51=3,BI51=3,FS51<>0),P51,0),2) -> 0 | GM51: =ROUND(O51+X51+Y51+GK51,2)+GX51 -> 3820.62 | GN51: =IF(OR(BI51=0,BI51=1),ROUND(O51+X51+Y51+GK51,2),0) -> 0 | GO51: =IF(BI51=2,ROUND(O51+X51+Y51+GK51,2),0) -> 3820.62 | GP51: =IF(BI51=4,ROUND(O51+X51+Y51+GK51,2)+GX51,0) -> 0 | GR51: 0 | GS51: 3 | GT51: 0 | GV51: =ROUND((GT51),2) -> 0 | GW51: 1 | GX51: =ROUND(HC51*I51,2) -> 0 | HA51: 0 | HB51: 0 | HC51: =GV51*GW51 -> 0 | IK51: 0
A52: 18 | B52: 1 | C52: 89 | E52: 7,1 | F52: 24.3.01.02-0042 | G52: Трубы гибкие гофрированные тяжелые из самозатухающего ПВХ (IP55) серии FH, с зондом, диаметром 20 мм | H52: 10 м | I52: =I50*J52 -> 15 | J52: 10 | O52: =ROUND(CP52,2) -> 759.3 | P52: =ROUND(CQ52*I52,2) -> 759.3 | Q52: =ROUND(CR52*I52,2) -> 0 | R52: =ROUND(CS52*I52,2) -> 0 | S52: =ROUND(CT52*I52,2) -> 0 | T52: =ROUND(CU52*I52,2) -> 0 | U52: =CV52*I52 -> 0 | V52: =CW52*I52 -> 0 | W52: =ROUND(CX52*I52,2) -> 0 | X52: =ROUND(CY52,2) -> 0 | Y52: =ROUND(CZ52,2) -> 0 | AA52: 28045047 | AB52: =ROUND((AC52+AD52+AF52),2) -> 50.62 | AC52: =ROUND((ES52),2) -> 50.62 | AD52: =ROUND((((ET52)-(EU52))+AE52),2) -> 0 | AE52: =ROUND((EU52),2) -> 0 | AF52: =ROUND((EV52),2) -> 0 | AG52: =ROUND((AP52),2) -> 0 | AH52: =(EW52) -> 0 | AI52: =(EX52) -> 0 | AJ52: =(AS52) -> 0 | AK52: 50.62 | AL52: 50.62 | AM52: 0 | AN52: 0 | AO52: 0 | AP52: 0 | AQ52: 0 | AR52: 0 | AS52: 0 | AT52: 95 | AU52: 65 | AV52: 1 | AW52: 1 | AZ52: 1 | BA52: 1 | BB52: 1 | BC52: 1 | BH52: 3 | BI52: 2 | BJ52: ФССЦ-2001, 24.3.01.02-0042, приказ Минстроя России №1039/пр от 30.12.2016г. | BM52: 108001 | BN52: 0 | BP52: 0 | BQ52: 3 | BR52: 0 | BS52: 1 | BT52: 1 | BU52: 1 | BV52: 1 | BW52: 1 | BX52: 1 | BZ52: 95 | CA52: 65 | CE52: 0 | CF52: 0 | CG52: 0 | CM52: 0 | CO52: 0 | CP52: =(P52+Q52+S52) -> 759.3 | CQ52: =AC52*BC52 -> 50.62 | CR52: =AD52*BB52 -> 0 | CS52: =AE52*BS52 -> 0 | CT52: =AF52*BA52 -> 0 | CU52: =AG52 -> 0 | CV52: =AH52 -> 0 | CW52: =AI52 -> 0 | CX52: =AJ52 -> 0 | CY52: =(((S52+R52)*AT52)/100) -> 0 | CZ52: =(((S52+R52)*AU52)/100) -> 0 | DN52: 0 | DO52: 0 | DP52: 1 | DQ52: 1 | DU52: 1003 | DV52: 10 м | DW52: 10 м | DX52: 10 | EE52: 27028906 | EF52: 3 | EG52: Монтажные работы | EH52: 0 | EJ52: 2 | EK52: 108001 | EL52: Электромонтажные работы , отдел 01-03 : ( на АЭС НР = 110% ) - (работы по упр. авиа.- движением: СП=55% ( {АВИА}=1; обычные работы : СП=65 - {AВИА}=0), при работе на АЭС СП= 68% ) | EM52: мФЕР-08 | EQ52: 0 | ER52: 50.62 | ES52: 50.62 | ET52: 0 | EU52: 0 | EV52: 0 | EW52: 0 | EX52: 0 | FQ52: 0 | FR52: =ROUND(IF(AND(BH52=3,BI52=3),P52,0),2) -> 0 | FS52: 0 | FX52: 95 | FY52: 65 | GD52: 0 | GF52: 1411776903 | GG52: 2 | GH52: 1 | GI52: -2 | GJ52: 0 | GK52: =ROUND(R52*(R12)/100,2) -> 0 | GL52: =ROUND(IF(AND(BH52=3,BI52=3,FS52<>0),P52,0),2) -> 0 | GM52: =ROUND(O52+X52+Y52+GK52,2)+GX52 -> 759.3 | GN52: =IF(OR(BI52=0,BI52=1),ROUND(O52+X52+Y52+GK52,2),0) -> 0 | GO52: =IF(BI52=2,ROUND(O52+X52+Y52+GK52,2),0) -> 759.3 | GP52: =IF(BI52=4,ROUND(O52+X52+Y52+GK52,2)+GX52,0) -> 0 | GR52: 0 | GS52: 3 | GT52: 0 | GV52: =ROUND((GT52),2) -> 0 | GW52: 1 | GX52: =ROUND(HC52*I52,2) -> 0 | HA52: 0 | HB52: 0 | HC52: =GV52*GW52 -> 0 | IK52: 0
A53: 18 | B53: 1 | C53: 93 | E53: 7,1 | F53: 24.3.01.02-0042 | G53: Трубы гибкие гофрированные тяжелые из самозатухающего ПВХ (IP55) серии FH, с зондом, диаметром 20 мм | H53: 10 м | I53: =I51*J53 -> 15 | J53: 10 | O53: =ROUND(CP53,2) -> 5094.9 | P53: =ROUND(CQ53*I53,2) -> 5094.9 | Q53: =ROUND(CR53*I53,2) -> 0 | R53: =ROUND(CS53*I53,2) -> 0 | S53: =ROUND(CT53*I53,2) -> 0 | T53: =ROUND(CU53*I53,2) -> 0 | U53: =CV53*I53 -> 0 | V53: =CW53*I53 -> 0 | W53: =ROUND(CX53*I53,2) -> 0 | X53: =ROUND(CY53,2) -> 0 | Y53: =ROUND(CZ53,2) -> 0 | AA53: 28045061 | AB53: =ROUND((AC53+AD53+AF53),2) -> 50.62 | AC53: =ROUND((ES53),2) -> 50.62 | AD53: =ROUND((((ET53)-(EU53))+AE53),2) -> 0 | AE53: =ROUND((EU53),2) -> 0 | AF53: =ROUND((EV53),2) -> 0 | AG53: =ROUND((AP53),2) -> 0 | AH53: =(EW53) -> 0 | AI53: =(EX53) -> 0 | AJ53: =(AS53) -> 0 | AK53: 50.62 | AL53: 50.62 | AM53: 0 | AN53: 0 | AO53: 0 | AP53: 0 | AQ53: 0 | AR53: 0 | AS53: 0 | AT53: 95 | AU53: 65 | AV53: 1 | AW53: 1 | AZ53: 6.71 | BA53: 1 | BB53: 1 | BC53: 6.71 | BH53: 3 | BI53: 2 | BJ53: ФССЦ-2001, 24.3.01.02-0042, приказ Минстроя России №1039/пр от 30.12.2016г. | BM53: 108001 | BN53: 0 | BP53: 0 | BQ53: 3 | BR53: 0 | BS53: 1 | BT53: 1 | BU53: 1 | BV53: 1 | BW53: 1 | BX53: 1 | BZ53: 95 | CA53: 65 | CE53: 0 | CF53: 0 | CG53: 0 | CM53: 0 | CO53: 0 | CP53: =(P53+Q53+S53) -> 5094.9 | CQ53: =AC53*BC53 -> 339.6602 | CR53: =AD53*BB53 -> 0 | CS53: =AE53*BS53 -> 0 | CT53: =AF53*BA53 -> 0 | CU53: =AG53 -> 0 | CV53: =AH53 -> 0 | CW53: =AI53 -> 0 | CX53: =AJ53 -> 0 | CY53: =(((S53+R53)*AT53)/100) -> 0 | CZ53: =(((S53+R53)*AU53)/100) -> 0 | DN53: 0 | DO53: 0 | DP53: 1 | DQ53: 1 | DU53: 1003 | DV53: 10 м | DW53: 10 м | DX53: 10 | EE53: 27028906 | EF53: 3 | EG53: Монтажные работы | EH53: 0 | EJ53: 2 | EK53: 108001 | EL53: Электромонтажные работы , отдел 01-03 : ( на АЭС НР = 110% ) - (работы по упр. авиа.- движением: СП=55% ( {АВИА}=1; обычные работы : СП=65 - {AВИА}=0), при работе на АЭС СП= 68% ) | EM53: мФЕР-08 | EQ53: 0 | ER53: 50.62 | ES53: 50.62 | ET53: 0 | EU53: 0 | EV53: 0 | EW53: 0 | EX53: 0 | FQ53: 0 | FR53: =ROUND(IF(AND(BH53=3,BI53=3),P53,0),2) -> 0 | FS53: 0 | FX53: 95 | FY53: 65 | GD53: 0 | GF53: 1411776903 | GG53: 1 | GH53: 1 | GI53: 4 | GJ53: 0 | GK53: =ROUND(R53*(S12)/100,2) -> 0 | GL53: =ROUND(IF(AND(BH53=3,BI53=3,FS53<>0),P53,0),2) -> 0 | GM53: =ROUND(O53+X53+Y53+GK53,2)+GX53 -> 5094.9 | GN53: =IF(OR(BI53=0,BI53=1),ROUND(O53+X53+Y53+GK53,2),0) -> 0 | GO53: =IF(BI53=2,ROUND(O53+X53+Y53+GK53,2),0) -> 5094.9 | GP53: =IF(BI53=4,ROUND(O53+X53+Y53+GK53,2)+GX53,0) -> 0 | GR53: 0 | GS53: 3 | GT53: 0 | GV53: =ROUND((GT53),2) -> 0 | GW53: 1 | GX53: =ROUND(HC53*I53,2) -> 0 | HA53: 0 | HB53: 0 | HC53: =GV53*GW53 -> 0 | IK53: 0
A54: 17 | B54: 1 | C54: =ROW(SmtRes!A105) -> 105 | D54: =ROW(EtalonRes!A96) -> 96 | E54: 8 | F54: м08-02-412-01 | G54: Затягивание провода в проложенные трубы и металлические рукава первого одножильного или многожильного в общей оплетке, суммарное сечение до 2,5 мм2 | H54: 100 м | I54: =ROUND(70/100,9) -> 0.7 | J54: 0 | O54: =ROUND(CP54,2) -> 38.69 | P54: =ROUND(CQ54*I54,2) -> 7.89 | Q54: =ROUND(CR54*I54,2) -> 1.25 | R54: =ROUND(CS54*I54,2) -> 0.18 | S54: =ROUND(CT54*I54,2) -> 29.55 | T54: =ROUND(CU54*I54,2) -> 0 | U54: =CV54*I54 -> 3.143 | V54: =CW54*I54 -> 0.014 | W54: =ROUND(CX54*I54,2) -> 0 | X54: =ROUND(CY54,2) -> 28.24 | Y54: =ROUND(CZ54,2) -> 19.32 | AA54: 28045047 | AB54: =ROUND((AC54+AD54+AF54),2) -> 55.26 | AC54: =ROUND((ES54),2) -> 11.27 | AD54: =ROUND((((ET54)-(EU54))+AE54),2) -> 1.78 | AE54: =ROUND((EU54),2) -> 0.26 | AF54: =ROUND((EV54),2) -> 42.21 | AG54: =ROUND((AP54),2) -> 0 | AH54: =(EW54) -> 4.49 | AI54: =(EX54) -> 0.02 | AJ54: =(AS54) -> 0 | AK54: 55.26 | AL54: 11.27 | AM54: 1.78 | AN54: 0.26 | AO54: 42.21 | AP54: 0 | AQ54: 4.49 | AR54: 0.02 | AS54: 0 | AT54: 95 | AU54: 65 | AV54: 1 | AW54: 1 | AZ54: 1 | BA54: 1 | BB54: 1 | BC54: 1 | BH54: 0 | BI54: 2 | BJ54: ФЕРм-2001, м08-02-412-01, приказ Минстроя России №1039/пр от 30.12.2016г. | BM54: 108001 | BN54: 0 | BP54: 0 | BQ54: 3 | BR54: 0 | BS54: 1 | BT54: 1 | BU54: 1 | BV54: 1 | BW54: 1 | BX54: 1 | BZ54: 95 | CA54: 65 | CE54: 0 | CF54: 0 | CG54: 0 | CM54: 0 | CO54: 0 | CP54: =(P54+Q54+S54) -> 38.69 | CQ54: =AC54*BC54 -> 11.27 | CR54: =AD54*BB54 -> 1.78 | CS54: =AE54*BS54 -> 0.26 | CT54: =AF54*BA54 -> 42.21 | CU54: =AG54 -> 0 | CV54: =AH54 -> 4.49 | CW54: =AI54 -> 0.02 | CX54: =AJ54 -> 0 | CY54: =(((S54+R54)*AT54)/100) -> 28.2435 | CZ54: =(((S54+R54)*AU54)/100) -> 19.3245 | DN54: 0 | DO54: 0 | DP54: 1 | DQ54: 1 | DU54: 1003 | DV54: 100 м | DW54: 100 м | DX54: 100 | EE54: 27028906 | EF54: 3 | EG54: Монтажные работы | EH54: 0 | EJ54: 2 | EK54: 108001 | EL54: Электромонтажные работы , отдел 01-03 : ( на АЭС НР = 110% ) - (работы по упр. авиа.- движением: СП=55% ( {АВИА}=1; обычные работы : СП=65 - {AВИА}=0), при работе на АЭС СП= 68% ) | EM54: мФЕР-08 | EQ54: 0 | ER54: 55.26 | ES54: 11.27 | ET54: 1.78 | EU54: 0.26 | EV54: 42.21 | EW54: 4.49 | EX54: 0.02 | EY54: 0 | FQ54: 0 | FR54: =ROUND(IF(AND(BH54=3,BI54=3),P54,0),2) -> 0 | FS54: 0 | FX54: 95 | FY54: 65 | GD54: 0 | GF54: -960298818 | GG54: 2 | GH54: 1 | GI54: -2 | GJ54: 0 | GK54: =ROUND(R54*(R12)/100,2) -> 0 | GL54: =ROUND(IF(AND(BH54=3,BI54=3,FS54<>0),P54,0),2) -> 0 | GM54: =ROUND(O54+X54+Y54+GK54,2)+GX54 -> 86.25 | GN54: =IF(OR(BI54=0,BI54=1),ROUND(O54+X54+Y54+GK54,2),0) -> 0 | GO54: =IF(BI54=2,ROUND(O54+X54+Y54+GK54,2),0) -> 86.25 | GP54: =IF(BI54=4,ROUND(O54+X54+Y54+GK54,2)+GX54,0) -> 0 | GR54: 0 | GS54: 3 | GT54: 0 | GV54: =ROUND((GT54),2) -> 0 | GW54: 1 | GX54: =ROUND(HC54*I54,2) -> 0 | HA54: 0 | HB54: 0 | HC54: =GV54*GW54 -> 0 | IK54: 0
A55: 17 | B55: 1 | C55: =ROW(SmtRes!A116) -> 116 | D55: =ROW(EtalonRes!A106) -> 106 | E55: 8 | F55: м08-02-412-01 | G55: Затягивание провода в проложенные трубы и металлические рукава первого одножильного или многожильного в общей оплетке, суммарное сечение до 2,5 мм2 | H55: 100 м | I55: =ROUND(70/100,9) -> 0.7 | J55: 0 | O55: =ROUND(CP55,2) -> 259.56 | P55: =ROUND(CQ55*I55,2) -> 52.94 | Q55: =ROUND(CR55*I55,2) -> 8.36 | R55: =ROUND(CS55*I55,2) -> 1.22 | S55: =ROUND(CT55*I55,2) -> 198.26 | T55: =ROUND(CU55*I55,2) -> 0 | U55: =CV55*I55 -> 3.143 | V55: =CW55*I55 -> 0.014 | W55: =ROUND(CX55*I55,2) -> 0 | X55: =ROUND(CY55,2) -> 189.51 | Y55: =ROUND(CZ55,2) -> 129.66 | AA55: 28045061 | AB55: =ROUND((AC55+AD55+AF55),2) -> 55.26 | AC55: =ROUND((ES55),2) -> 11.27 | AD55: =ROUND((((ET55)-(EU55))+AE55),2) -> 1.78 | AE55: =ROUND((EU55),2) -> 0.26 | AF55: =ROUND((EV55),2) -> 42.21 | AG55: =ROUND((AP55),2) -> 0 | AH55: =(EW55) -> 4.49 | AI55: =(EX55) -> 0.02 | AJ55: =(AS55) -> 0 | AK55: 55.26 | AL55: 11.27 | AM55: 1.78 | AN55: 0.26 | AO55: 42.21 | AP55: 0 | AQ55: 4.49 | AR55: 0.02 | AS55: 0 | AT55: 95 | AU55: 65 | AV55: 1 | AW55: 1 | AZ55: 6.71 | BA55: 6.71 | BB55: 6.71 | BC55: 6.71 | BH55: 0 | BI55: 2 | BJ55: ФЕРм-2001, м08-02-412-01, приказ Минстроя России №1039/пр от 30.12.2016г. | BM55: 108001 | BN55: 0 | BP55: 0 | BQ55: 3 | BR55: 0 | BS55: 6.71 | BT55: 1 | BU55: 1 | BV55: 1 | BW55: 1 | BX55: 1 | BZ55: 95 | CA55: 65 | CE55: 0 | CF55: 0 | CG55: 0 | CM55: 0 | CO55: 0 | CP55: =(P55+Q55+S55) -> 259.56 | CQ55: =AC55*BC55 -> 75.6217 | CR55: =AD55*BB55 -> 11.9438 | CS55: =AE55*BS55 -> 1.7446 | CT55: =AF55*BA55 -> 283.2291 | CU55: =AG55 -> 0 | CV55: =AH55 -> 4.49 | CW55: =AI55 -> 0.02 | CX55: =AJ55 -> 0 | CY55: =(((S55+R55)*AT55)/100) -> 189.506 | CZ55: =(((S55+R55)*AU55)/100) -> 129.662 | DN55: 0 | DO55: 0 | DP55: 1 | DQ55: 1 | DU55: 1003 | DV55: 100 м | DW55: 100 м | DX55: 100 | EE55: 27028906 | EF55: 3 | EG55: Монтажные работы | EH55: 0 | EJ55: 2 | EK55: 108001 | EL55: Электромонтажные работы , отдел 01-03 : ( на АЭС НР = 110% ) - (работы по упр. авиа.- движением: СП=55% ( {АВИА}=1; обычные работы : СП=65 - {AВИА}=0), при работе на АЭС СП= 68% ) | EM55: мФЕР-08 | EQ55: 0 | ER55: 55.26 | ES55: 11.27 | ET55: 1.78 | EU55: 0.26 | EV55: 42.21 | EW55: 4.49 | EX55: 0.02 | EY55: 0 | FQ55: 0 | FR55: =ROUND(IF(AND(BH55=3,BI55=3),P55,0),2) -> 0 | FS55: 0 | FX55: 95 | FY55: 65 | GD55: 0 | GF55: -960298818 | GG55: 1 | GH55: 1 | GI55: 4 | GJ55: 0 | GK55: =ROUND(R55*(S12)/100,2) -> 0 | GL55: =ROUND(IF(AND(BH55=3,BI55=3,FS55<>0),P55,0),2) -> 0 | GM55: =ROUND(O55+X55+Y55+GK55,2)+GX55 -> 578.73 | GN55: =IF(OR(BI55=0,BI55=1),ROUND(O55+X55+Y55+GK55,2),0) -> 0 | GO55: =IF(BI55=2,ROUND(O55+X55+Y55+GK55,2),0) -> 578.73 | GP55: =IF(BI55=4,ROUND(O55+X55+Y55+GK55,2)+GX55,0) -> 0 | GR55: 0 | GS55: 3 | GT55: 0 | GV55: =ROUND((GT55),2) -> 0 | GW55: 1 | GX55: =ROUND(HC55*I55,2) -> 0 | HA55: 0 | HB55: 0 | HC55: =GV55*GW55 -> 0 | IK55: 0
A56: 18 | B56: 1 | C56: 104 | E56: 8,1 | F56: 21.1.06.10-0236 | G56: Кабель силовой огнестойкий с медными жилами с изоляцией и оболочкой из ПВХ, не распространяющий горение, с низким дымо- и газовыделением, напряжением 1,0 кВ марки ВВГнг-FRLS 3х2,5 | H56: 1000 м | I56: =I54*J56 -> 0.07 | J56: 0.1 | O56: =ROUND(CP56,2) -> 1039.05 | P56: =ROUND(CQ56*I56,2) -> 1039.05 | Q56: =ROUND(CR56*I56,2) -> 0 | R56: =ROUND(CS56*I56,2) -> 0 | S56: =ROUND(CT56*I56,2) -> 0 | T56: =ROUND(CU56*I56,2) -> 0 | U56: =CV56*I56 -> 0 | V56: =CW56*I56 -> 0 | W56: =ROUND(CX56*I56,2) -> 0 | X56: =ROUND(CY56,2) -> 0 | Y56: =ROUND(CZ56,2) -> 0 | AA56: 28045047 | AB56: =ROUND((AC56+AD56+AF56),2) -> 14843.6 | AC56: =ROUND((ES56),2) -> 14843.6 | AD56: =ROUND((((ET56)-(EU56))+AE56),2) -> 0 | AE56: =ROUND((EU56),2) -> 0 | AF56: =ROUND((EV56),2) -> 0 | AG56: =ROUND((AP56),2) -> 0 | AH56: =(EW56) -> 0 | AI56: =(EX56) -> 0 | AJ56: =(AS56) -> 0 | AK56: 14843.6 | AL56: 14843.6 | AM56: 0 | AN56: 0 | AO56: 0 | AP56: 0 | AQ56: 0 | AR56: 0 | AS56: 0 | AT56: 95 | AU56: 65 | AV56: 1 | AW56: 1 | AZ56: 1 | BA56: 1 | BB56: 1 | BC56: 1 | BH56: 3 | BI56: 2 | BJ56: ФССЦ-2001, 21.1.06.10-0236, приказ Минстроя России №1039/пр от 30.12.2016г. | BM56: 108001 | BN56: 0 | BP56: 0 | BQ56: 3 | BR56: 0 | BS56: 1 | BT56: 1 | BU56: 1 | BV56: 1 | BW56: 1 | BX56: 1 | BZ56: 95 | CA56: 65 | CE56: 0 | CF56: 0 | CG56: 0 | CM56: 0 | CO56: 0 | CP56: =(P56+Q56+S56) -> 1039.05 | CQ56: =AC56*BC56 -> 14843.6 | CR56: =AD56*BB56 -> 0 | CS56: =AE56*BS56 -> 0 | CT56: =AF56*BA56 -> 0 | CU56: =AG56 -> 0 | CV56: =AH56 -> 0 | CW56: =AI56 -> 0 | CX56: =AJ56 -> 0 | CY56: =(((S56+R56)*AT56)/100) -> 0 | CZ56: =(((S56+R56)*AU56)/100) -> 0 | DN56: 0 | DO56: 0 | DP56: 1 | DQ56: 1 | DU56: 1013 | DV56: 1000 м | DW56: 1000 М | DX56: 1 | EE56: 27028906 | EF56: 3 | EG56: Монтажные работы | EH56: 0 | EJ56: 2 | EK56: 108001 | EL56: Электромонтажные работы , отдел 01-03 : ( на АЭС НР = 110% ) - (работы по упр. авиа.- движением: СП=55% ( {АВИА}=1; обычные работы : СП=65 - {AВИА}=0), при работе на АЭС СП= 68% ) | EM56: мФЕР-08 | EQ56: 0 | ER56: 14843.6 | ES56: 14843.6 | ET56: 0 | EU56: 0 | EV56: 0 | EW56: 0 | EX56: 0 | FQ56: 0 | FR56: =ROUND(IF(AND(BH56=3,BI56=3),P56,0),2) -> 0 | FS56: 0 | FX56: 95 | FY56: 65 | GD56: 0 | GF56: -677477715 | GG56: 2 | GH56: 1 | GI56: -2 | GJ56: 0 | GK56: =ROUND(R56*(R12)/100,2) -> 0 | GL56: =ROUND(IF(AND(BH56=3,BI56=3,FS56<>0),P56,0),2) -> 0 | GM56: =ROUND(O56+X56+Y56+GK56,2)+GX56 -> 1039.05 | GN56: =IF(OR(BI56=0,BI56=1),ROUND(O56+X56+Y56+GK56,2),0) -> 0 | GO56: =IF(BI56=2,ROUND(O56+X56+Y56+GK56,2),0) -> 1039.05 | GP56: =IF(BI56=4,ROUND(O56+X56+Y56+GK56,2)+GX56,0) -> 0 | GR56: 0 | GS56: 3 | GT56: 0 | GV56: =ROUND((GT56),2) -> 0 | GW56: 1 | GX56: =ROUND(HC56*I56,2) -> 0 | HA56: 0 | HB56: 0 | HC56: =GV56*GW56 -> 0 | IK56: 0
A57: 18 | B57: 1 | C57: 115 | E57: 8,1 | F57: 21.1.06.10-0236 | G57: Кабель силовой огнестойкий с медными жилами с изоляцией и оболочкой из ПВХ, не распространяющий горение, с низким дымо- и газовыделением, напряжением 1,0 кВ марки ВВГнг-FRLS 3х2,5 | H57: 1000 м | I57: =I55*J57 -> 0.07 | J57: 0.1 | O57: =ROUND(CP57,2) -> 6972.04 | P57: =ROUND(CQ57*I57,2) -> 6972.04 | Q57: =ROUND(CR57*I57,2) -> 0 | R57: =ROUND(CS57*I57,2) -> 0 | S57: =ROUND(CT57*I57,2) -> 0 | T57: =ROUND(CU57*I57,2) -> 0 | U57: =CV57*I57 -> 0 | V57: =CW57*I57 -> 0 | W57: =ROUND(CX57*I57,2) -> 0 | X57: =ROUND(CY57,2) -> 0 | Y57: =ROUND(CZ57,2) -> 0 | AA57: 28045061 | AB57: =ROUND((AC57+AD57+AF57),2) -> 14843.6 | AC57: =ROUND((ES57),2) -> 14843.6 | AD57: =ROUND((((ET57)-(EU57))+AE57),2) -> 0 | AE57: =ROUND((EU57),2) -> 0 | AF57: =ROUND((EV57),2) -> 0 | AG57: =ROUND((AP57),2) -> 0 | AH57: =(EW57) -> 0 | AI57: =(EX57) -> 0 | AJ57: =(AS57) -> 0 | AK57: 14843.6 | AL57: 14843.6 | AM57: 0 | AN57: 0 | AO57: 0 | AP57: 0 | AQ57: 0 | AR57: 0 | AS57: 0 | AT57: 95 | AU57: 65 | AV57: 1 | AW57: 1 | AZ57: 6.71 | BA57: 1 | BB57: 1 | BC57: 6.71 | BH57: 3 | BI57: 2 | BJ57: ФССЦ-2001, 21.1.06.10-0236, приказ Минстроя России №1039/пр от 30.12.2016г. | BM57: 108001 | BN57: 0 | BP57: 0 | BQ57: 3 | BR57: 0 | BS57: 1 | BT57: 1 | BU57: 1 | BV57: 1 | BW57: 1 | BX57: 1 | BZ57: 95 | CA57: 65 | CE57: 0 | CF57: 0 | CG57: 0 | CM57: 0 | CO57: 0 | CP57: =(P57+Q57+S57) -> 6972.04 | CQ57: =AC57*BC57 -> 99600.556 | CR57: =AD57*BB57 -> 0 | CS57: =AE57*BS57 -> 0 | CT57: =AF57*BA57 -> 0 | CU57: =AG57 -> 0 | CV57: =AH57 -> 0 | CW57: =AI57 -> 0 | CX57: =AJ57 -> 0 | CY57: =(((S57+R57)*AT57)/100) -> 0 | CZ57: =(((S57+R57)*AU57)/100) -> 0 | DN57: 0 | DO57: 0 | DP57: 1 | DQ57: 1 | DU57: 1013 | DV57: 1000 м | DW57: 1000 М | DX57: 1 | EE57: 27028906 | EF57: 3 | EG57: Монтажные работы | EH57: 0 | EJ57: 2 | EK57: 108001 | EL57: Электромонтажные работы , отдел 01-03 : ( на АЭС НР = 110% ) - (работы по упр. авиа.- движением: СП=55% ( {АВИА}=1; обычные работы : СП=65 - {AВИА}=0), при работе на АЭС СП= 68% ) | EM57: мФЕР-08 | EQ57: 0 | ER57: 14843.6 | ES57: 14843.6 | ET57: 0 | EU57: 0 | EV57: 0 | EW57: 0 | EX57: 0 | FQ57: 0 | FR57: =ROUND(IF(AND(BH57=3,BI57=3),P57,0),2) -> 0 | FS57: 0 | FX57: 95 | FY57: 65 | GD57: 0 | GF57: -677477715 | GG57: 1 | GH57: 1 | GI57: 4 | GJ57: 0 | GK57: =ROUND(R57*(S12)/100,2) -> 0 | GL57: =ROUND(IF(AND(BH57=3,BI57=3,FS57<>0),P57,0),2) -> 0 | GM57: =ROUND(O57+X57+Y57+GK57,2)+GX57 -> 6972.04 | GN57: =IF(OR(BI57=0,BI57=1),ROUND(O57+X57+Y57+GK57,2),0) -> 0 | GO57: =IF(BI57=2,ROUND(O57+X57+Y57+GK57,2),0) -> 6972.04 | GP57: =IF(BI57=4,ROUND(O57+X57+Y57+GK57,2)+GX57,0) -> 0 | GR57: 0 | GS57: 3 | GT57: 0 | GV57: =ROUND((GT57),2) -> 0 | GW57: 1 | GX57: =ROUND(HC57*I57,2) -> 0 | HA57: 0 | HB57: 0 | HC57: =GV57*GW57 -> 0 | IK57: 0
A58: 17 | B58: 1 | C58: =ROW(SmtRes!A127) -> 127 | D58: =ROW(EtalonRes!A116) -> 116 | E58: 9 | F58: м08-02-412-03 | G58: Затягивание провода в проложенные трубы и металлические рукава первого одножильного или многожильного в общей оплетке, суммарное сечение до 16 мм2 | H58: 100 м | I58: =ROUND(130/100,9) -> 1.3 | J58: 0 | O58: =ROUND(CP58,2) -> 113.3 | P58: =ROUND(CQ58*I58,2) -> 29.5 | Q58: =ROUND(CR58*I58,2) -> 6.93 | R58: =ROUND(CS58*I58,2) -> 0.99 | S58: =ROUND(CT58*I58,2) -> 76.87 | T58: =ROUND(CU58*I58,2) -> 0 | U58: =CV58*I58 -> 8.177 | V58: =CW58*I58 -> 0.078 | W58: =ROUND(CX58*I58,2) -> 0 | X58: =ROUND(CY58,2) -> 73.97 | Y58: =ROUND(CZ58,2) -> 50.61 | AA58: 28045047 | AB58: =ROUND((AC58+AD58+AF58),2) -> 87.15 | AC58: =ROUND((ES58),2) -> 22.69 | AD58: =ROUND((((ET58)-(EU58))+AE58),2) -> 5.33 | AE58: =ROUND((EU58),2) -> 0.76 | AF58: =ROUND((EV58),2) -> 59.13 | AG58: =ROUND((AP58),2) -> 0 | AH58: =(EW58) -> 6.29 | AI58: =(EX58) -> 0.06 | AJ58: =(AS58) -> 0 | AK58: 87.15 | AL58: 22.69 | AM58: 5.33 | AN58: 0.76 | AO58: 59.13 | AP58: 0 | AQ58: 6.29 | AR58: 0.06 | AS58: 0 | AT58: 95 | AU58: 65 | AV58: 1 | AW58: 1 | AZ58: 1 | BA58: 1 | BB58: 1 | BC58: 1 | BH58: 0 | BI58: 2 | BJ58: ФЕРм-2001, м08-02-412-03, приказ Минстроя России №1039/пр от 30.12.2016г. | BM58: 108001 | BN58: 0 | BP58: 0 | BQ58: 3 | BR58: 0 | BS58: 1 | BT58: 1 | BU58: 1 | BV58: 1 | BW58: 1 | BX58: 1 | BZ58: 95 | CA58: 65 | CE58: 0 | CF58: 0 | CG58: 0 | CM58: 0 | CO58: 0 | CP58: =(P58+Q58+S58) -> 113.3 | CQ58: =AC58*BC58 -> 22.69 | CR58: =AD58*BB58 -> 5.33 | CS58: =AE58*BS58 -> 0.76 | CT58: =AF58*BA58 -> 59.13 | CU58: =AG58 -> 0 | CV58: =AH58 -> 6.29 | CW58: =AI58 -> 0.06 | CX58: =AJ58 -> 0 | CY58: =(((S58+R58)*AT58)/100) -> 73.967 | CZ58: =(((S58+R58)*AU58)/100) -> 50.609 | DN58: 0 | DO58: 0 | DP58: 1 | DQ58: 1 | DU58: 1003 | DV58: 100 м | DW58: 100 м | DX58: 100 | EE58: 27028906 | EF58: 3 | EG58: Монтажные работы | EH58: 0 | EJ58: 2 | EK58: 108001 | EL58: Электромонтажные работы , отдел 01-03 : ( на АЭС НР = 110% ) - (работы по упр. авиа.- движением: СП=55% ( {АВИА}=1; обычные работы : СП=65 - {AВИА}=0), при работе на АЭС СП= 68% ) | EM58: мФЕР-08 | EQ58: 0 | ER58: 87.15 | ES58: 22.69 | ET58: 5.33 | EU58: 0.76 | EV58: 59.13 | EW58: 6.29 | EX58: 0.06 | EY58: 0 | FQ58: 0 | FR58: =ROUND(IF(AND(BH58=3,BI58=3),P58,0),2) -> 0 | FS58: 0 | FX58: 95 | FY58: 65 | GD58: 0 | GF58: 1667817228 | GG58: 2 | GH58: 1 | GI58: -2 | GJ58: 0 | GK58: =ROUND(R58*(R12)/100,2) -> 0 | GL58: =ROUND(IF(AND(BH58=3,BI58=3,FS58<>0),P58,0),2) -> 0 | GM58: =ROUND(O58+X58+Y58+GK58,2)+GX58 -> 237.88 | GN58: =IF(OR(BI58=0,BI58=1),ROUND(O58+X58+Y58+GK58,2),0) -> 0 | GO58: =IF(BI58=2,ROUND(O58+X58+Y58+GK58,2),0) -> 237.88 | GP58: =IF(BI58=4,ROUND(O58+X58+Y58+GK58,2)+GX58,0) -> 0 | GR58: 0 | GS58: 3 | GT58: 0 | GV58: =ROUND((GT58),2) -> 0 | GW58: 1 | GX58: =ROUND(HC58*I58,2) -> 0 | HA58: 0 | HB58: 0 | HC58: =GV58*GW58 -> 0 | IK58: 0
A59: 17 | B59: 1 | C59: =ROW(SmtRes!A138) -> 138 | D59: =ROW(EtalonRes!A126) -> 126 | E59: 9 | F59: м08-02-412-03 | G59: Затягивание провода в проложенные трубы и металлические рукава первого одножильного или многожильного в общей оплетке, суммарное сечение до 16 мм2 | H59: 100 м | I59: =ROUND(130/100,9) -> 1.3 | J59: 0 | O59: =ROUND(CP59,2) -> 760.2 | P59: =ROUND(CQ59*I59,2) -> 197.92 | Q59: =ROUND(CR59*I59,2) -> 46.49 | R59: =ROUND(CS59*I59,2) -> 6.63 | S59: =ROUND(CT59*I59,2) -> 515.79 | T59: =ROUND(CU59*I59,2) -> 0 | U59: =CV59*I59 -> 8.177 | V59: =CW59*I59 -> 0.078 | W59: =ROUND(CX59*I59,2) -> 0 | X59: =ROUND(CY59,2) -> 496.3 | Y59: =ROUND(CZ59,2) -> 339.57 | AA59: 28045061 | AB59: =ROUND((AC59+AD59+AF59),2) -> 87.15 | AC59: =ROUND((ES59),2) -> 22.69 | AD59: =ROUND((((ET59)-(EU59))+AE59),2) -> 5.33 | AE59: =ROUND((EU59),2) -> 0.76 | AF59: =ROUND((EV59),2) -> 59.13 | AG59: =ROUND((AP59),2) -> 0 | AH59: =(EW59) -> 6.29 | AI59: =(EX59) -> 0.06 | AJ59: =(AS59) -> 0 | AK59: 87.15 | AL59: 22.69 | AM59: 5.33 | AN59: 0.76 | AO59: 59.13 | AP59: 0 | AQ59: 6.29 | AR59: 0.06 | AS59: 0 | AT59: 95 | AU59: 65 | AV59: 1 | AW59: 1 | AZ59: 6.71 | BA59: 6.71 | BB59: 6.71 | BC59: 6.71 | BH59: 0 | BI59: 2 | BJ59: ФЕРм-2001, м08-02-412-03, приказ Минстроя России №1039/пр от 30.12.2016г. | BM59: 108001 | BN59: 0 | BP59: 0 | BQ59: 3 | BR59: 0 | BS59: 6.71 | BT59: 1 | BU59: 1 | BV59: 1 | BW59: 1 | BX59: 1 | BZ59: 95 | CA59: 65 | CE59: 0 | CF59: 0 | CG59: 0 | CM59: 0 | CO59: 0 | CP59: =(P59+Q59+S59) -> 760.2 | CQ59: =AC59*BC59 -> 152.2499 | CR59: =AD59*BB59 -> 35.7643 | CS59: =AE59*BS59 -> 5.0996 | CT59: =AF59*BA59 -> 396.7623 | CU59: =AG59 -> 0 | CV59: =AH59 -> 6.29 | CW59: =AI59 -> 0.06 | CX59: =AJ59 -> 0 | CY59: =(((S59+R59)*AT59)/100) -> 496.299 | CZ59: =(((S59+R59)*AU59)/100) -> 339.573 | DN59: 0 | DO59: 0 | DP59: 1 | DQ59: 1 | DU59: 1003 | DV59: 100 м | DW59: 100 м | DX59: 100 | EE59: 27028906 | EF59: 3 | EG59: Монтажные работы | EH59: 0 | EJ59: 2 | EK59: 108001 | EL59: Электромонтажные работы , отдел 01-03 : ( на АЭС НР = 110% ) - (работы по упр. авиа.- движением: СП=55% ( {АВИА}=1; обычные работы : СП=65 - {AВИА}=0), при работе на АЭС СП= 68% ) | EM59: мФЕР-08 | EQ59: 0 | ER59: 87.15 | ES59: 22.69 | ET59: 5.33 | EU59: 0.76 | EV59: 59.13 | EW59: 6.29 | EX59: 0.06 | EY59: 0 | FQ59: 0 | FR59: =ROUND(IF(AND(BH59=3,BI59=3),P59,0),2) -> 0 | FS59: 0 | FX59: 95 | FY59: 65 | GD59: 0 | GF59: 1667817228 | GG59: 1 | GH59: 1 | GI59: 4 | GJ59: 0 | GK59: =ROUND(R59*(S12)/100,2) -> 0 | GL59: =ROUND(IF(AND(BH59=3,BI59=3,FS59<>0),P59,0),2) -> 0 | GM59: =ROUND(O59+X59+Y59+GK59,2)+GX59 -> 1596.07 | GN59: =IF(OR(BI59=0,BI59=1),ROUND(O59+X59+Y59+GK59,2),0) -> 0 | GO59: =IF(BI59=2,ROUND(O59+X59+Y59+GK59,2),0) -> 1596.07 | GP59: =IF(BI59=4,ROUND(O59+X59+Y59+GK59,2)+GX59,0) -> 0 | GR59: 0 | GS59: 3 | GT59: 0 | GV59: =ROUND((GT59),2) -> 0 | GW59: 1 | GX59: =ROUND(HC59*I59,2) -> 0 | HA59: 0 | HB59: 0 | HC59: =GV59*GW59 -> 0 | IK59: 0
A60: 18 | B60: 1 | C60: 126 | E60: 9,1 | F60: 21.1.06.10-0268 | G60: Кабель силовой огнестойкий с медными жилами с изоляцией и оболочкой из ПВХ, не распространяющий горение, с низким дымо- и газовыделением, напряжением 1,0 кВ марки ВВГнг-FRLS 5х10 | H60: 1000 м | I60: =I58*J60 -> 0.13 | J60: 0.1 | O60: =ROUND(CP60,2) -> 8421.17 | P60: =ROUND(CQ60*I60,2) -> 8421.17 | Q60: =ROUND(CR60*I60,2) -> 0 | R60: =ROUND(CS60*I60,2) -> 0 | S60: =ROUND(CT60*I60,2) -> 0 | T60: =ROUND(CU60*I60,2) -> 0 | U60: =CV60*I60 -> 0 | V60: =CW60*I60 -> 0 | W60: =ROUND(CX60*I60,2) -> 0 | X60: =ROUND(CY60,2) -> 0 | Y60: =ROUND(CZ60,2) -> 0 | AA60: 28045047 | AB60: =ROUND((AC60+AD60+AF60),2) -> 64778.22 | AC60: =ROUND((ES60),2) -> 64778.22 | AD60: =ROUND((((ET60)-(EU60))+AE60),2) -> 0 | AE60: =ROUND((EU60),2) -> 0 | AF60: =ROUND((EV60),2) -> 0 | AG60: =ROUND((AP60),2) -> 0 | AH60: =(EW60) -> 0 | AI60: =(EX60) -> 0 | AJ60: =(AS60) -> 0 | AK60: 64778.22 | AL60: 64778.22 | AM60: 0 | AN60: 0 | AO60: 0 | AP60: 0 | AQ60: 0 | AR60: 0 | AS60: 0 | AT60: 95 | AU60: 65 | AV60: 1 | AW60: 1 | AZ60: 1 | BA60: 1 | BB60: 1 | BC60: 1 | BH60: 3 | BI60: 2 | BJ60: ФССЦ-2001, 21.1.06.10-0268, приказ Минстроя России №1039/пр от 30.12.2016г. | BM60: 108001 | BN60: 0 | BP60: 0 | BQ60: 3 | BR60: 0 | BS60: 1 | BT60: 1 | BU60: 1 | BV60: 1 | BW60: 1 | BX60: 1 | BZ60: 95 | CA60: 65 | CE60: 0 | CF60: 0 | CG60: 0 | CM60: 0 | CO60: 0 | CP60: =(P60+Q60+S60) -> 8421.17 | CQ60: =AC60*BC60 -> 64778.22 | CR60: =AD60*BB60 -> 0 | CS60: =AE60*BS60 -> 0 | CT60: =AF60*BA60 -> 0 | CU60: =AG60 -> 0 | CV60: =AH60 -> 0 | CW60: =AI60 -> 0 | CX60: =AJ60 -> 0 | CY60: =(((S60+R60)*AT60)/100) -> 0 | CZ60: =(((S60+R60)*AU60)/100) -> 0 | DN60: 0 | DO60: 0 | DP60: 1 | DQ60: 1 | DU60: 1013 | DV60: 1000 м | DW60: 1000 М | DX60: 1 | EE60: 27028906 | EF60: 3 | EG60: Монтажные работы | EH60: 0 | EJ60: 2 | EK60: 108001 | EL60: Электромонтажные работы , отдел 01-03 : ( на АЭС НР = 110% ) - (работы по упр. авиа.- движением: СП=55% ( {АВИА}=1; обычные работы : СП=65 - {AВИА}=0), при работе на АЭС СП= 68% ) | EM60: мФЕР-08 | EQ60: 0 | ER60: 64778.22 | ES60: 64778.22 | ET60: 0 | EU60: 0 | EV60: 0 | EW60: 0 | EX60: 0 | FQ60: 0 | FR60: =ROUND(IF(AND(BH60=3,BI60=3),P60,0),2) -> 0 | FS60: 0 | FX60: 95 | FY60: 65 | GD60: 0 | GF60: 380266745 | GG60: 2 | GH60: 1 | GI60: -2 | GJ60: 0 | GK60: =ROUND(R60*(R12)/100,2) -> 0 | GL60: =ROUND(IF(AND(BH60=3,BI60=3,FS60<>0),P60,0),2) -> 0 | GM60: =ROUND(O60+X60+Y60+GK60,2)+GX60 -> 8421.17 | GN60: =IF(OR(BI60=0,BI60=1),ROUND(O60+X60+Y60+GK60,2),0) -> 0 | GO60: =IF(BI60=2,ROUND(O60+X60+Y60+GK60,2),0) -> 8421.17 | GP60: =IF(BI60=4,ROUND(O60+X60+Y60+GK60,2)+GX60,0) -> 0 | GR60: 0 | GS60: 3 | GT60: 0 | GV60: =ROUND((GT60),2) -> 0 | GW60: 1 | GX60: =ROUND(HC60*I60,2) -> 0 | HA60: 0 | HB60: 0 | HC60: =GV60*GW60 -> 0 | IK60: 0
A61: 18 | B61: 1 | C61: 137 | E61: 9,1 | F61: 21.1.06.10-0268 | G61: Кабель силовой огнестойкий с медными жилами с изоляцией и оболочкой из ПВХ, не распространяющий горение, с низким дымо- и газовыделением, напряжением 1,0 кВ марки ВВГнг-FRLS 5х10 | H61: 1000 м | I61: =I59*J61 -> 0.13 | J61: 0.1 | O61: =ROUND(CP61,2) -> 56506.04 | P61: =ROUND(CQ61*I61,2) -> 56506.04 | Q61: =ROUND(CR61*I61,2) -> 0 | R61: =ROUND(CS61*I61,2) -> 0 | S61: =ROUND(CT61*I61,2) -> 0 | T61: =ROUND(CU61*I61,2) -> 0 | U61: =CV61*I61 -> 0 | V61: =CW61*I61 -> 0 | W61: =ROUND(CX61*I61,2) -> 0 | X61: =ROUND(CY61,2) -> 0 | Y61: =ROUND(CZ61,2) -> 0 | AA61: 28045061 | AB61: =ROUND((AC61+AD61+AF61),2) -> 64778.22 | AC61: =ROUND((ES61),2) -> 64778.22 | AD61: =ROUND((((ET61)-(EU61))+AE61),2) -> 0 | AE61: =ROUND((EU61),2) -> 0 | AF61: =ROUND((EV61),2) -> 0 | AG61: =ROUND((AP61),2) -> 0 | AH61: =(EW61) -> 0 | AI61: =(EX61) -> 0 | AJ61: =(AS61) -> 0 | AK61: 64778.22 | AL61: 64778.22 | AM61: 0 | AN61: 0 | AO61: 0 | AP61: 0 | AQ61: 0 | AR61: 0 | AS61: 0 | AT61: 95 | AU61: 65 | AV61: 1 | AW61: 1 | AZ61: 6.71 | BA61: 1 | BB61: 1 | BC61: 6.71 | BH61: 3 | BI61: 2 | BJ61: ФССЦ-2001, 21.1.06.10-0268, приказ Минстроя России №1039/пр от 30.12.2016г. | BM61: 108001 | BN61: 0 | BP61: 0 | BQ61: 3 | BR61: 0 | BS61: 1 | BT61: 1 | BU61: 1 | BV61: 1 | BW61: 1 | BX61: 1 | BZ61: 95 | CA61: 65 | CE61: 0 | CF61: 0 | CG61: 0 | CM61: 0 | CO61: 0 | CP61: =(P61+Q61+S61) -> 56506.04 | CQ61: =AC61*BC61 -> 434661.86 | CR61: =AD61*BB61 -> 0 | CS61: =AE61*BS61 -> 0 | CT61: =AF61*BA61 -> 0 | CU61: =AG61 -> 0 | CV61: =AH61 -> 0 | CW61: =AI61 -> 0 | CX61: =AJ61 -> 0 | CY61: =(((S61+R61)*AT61)/100) -> 0 | CZ61: =(((S61+R61)*AU61)/100) -> 0 | DN61: 0 | DO61: 0 | DP61: 1 | DQ61: 1 | DU61: 1013 | DV61: 1000 м | DW61: 1000 М | DX61: 1 | EE61: 27028906 | EF61: 3 | EG61: Монтажные работы | EH61: 0 | EJ61: 2 | EK61: 108001 | EL61: Электромонтажные работы , отдел 01-03 : ( на АЭС НР = 110% ) - (работы по упр. авиа.- движением: СП=55% ( {АВИА}=1; обычные работы : СП=65 - {AВИА}=0), при работе на АЭС СП= 68% ) | EM61: мФЕР-08 | EQ61: 0 | ER61: 64778.22 | ES61: 64778.22 | ET61: 0 | EU61: 0 | EV61: 0 | EW61: 0 | EX61: 0 | FQ61: 0 | FR61: =ROUND(IF(AND(BH61=3,BI61=3),P61,0),2) -> 0 | FS61: 0 | FX61: 95 | FY61: 65 | GD61: 0 | GF61: 380266745 | GG61: 1 | GH61: 1 | GI61: 4 | GJ61: 0 | GK61: =ROUND(R61*(S12)/100,2) -> 0 | GL61: =ROUND(IF(AND(BH61=3,BI61=3,FS61<>0),P61,0),2) -> 0 | GM61: =ROUND(O61+X61+Y61+GK61,2)+GX61 -> 56506.04 | GN61: =IF(OR(BI61=0,BI61=1),ROUND(O61+X61+Y61+GK61,2),0) -> 0 | GO61: =IF(BI61=2,ROUND(O61+X61+Y61+GK61,2),0) -> 56506.04 | GP61: =IF(BI61=4,ROUND(O61+X61+Y61+GK61,2)+GX61,0) -> 0 | GR61: 0 | GS61: 3 | GT61: 0 | GV61: =ROUND((GT61),2) -> 0 | GW61: 1 | GX61: =ROUND(HC61*I61,2) -> 0 | HA61: 0 | HB61: 0 | HC61: =GV61*GW61 -> 0 | IK61: 0
A62: 17 | B62: 1 | C62: =ROW(SmtRes!A149) -> 149 | D62: =ROW(EtalonRes!A136) -> 136 | E62: 10 | F62: м08-02-412-04 | G62: Затягивание провода в проложенные трубы и металлические рукава первого одножильного или многожильного в общей оплетке, суммарное сечение до 35 мм2 | H62: 100 м | I62: =ROUND(150/100,9) -> 1.5 | J62: 0 | O62: =ROUND(CP62,2) -> 196.97 | P62: =ROUND(CQ62*I62,2) -> 54.65 | Q62: =ROUND(CR62*I62,2) -> 15.99 | R62: =ROUND(CS62*I62,2) -> 2.27 | S62: =ROUND(CT62*I62,2) -> 126.33 | T62: =ROUND(CU62*I62,2) -> 0 | U62: =CV62*I62 -> 13.44 | V62: =CW62*I62 -> 0.18 | W62: =ROUND(CX62*I62,2) -> 0 | X62: =ROUND(CY62,2) -> 122.17 | Y62: =ROUND(CZ62,2) -> 83.59 | AA62: 28045047 | AB62: =ROUND((AC62+AD62+AF62),2) -> 131.31 | AC62: =ROUND((ES62),2) -> 36.43 | AD62: =ROUND((((ET62)-(EU62))+AE62),2) -> 10.66 | AE62: =ROUND((EU62),2) -> 1.51 | AF62: =ROUND((EV62),2) -> 84.22 | AG62: =ROUND((AP62),2) -> 0 | AH62: =(EW62) -> 8.96 | AI62: =(EX62) -> 0.12 | AJ62: =(AS62) -> 0 | AK62: 131.31 | AL62: 36.43 | AM62: 10.66 | AN62: 1.51 | AO62: 84.22 | AP62: 0 | AQ62: 8.96 | AR62: 0.12 | AS62: 0 | AT62: 95 | AU62: 65 | AV62: 1 | AW62: 1 | AZ62: 1 | BA62: 1 | BB62: 1 | BC62: 1 | BH62: 0 | BI62: 2 | BJ62: ФЕРм-2001, м08-02-412-04, приказ Минстроя России №1039/пр от 30.12.2016г. | BM62: 108001 | BN62: 0 | BP62: 0 | BQ62: 3 | BR62: 0 | BS62: 1 | BT62: 1 | BU62: 1 | BV62: 1 | BW62: 1 | BX62: 1 | BZ62: 95 | CA62: 65 | CE62: 0 | CF62: 0 | CG62: 0 | CM62: 0 | CO62: 0 | CP62: =(P62+Q62+S62) -> 196.97 | CQ62: =AC62*BC62 -> 36.43 | CR62: =AD62*BB62 -> 10.66 | CS62: =AE62*BS62 -> 1.51 | CT62: =AF62*BA62 -> 84.22 | CU62: =AG62 -> 0 | CV62: =AH62 -> 8.96 | CW62: =AI62 -> 0.12 | CX62: =AJ62 -> 0 | CY62: =(((S62+R62)*AT62)/100) -> 122.17 | CZ62: =(((S62+R62)*AU62)/100) -> 83.59 | DN62: 0 | DO62: 0 | DP62: 1 | DQ62: 1 | DU62: 1003 | DV62: 100 м | DW62: 100 м | DX62: 100 | EE62: 27028906 | EF62: 3 | EG62: Монтажные работы | EH62: 0 | EJ62: 2 | EK62: 108001 | EL62: Электромонтажные работы , отдел 01-03 : ( на АЭС НР = 110% ) - (работы по упр. авиа.- движением: СП=55% ( {АВИА}=1; обычные работы : СП=65 - {AВИА}=0), при работе на АЭС СП= 68% ) | EM62: мФЕР-08 | EQ62: 0 | ER62: 131.31 | ES62: 36.43 | ET62: 10.66 | EU62: 1.51 | EV62: 84.22 | EW62: 8.96 | EX62: 0.12 | EY62: 0 | FQ62: 0 | FR62: =ROUND(IF(AND(BH62=3,BI62=3),P62,0),2) -> 0 | FS62: 0 | FX62: 95 | FY62: 65 | GD62: 0 | GF62: 2104607410 | GG62: 2 | GH62: 1 | GI62: -2 | GJ62: 0 | GK62: =ROUND(R62*(R12)/100,2) -> 0 | GL62: =ROUND(IF(AND(BH62=3,BI62=3,FS62<>0),P62,0),2) -> 0 | GM62: =ROUND(O62+X62+Y62+GK62,2)+GX62 -> 402.73 | GN62: =IF(OR(BI62=0,BI62=1),ROUND(O62+X62+Y62+GK62,2),0) -> 0 | GO62: =IF(BI62=2,ROUND(O62+X62+Y62+GK62,2),0) -> 402.73 | GP62: =IF(BI62=4,ROUND(O62+X62+Y62+GK62,2)+GX62,0) -> 0 | GR62: 0 | GS62: 3 | GT62: 0 | GV62: =ROUND((GT62),2) -> 0 | GW62: 1 | GX62: =ROUND(HC62*I62,2) -> 0 | HA62: 0 | HB62: 0 | HC62: =GV62*GW62 -> 0 | IK62: 0
A63: 17 | B63: 1 | C63: =ROW(SmtRes!A160) -> 160 | D63: =ROW(EtalonRes!A146) -> 146 | E63: 10 | F63: м08-02-412-04 | G63: Затягивание провода в проложенные трубы и металлические рукава первого одножильного или многожильного в общей оплетке, суммарное сечение до 35 мм2 | H63: 100 м | I63: =ROUND(150/100,9) -> 1.5 | J63: 0 | O63: =ROUND(CP63,2) -> 1321.63 | P63: =ROUND(CQ63*I63,2) -> 366.67 | Q63: =ROUND(CR63*I63,2) -> 107.29 | R63: =ROUND(CS63*I63,2) -> 15.2 | S63: =ROUND(CT63*I63,2) -> 847.67 | T63: =ROUND(CU63*I63,2) -> 0 | U63: =CV63*I63 -> 13.44 | V63: =CW63*I63 -> 0.18 | W63: =ROUND(CX63*I63,2) -> 0 | X63: =ROUND(CY63,2) -> 819.73 | Y63: =ROUND(CZ63,2) -> 560.87 | AA63: 28045061 | AB63: =ROUND((AC63+AD63+AF63),2) -> 131.31 | AC63: =ROUND((ES63),2) -> 36.43 | AD63: =ROUND((((ET63)-(EU63))+AE63),2) -> 10.66 | AE63: =ROUND((EU63),2) -> 1.51 | AF63: =ROUND((EV63),2) -> 84.22 | AG63: =ROUND((AP63),2) -> 0 | AH63: =(EW63) -> 8.96 | AI63: =(EX63) -> 0.12 | AJ63: =(AS63) -> 0 | AK63: 131.31 | AL63: 36.43 | AM63: 10.66 | AN63: 1.51 | AO63: 84.22 | AP63: 0 | AQ63: 8.96 | AR63: 0.12 | AS63: 0 | AT63: 95 | AU63: 65 | AV63: 1 | AW63: 1 | AZ63: 6.71 | BA63: 6.71 | BB63: 6.71 | BC63: 6.71 | BH63: 0 | BI63: 2 | BJ63: ФЕРм-2001, м08-02-412-04, приказ Минстроя России №1039/пр от 30.12.2016г. | BM63: 108001 | BN63: 0 | BP63: 0 | BQ63: 3 | BR63: 0 | BS63: 6.71 | BT63: 1 | BU63: 1 | BV63: 1 | BW63: 1 | BX63: 1 | BZ63: 95 | CA63: 65 | CE63: 0 | CF63: 0 | CG63: 0 | CM63: 0 | CO63: 0 | CP63: =(P63+Q63+S63) -> 1321.63 | CQ63: =AC63*BC63 -> 244.4453 | CR63: =AD63*BB63 -> 71.5286 | CS63: =AE63*BS63 -> 10.1321 | CT63: =AF63*BA63 -> 565.1162 | CU63: =AG63 -> 0 | CV63: =AH63 -> 8.96 | CW63: =AI63 -> 0.12 | CX63: =AJ63 -> 0 | CY63: =(((S63+R63)*AT63)/100) -> 819.7265 | CZ63: =(((S63+R63)*AU63)/100) -> 560.8655 | DN63: 0 | DO63: 0 | DP63: 1 | DQ63: 1 | DU63: 1003 | DV63: 100 м | DW63: 100 м | DX63: 100 | EE63: 27028906 | EF63: 3 | EG63: Монтажные работы | EH63: 0 | EJ63: 2 | EK63: 108001 | EL63: Электромонтажные работы , отдел 01-03 : ( на АЭС НР = 110% ) - (работы по упр. авиа.- движением: СП=55% ( {АВИА}=1; обычные работы : СП=65 - {AВИА}=0), при работе на АЭС СП= 68% ) | EM63: мФЕР-08 | EQ63: 0 | ER63: 131.31 | ES63: 36.43 | ET63: 10.66 | EU63: 1.51 | EV63: 84.22 | EW63: 8.96 | EX63: 0.12 | EY63: 0 | FQ63: 0 | FR63: =ROUND(IF(AND(BH63=3,BI63=3),P63,0),2) -> 0 | FS63: 0 | FX63: 95 | FY63: 65 | GD63: 0 | GF63: 2104607410 | GG63: 1 | GH63: 1 | GI63: 4 | GJ63: 0 | GK63: =ROUND(R63*(S12)/100,2) -> 0 | GL63: =ROUND(IF(AND(BH63=3,BI63=3,FS63<>0),P63,0),2) -> 0 | GM63: =ROUND(O63+X63+Y63+GK63,2)+GX63 -> 2702.23 | GN63: =IF(OR(BI63=0,BI63=1),ROUND(O63+X63+Y63+GK63,2),0) -> 0 | GO63: =IF(BI63=2,ROUND(O63+X63+Y63+GK63,2),0) -> 2702.23 | GP63: =IF(BI63=4,ROUND(O63+X63+Y63+GK63,2)+GX63,0) -> 0 | GR63: 0 | GS63: 3 | GT63: 0 | GV63: =ROUND((GT63),2) -> 0 | GW63: 1 | GX63: =ROUND(HC63*I63,2) -> 0 | HA63: 0 | HB63: 0 | HC63: =GV63*GW63 -> 0 | IK63: 0
A64: 18 | B64: 1 | C64: 148 | E64: 10,1 | F64: 21.1.06.10-0271 | G64: Кабель силовой огнестойкий с медными жилами с изоляцией и оболочкой из ПВХ, не распространяющий горение, с низким дымо- и газовыделением, напряжением 1,0 кВ марки ВВГнг-FRLS 5х35 | H64: 1000 м | I64: =I62*J64 -> 0.15 | J64: 0.1 | O64: =ROUND(CP64,2) -> 30811.87 | P64: =ROUND(CQ64*I64,2) -> 30811.87 | Q64: =ROUND(CR64*I64,2) -> 0 | R64: =ROUND(CS64*I64,2) -> 0 | S64: =ROUND(CT64*I64,2) -> 0 | T64: =ROUND(CU64*I64,2) -> 0 | U64: =CV64*I64 -> 0 | V64: =CW64*I64 -> 0 | W64: =ROUND(CX64*I64,2) -> 0 | X64: =ROUND(CY64,2) -> 0 | Y64: =ROUND(CZ64,2) -> 0 | AA64: 28045047 | AB64: =ROUND((AC64+AD64+AF64),2) -> 205412.45 | AC64: =ROUND((ES64),2) -> 205412.45 | AD64: =ROUND((((ET64)-(EU64))+AE64),2) -> 0 | AE64: =ROUND((EU64),2) -> 0 | AF64: =ROUND((EV64),2) -> 0 | AG64: =ROUND((AP64),2) -> 0 | AH64: =(EW64) -> 0 | AI64: =(EX64) -> 0 | AJ64: =(AS64) -> 0 | AK64: 205412.45 | AL64: 205412.45 | AM64: 0 | AN64: 0 | AO64: 0 | AP64: 0 | AQ64: 0 | AR64: 0 | AS64: 0 | AT64: 95 | AU64: 65 | AV64: 1 | AW64: 1 | AZ64: 1 | BA64: 1 | BB64: 1 | BC64: 1 | BH64: 3 | BI64: 2 | BJ64: ФССЦ-2001, 21.1.06.10-0271, приказ Минстроя России №1039/пр от 30.12.2016г. | BM64: 108001 | BN64: 0 | BP64: 0 | BQ64: 3 | BR64: 0 | BS64: 1 | BT64: 1 | BU64: 1 | BV64: 1 | BW64: 1 | BX64: 1 | BZ64: 95 | CA64: 65 | CE64: 0 | CF64: 0 | CG64: 0 | CM64: 0 | CO64: 0 | CP64: =(P64+Q64+S64) -> 30811.87 | CQ64: =AC64*BC64 -> 205412.45 | CR64: =AD64*BB64 -> 0 | CS64: =AE64*BS64 -> 0 | CT64: =AF64*BA64 -> 0 | CU64: =AG64 -> 0 | CV64: =AH64 -> 0 | CW64: =AI64 -> 0 | CX64: =AJ64 -> 0 | CY64: =(((S64+R64)*AT64)/100) -> 0 | CZ64: =(((S64+R64)*AU64)/100) -> 0 | DN64: 0 | DO64: 0 | DP64: 1 | DQ64: 1 | DU64: 1013 | DV64: 1000 м | DW64: 1000 М | DX64: 1 | EE64: 27028906 | EF64: 3 | EG64: Монтажные работы | EH64: 0 | EJ64: 2 | EK64: 108001 | EL64: Электромонтажные работы , отдел 01-03 : ( на АЭС НР = 110% ) - (работы по упр. авиа.- движением: СП=55% ( {АВИА}=1; обычные работы : СП=65 - {AВИА}=0), при работе на АЭС СП= 68% ) | EM64: мФЕР-08 | EQ64: 0 | ER64: 205412.45 | ES64: 205412.45 | ET64: 0 | EU64: 0 | EV64: 0 | EW64: 0 | EX64: 0 | FQ64: 0 | FR64: =ROUND(IF(AND(BH64=3,BI64=3),P64,0),2) -> 0 | FS64: 0 | FX64: 95 | FY64: 65 | GD64: 0 | GF64: -298094728 | GG64: 2 | GH64: 1 | GI64: -2 | GJ64: 0 | GK64: =ROUND(R64*(R12)/100,2) -> 0 | GL64: =ROUND(IF(AND(BH64=3,BI64=3,FS64<>0),P64,0),2) -> 0 | GM64: =ROUND(O64+X64+Y64+GK64,2)+GX64 -> 30811.87 | GN64: =IF(OR(BI64=0,BI64=1),ROUND(O64+X64+Y64+GK64,2),0) -> 0 | GO64: =IF(BI64=2,ROUND(O64+X64+Y64+GK64,2),0) -> 30811.87 | GP64: =IF(BI64=4,ROUND(O64+X64+Y64+GK64,2)+GX64,0) -> 0 | GR64: 0 | GS64: 3 | GT64: 0 | GV64: =ROUND((GT64),2) -> 0 | GW64: 1 | GX64: =ROUND(HC64*I64,2) -> 0 | HA64: 0 | HB64: 0 | HC64: =GV64*GW64 -> 0 | IK64: 0
A65: 18 | B65: 1 | C65: 159 | E65: 10,1 | F65: 21.1.06.10-0271 | G65: Кабель силовой огнестойкий с медными жилами с изоляцией и оболочкой из ПВХ, не распространяющий горение, с низким дымо- и газовыделением, напряжением 1,0 кВ марки ВВГнг-FRLS 5х35 | H65: 1000 м | I65: =I63*J65 -> 0.15 | J65: 0.1 | O65: =ROUND(CP65,2) -> 206747.63 | P65: =ROUND(CQ65*I65,2) -> 206747.63 | Q65: =ROUND(CR65*I65,2) -> 0 | R65: =ROUND(CS65*I65,2) -> 0 | S65: =ROUND(CT65*I65,2) -> 0 | T65: =ROUND(CU65*I65,2) -> 0 | U65: =CV65*I65 -> 0 | V65: =CW65*I65 -> 0 | W65: =ROUND(CX65*I65,2) -> 0 | X65: =ROUND(CY65,2) -> 0 | Y65: =ROUND(CZ65,2) -> 0 | AA65: 28045061 | AB65: =ROUND((AC65+AD65+AF65),2) -> 205412.45 | AC65: =ROUND((ES65),2) -> 205412.45 | AD65: =ROUND((((ET65)-(EU65))+AE65),2) -> 0 | AE65: =ROUND((EU65),2) -> 0 | AF65: =ROUND((EV65),2) -> 0 | AG65: =ROUND((AP65),2) -> 0 | AH65: =(EW65) -> 0 | AI65: =(EX65) -> 0 | AJ65: =(AS65) -> 0 | AK65: 205412.45 | AL65: 205412.45 | AM65: 0 | AN65: 0 | AO65: 0 | AP65: 0 | AQ65: 0 | AR65: 0 | AS65: 0 | AT65: 95 | AU65: 65 | AV65: 1 | AW65: 1 | AZ65: 6.71 | BA65: 1 | BB65: 1 | BC65: 6.71 | BH65: 3 | BI65: 2 | BJ65: ФССЦ-2001, 21.1.06.10-0271, приказ Минстроя России №1039/пр от 30.12.2016г. | BM65: 108001 | BN65: 0 | BP65: 0 | BQ65: 3 | BR65: 0 | BS65: 1 | BT65: 1 | BU65: 1 | BV65: 1 | BW65: 1 | BX65: 1 | BZ65: 95 | CA65: 65 | CE65: 0 | CF65: 0 | CG65: 0 | CM65: 0 | CO65: 0 | CP65: =(P65+Q65+S65) -> 206747.63 | CQ65: =AC65*BC65 -> 1378317.5 | CR65: =AD65*BB65 -> 0 | CS65: =AE65*BS65 -> 0 | CT65: =AF65*BA65 -> 0 | CU65: =AG65 -> 0 | CV65: =AH65 -> 0 | CW65: =AI65 -> 0 | CX65: =AJ65 -> 0 | CY65: =(((S65+R65)*AT65)/100) -> 0 | CZ65: =(((S65+R65)*AU65)/100) -> 0 | DN65: 0 | DO65: 0 | DP65: 1 | DQ65: 1 | DU65: 1013 | DV65: 1000 м | DW65: 1000 М | DX65: 1 | EE65: 27028906 | EF65: 3 | EG65: Монтажные работы | EH65: 0 | EJ65: 2 | EK65: 108001 | EL65: Электромонтажные работы , отдел 01-03 : ( на АЭС НР = 110% ) - (работы по упр. авиа.- движением: СП=55% ( {АВИА}=1; обычные работы : СП=65 - {AВИА}=0), при работе на АЭС СП= 68% ) | EM65: мФЕР-08 | EQ65: 0 | ER65: 205412.45 | ES65: 205412.45 | ET65: 0 | EU65: 0 | EV65: 0 | EW65: 0 | EX65: 0 | FQ65: 0 | FR65: =ROUND(IF(AND(BH65=3,BI65=3),P65,0),2) -> 0 | FS65: 0 | FX65: 95 | FY65: 65 | GD65: 0 | GF65: -298094728 | GG65: 1 | GH65: 1 | GI65: 4 | GJ65: 0 | GK65: =ROUND(R65*(S12)/100,2) -> 0 | GL65: =ROUND(IF(AND(BH65=3,BI65=3,FS65<>0),P65,0),2) -> 0 | GM65: =ROUND(O65+X65+Y65+GK65,2)+GX65 -> 206747.63 | GN65: =IF(OR(BI65=0,BI65=1),ROUND(O65+X65+Y65+GK65,2),0) -> 0 | GO65: =IF(BI65=2,ROUND(O65+X65+Y65+GK65,2),0) -> 206747.63 | GP65: =IF(BI65=4,ROUND(O65+X65+Y65+GK65,2)+GX65,0) -> 0 | GR65: 0 | GS65: 3 | GT65: 0 | GV65: =ROUND((GT65),2) -> 0 | GW65: 1 | GX65: =ROUND(HC65*I65,2) -> 0 | HA65: 0 | HB65: 0 | HC65: =GV65*GW65 -> 0 | IK65: 0
A66: 17 | B66: 1 | C66: =ROW(SmtRes!A163) -> 163 | D66: =ROW(EtalonRes!A148) -> 148 | E66: 11 | F66: м10-02-051-01 | G66: Перемычки кабельные длиной до 6 м | H66: 100 ШТ | I66: =ROUND(1/100,9) -> 0.01 | J66: 0 | O66: =ROUND(CP66,2) -> 2.36 | P66: =ROUND(CQ66*I66,2) -> 0.05 | Q66: =ROUND(CR66*I66,2) -> 0 | R66: =ROUND(CS66*I66,2) -> 0 | S66: =ROUND(CT66*I66,2) -> 2.31 | T66: =ROUND(CU66*I66,2) -> 0 | U66: =CV66*I66 -> 0.24 | V66: =CW66*I66 -> 0 | W66: =ROUND(CX66*I66,2) -> 0 | X66: =ROUND(CY66,2) -> 1.85 | Y66: =ROUND(CZ66,2) -> 1.39 | AA66: 28045047 | AB66: =ROUND((AC66+AD66+AF66),2) -> 235.5 | AC66: =ROUND((ES66),2) -> 4.62 | AD66: =ROUND((((ET66)-(EU66))+AE66),2) -> 0 | AE66: =ROUND((EU66),2) -> 0 | AF66: =ROUND((EV66),2) -> 230.88 | AG66: =ROUND((AP66),2) -> 0 | AH66: =(EW66) -> 24 | AI66: =(EX66) -> 0 | AJ66: =(AS66) -> 0 | AK66: 235.5 | AL66: 4.62 | AM66: 0 | AN66: 0 | AO66: 230.88 | AP66: 0 | AQ66: 24 | AR66: 0 | AS66: 0 | AT66: 80 | AU66: 60 | AV66: 1 | AW66: 1 | AZ66: 1 | BA66: 1 | BB66: 1 | BC66: 1 | BH66: 0 | BI66: 2 | BJ66: ФЕРм-2001, м10-02-051-01, приказ Минстроя России №1039/пр от 30.12.2016г. | BM66: 110001 | BN66: 0 | BP66: 0 | BQ66: 3 | BR66: 0 | BS66: 1 | BT66: 1 | BU66: 1 | BV66: 1 | BW66: 1 | BX66: 1 | BZ66: 80 | CA66: 60 | CE66: 0 | CF66: 0 | CG66: 0 | CM66: 0 | CO66: 0 | CP66: =(P66+Q66+S66) -> 2.36 | CQ66: =AC66*BC66 -> 4.62 | CR66: =AD66*BB66 -> 0 | CS66: =AE66*BS66 -> 0 | CT66: =AF66*BA66 -> 230.88 | CU66: =AG66 -> 0 | CV66: =AH66 -> 24 | CW66: =AI66 -> 0 | CX66: =AJ66 -> 0 | CY66: =(((S66+R66)*AT66)/100) -> 1.848 | CZ66: =(((S66+R66)*AU66)/100) -> 1.386 | DN66: 0 | DO66: 0 | DP66: 1 | DQ66: 1 | DU66: 1013 | DV66: 100 ШТ | DW66: 100 ШТ | DX66: 1 | EE66: 27028909 | EF66: 3 | EG66: Монтажные работы | EH66: 0 | EJ66: 2 | EK66: 110001 | EL66: Связь: городская, местная, междугородняя проводная телефонная связь ( отделы 1, 2, 3 ) - ( при уст-ве средств посадки самолетов: {AВИА}=1 - НР=95%, СП=55% ) | EM66: мФЕР-10 | EQ66: 0 | ER66: 235.5 | ES66: 4.62 | ET66: 0 | EU66: 0 | EV66: 230.88 | EW66: 24 | EX66: 0 | EY66: 0 | FQ66: 0 | FR66: =ROUND(IF(AND(BH66=3,BI66=3),P66,0),2) -> 0 | FS66: 0 | FX66: 80 | FY66: 60 | GD66: 0 | GF66: -847902547 | GG66: 2 | GH66: 1 | GI66: -2 | GJ66: 0 | GK66: =ROUND(R66*(R12)/100,2) -> 0 | GL66: =ROUND(IF(AND(BH66=3,BI66=3,FS66<>0),P66,0),2) -> 0 | GM66: =ROUND(O66+X66+Y66+GK66,2)+GX66 -> 5.6 | GN66: =IF(OR(BI66=0,BI66=1),ROUND(O66+X66+Y66+GK66,2),0) -> 0 | GO66: =IF(BI66=2,ROUND(O66+X66+Y66+GK66,2),0) -> 5.6 | GP66: =IF(BI66=4,ROUND(O66+X66+Y66+GK66,2)+GX66,0) -> 0 | GR66: 0 | GS66: 3 | GT66: 0 | GV66: =ROUND((GT66),2) -> 0 | GW66: 1 | GX66: =ROUND(HC66*I66,2) -> 0 | HA66: 0 | HB66: 0 | HC66: =GV66*GW66 -> 0 | IK66: 0
A67: 17 | B67: 1 | C67: =ROW(SmtRes!A166) -> 166 | D67: =ROW(EtalonRes!A150) -> 150 | E67: 11 | F67: м10-02-051-01 | G67: Перемычки кабельные длиной до 6 м | H67: 100 ШТ | I67: =ROUND(1/100,9) -> 0.01 | J67: 0 | O67: =ROUND(CP67,2) -> 15.8 | P67: =ROUND(CQ67*I67,2) -> 0.31 | Q67: =ROUND(CR67*I67,2) -> 0 | R67: =ROUND(CS67*I67,2) -> 0 | S67: =ROUND(CT67*I67,2) -> 15.49 | T67: =ROUND(CU67*I67,2) -> 0 | U67: =CV67*I67 -> 0.24 | V67: =CW67*I67 -> 0 | W67: =ROUND(CX67*I67,2) -> 0 | X67: =ROUND(CY67,2) -> 12.39 | Y67: =ROUND(CZ67,2) -> 9.29 | AA67: 28045061 | AB67: =ROUND((AC67+AD67+AF67),2) -> 235.5 | AC67: =ROUND((ES67),2) -> 4.62 | AD67: =ROUND((((ET67)-(EU67))+AE67),2) -> 0 | AE67: =ROUND((EU67),2) -> 0 | AF67: =ROUND((EV67),2) -> 230.88 | AG67: =ROUND((AP67),2) -> 0 | AH67: =(EW67) -> 24 | AI67: =(EX67) -> 0 | AJ67: =(AS67) -> 0 | AK67: 235.5 | AL67: 4.62 | AM67: 0 | AN67: 0 | AO67: 230.88 | AP67: 0 | AQ67: 24 | AR67: 0 | AS67: 0 | AT67: 80 | AU67: 60 | AV67: 1 | AW67: 1 | AZ67: 6.71 | BA67: 6.71 | BB67: 6.71 | BC67: 6.71 | BH67: 0 | BI67: 2 | BJ67: ФЕРм-2001, м10-02-051-01, приказ Минстроя России №1039/пр от 30.12.2016г. | BM67: 110001 | BN67: 0 | BP67: 0 | BQ67: 3 | BR67: 0 | BS67: 6.71 | BT67: 1 | BU67: 1 | BV67: 1 | BW67: 1 | BX67: 1 | BZ67: 80 | CA67: 60 | CE67: 0 | CF67: 0 | CG67: 0 | CM67: 0 | CO67: 0 | CP67: =(P67+Q67+S67) -> 15.8 | CQ67: =AC67*BC67 -> 31.0002 | CR67: =AD67*BB67 -> 0 | CS67: =AE67*BS67 -> 0 | CT67: =AF67*BA67 -> 1549.2048 | CU67: =AG67 -> 0 | CV67: =AH67 -> 24 | CW67: =AI67 -> 0 | CX67: =AJ67 -> 0 | CY67: =(((S67+R67)*AT67)/100) -> 12.392 | CZ67: =(((S67+R67)*AU67)/100) -> 9.294 | DN67: 0 | DO67: 0 | DP67: 1 | DQ67: 1 | DU67: 1013 | DV67: 100 ШТ | DW67: 100 ШТ | DX67: 1 | EE67: 27028909 | EF67: 3 | EG67: Монтажные работы | EH67: 0 | EJ67: 2 | EK67: 110001 | EL67: Связь: городская, местная, междугородняя проводная телефонная связь ( отделы 1, 2, 3 ) - ( при уст-ве средств посадки самолетов: {AВИА}=1 - НР=95%, СП=55% ) | EM67: мФЕР-10 | EQ67: 0 | ER67: 235.5 | ES67: 4.62 | ET67: 0 | EU67: 0 | EV67: 230.88 | EW67: 24 | EX67: 0 | EY67: 0 | FQ67: 0 | FR67: =ROUND(IF(AND(BH67=3,BI67=3),P67,0),2) -> 0 | FS67: 0 | FX67: 80 | FY67: 60 | GD67: 0 | GF67: -847902547 | GG67: 1 | GH67: 1 | GI67: 4 | GJ67: 0 | GK67: =ROUND(R67*(S12)/100,2) -> 0 | GL67: =ROUND(IF(AND(BH67=3,BI67=3,FS67<>0),P67,0),2) -> 0 | GM67: =ROUND(O67+X67+Y67+GK67,2)+GX67 -> 37.48 | GN67: =IF(OR(BI67=0,BI67=1),ROUND(O67+X67+Y67+GK67,2),0) -> 0 | GO67: =IF(BI67=2,ROUND(O67+X67+Y67+GK67,2),0) -> 37.48 | GP67: =IF(BI67=4,ROUND(O67+X67+Y67+GK67,2)+GX67,0) -> 0 | GR67: 0 | GS67: 3 | GT67: 0 | GV67: =ROUND((GT67),2) -> 0 | GW67: 1 | GX67: =ROUND(HC67*I67,2) -> 0 | HA67: 0 | HB67: 0 | HC67: =GV67*GW67 -> 0 | IK67: 0
A68: 18 | B68: 1 | C68: 162 | E68: 11,1 | F68: 21.2.03.05-0045 | G68: Провода силовые для электрических установок на напряжение до 450 В с медной жилой марки ПВ1, сечением 1,5 мм2 | H68: 1000 м | I68: =I66*J68 -> 0.006 | J68: 0.6 | O68: =ROUND(CP68,2) -> 8.01 | P68: =ROUND(CQ68*I68,2) -> 8.01 | Q68: =ROUND(CR68*I68,2) -> 0 | R68: =ROUND(CS68*I68,2) -> 0 | S68: =ROUND(CT68*I68,2) -> 0 | T68: =ROUND(CU68*I68,2) -> 0 | U68: =CV68*I68 -> 0 | V68: =CW68*I68 -> 0 | W68: =ROUND(CX68*I68,2) -> 0 | X68: =ROUND(CY68,2) -> 0 | Y68: =ROUND(CZ68,2) -> 0 | AA68: 28045047 | AB68: =ROUND((AC68+AD68+AF68),2) -> 1335.52 | AC68: =ROUND((ES68),2) -> 1335.52 | AD68: =ROUND((((ET68)-(EU68))+AE68),2) -> 0 | AE68: =ROUND((EU68),2) -> 0 | AF68: =ROUND((EV68),2) -> 0 | AG68: =ROUND((AP68),2) -> 0 | AH68: =(EW68) -> 0 | AI68: =(EX68) -> 0 | AJ68: =(AS68) -> 0 | AK68: 1335.52 | AL68: 1335.52 | AM68: 0 | AN68: 0 | AO68: 0 | AP68: 0 | AQ68: 0 | AR68: 0 | AS68: 0 | AT68: 80 | AU68: 60 | AV68: 1 | AW68: 1 | AZ68: 1 | BA68: 1 | BB68: 1 | BC68: 1 | BH68: 3 | BI68: 2 | BJ68: ФССЦ-2001, 21.2.03.05-0045, приказ Минстроя России №1039/пр от 30.12.2016г. | BM68: 110001 | BN68: 0 | BP68: 0 | BQ68: 3 | BR68: 0 | BS68: 1 | BT68: 1 | BU68: 1 | BV68: 1 | BW68: 1 | BX68: 1 | BZ68: 80 | CA68: 60 | CE68: 0 | CF68: 0 | CG68: 0 | CM68: 0 | CO68: 0 | CP68: =(P68+Q68+S68) -> 8.01 | CQ68: =AC68*BC68 -> 1335.52 | CR68: =AD68*BB68 -> 0 | CS68: =AE68*BS68 -> 0 | CT68: =AF68*BA68 -> 0 | CU68: =AG68 -> 0 | CV68: =AH68 -> 0 | CW68: =AI68 -> 0 | CX68: =AJ68 -> 0 | CY68: =(((S68+R68)*AT68)/100) -> 0 | CZ68: =(((S68+R68)*AU68)/100) -> 0 | DN68: 0 | DO68: 0 | DP68: 1 | DQ68: 1 | DU68: 1013 | DV68: 1000 м | DW68: 1000 М | DX68: 1 | EE68: 27028909 | EF68: 3 | EG68: Монтажные работы | EH68: 0 | EJ68: 2 | EK68: 110001 | EL68: Связь: городская, местная, междугородняя проводная телефонная связь ( отделы 1, 2, 3 ) - ( при уст-ве средств посадки самолетов: {AВИА}=1 - НР=95%, СП=55% ) | EM68: мФЕР-10 | EQ68: 0 | ER68: 1335.52 | ES68: 1335.52 | ET68: 0 | EU68: 0 | EV68: 0 | EW68: 0 | EX68: 0 | FQ68: 0 | FR68: =ROUND(IF(AND(BH68=3,BI68=3),P68,0),2) -> 0 | FS68: 0 | FX68: 80 | FY68: 60 | GD68: 0 | GF68: 681046174 | GG68: 2 | GH68: 1 | GI68: -2 | GJ68: 0 | GK68: =ROUND(R68*(R12)/100,2) -> 0 | GL68: =ROUND(IF(AND(BH68=3,BI68=3,FS68<>0),P68,0),2) -> 0 | GM68: =ROUND(O68+X68+Y68+GK68,2)+GX68 -> 8.01 | GN68: =IF(OR(BI68=0,BI68=1),ROUND(O68+X68+Y68+GK68,2),0) -> 0 | GO68: =IF(BI68=2,ROUND(O68+X68+Y68+GK68,2),0) -> 8.01 | GP68: =IF(BI68=4,ROUND(O68+X68+Y68+GK68,2)+GX68,0) -> 0 | GR68: 0 | GS68: 3 | GT68: 0 | GV68: =ROUND((GT68),2) -> 0 | GW68: 1 | GX68: =ROUND(HC68*I68,2) -> 0 | HA68: 0 | HB68: 0 | HC68: =GV68*GW68 -> 0 | IK68: 0
A69: 18 | B69: 1 | C69: 165 | E69: 11,1 | F69: 21.2.03.05-0045 | G69: Провода силовые для электрических установок на напряжение до 450 В с медной жилой марки ПВ1, сечением 1,5 мм2 | H69: 1000 м | I69: =I67*J69 -> 0.006 | J69: 0.6 | O69: =ROUND(CP69,2) -> 53.77 | P69: =ROUND(CQ69*I69,2) -> 53.77 | Q69: =ROUND(CR69*I69,2) -> 0 | R69: =ROUND(CS69*I69,2) -> 0 | S69: =ROUND(CT69*I69,2) -> 0 | T69: =ROUND(CU69*I69,2) -> 0 | U69: =CV69*I69 -> 0 | V69: =CW69*I69 -> 0 | W69: =ROUND(CX69*I69,2) -> 0 | X69: =ROUND(CY69,2) -> 0 | Y69: =ROUND(CZ69,2) -> 0 | AA69: 28045061 | AB69: =ROUND((AC69+AD69+AF69),2) -> 1335.52 | AC69: =ROUND((ES69),2) -> 1335.52 | AD69: =ROUND((((ET69)-(EU69))+AE69),2) -> 0 | AE69: =ROUND((EU69),2) -> 0 | AF69: =ROUND((EV69),2) -> 0 | AG69: =ROUND((AP69),2) -> 0 | AH69: =(EW69) -> 0 | AI69: =(EX69) -> 0 | AJ69: =(AS69) -> 0 | AK69: 1335.52 | AL69: 1335.52 | AM69: 0 | AN69: 0 | AO69: 0 | AP69: 0 | AQ69: 0 | AR69: 0 | AS69: 0 | AT69: 80 | AU69: 60 | AV69: 1 | AW69: 1 | AZ69: 6.71 | BA69: 1 | BB69: 1 | BC69: 6.71 | BH69: 3 | BI69: 2 | BJ69: ФССЦ-2001, 21.2.03.05-0045, приказ Минстроя России №1039/пр от 30.12.2016г. | BM69: 110001 | BN69: 0 | BP69: 0 | BQ69: 3 | BR69: 0 | BS69: 1 | BT69: 1 | BU69: 1 | BV69: 1 | BW69: 1 | BX69: 1 | BZ69: 80 | CA69: 60 | CE69: 0 | CF69: 0 | CG69: 0 | CM69: 0 | CO69: 0 | CP69: =(P69+Q69+S69) -> 53.77 | CQ69: =AC69*BC69 -> 8961.3392 | CR69: =AD69*BB69 -> 0 | CS69: =AE69*BS69 -> 0 | CT69: =AF69*BA69 -> 0 | CU69: =AG69 -> 0 | CV69: =AH69 -> 0 | CW69: =AI69 -> 0 | CX69: =AJ69 -> 0 | CY69: =(((S69+R69)*AT69)/100) -> 0 | CZ69: =(((S69+R69)*AU69)/100) -> 0 | DN69: 0 | DO69: 0 | DP69: 1 | DQ69: 1 | DU69: 1013 | DV69: 1000 м | DW69: 1000 М | DX69: 1 | EE69: 27028909 | EF69: 3 | EG69: Монтажные работы | EH69: 0 | EJ69: 2 | EK69: 110001 | EL69: Связь: городская, местная, междугородняя проводная телефонная связь ( отделы 1, 2, 3 ) - ( при уст-ве средств посадки самолетов: {AВИА}=1 - НР=95%, СП=55% ) | EM69: мФЕР-10 | EQ69: 0 | ER69: 1335.52 | ES69: 1335.52 | ET69: 0 | EU69: 0 | EV69: 0 | EW69: 0 | EX69: 0 | FQ69: 0 | FR69: =ROUND(IF(AND(BH69=3,BI69=3),P69,0),2) -> 0 | FS69: 0 | FX69: 80 | FY69: 60 | GD69: 0 | GF69: 681046174 | GG69: 1 | GH69: 1 | GI69: 4 | GJ69: 0 | GK69: =ROUND(R69*(S12)/100,2) -> 0 | GL69: =ROUND(IF(AND(BH69=3,BI69=3,FS69<>0),P69,0),2) -> 0 | GM69: =ROUND(O69+X69+Y69+GK69,2)+GX69 -> 53.77 | GN69: =IF(OR(BI69=0,BI69=1),ROUND(O69+X69+Y69+GK69,2),0) -> 0 | GO69: =IF(BI69=2,ROUND(O69+X69+Y69+GK69,2),0) -> 53.77 | GP69: =IF(BI69=4,ROUND(O69+X69+Y69+GK69,2)+GX69,0) -> 0 | GR69: 0 | GS69: 3 | GT69: 0 | GV69: =ROUND((GT69),2) -> 0 | GW69: 1 | GX69: =ROUND(HC69*I69,2) -> 0 | HA69: 0 | HB69: 0 | HC69: =GV69*GW69 -> 0 | IK69: 0
A70: 17 | B70: 1 | C70: =ROW(SmtRes!A175) -> 175 | D70: =ROW(EtalonRes!A158) -> 158 | E70: 12 | F70: м08-02-370-02 | G70: Щиток до трех групп, устанавливаемый в нише цоколя | H70: ШТ | I70: 1 | J70: 0 | O70: =ROUND(CP70,2) -> 33.42 | P70: =ROUND(CQ70*I70,2) -> 6.2 | Q70: =ROUND(CR70*I70,2) -> 17.77 | R70: =ROUND(CS70*I70,2) -> 2.51 | S70: =ROUND(CT70*I70,2) -> 9.45 | T70: =ROUND(CU70*I70,2) -> 0 | U70: =CV70*I70 -> 0.9 | V70: =CW70*I70 -> 0.2 | W70: =ROUND(CX70*I70,2) -> 0 | X70: =ROUND(CY70,2) -> 11.36 | Y70: =ROUND(CZ70,2) -> 7.77 | AA70: 28045047 | AB70: =ROUND((AC70+AD70+AF70),2) -> 33.42 | AC70: =ROUND((ES70),2) -> 6.2 | AD70: =ROUND((((ET70)-(EU70))+AE70),2) -> 17.77 | AE70: =ROUND((EU70),2) -> 2.51 | AF70: =ROUND((EV70),2) -> 9.45 | AG70: =ROUND((AP70),2) -> 0 | AH70: =(EW70) -> 0.9 | AI70: =(EX70) -> 0.2 | AJ70: =(AS70) -> 0 | AK70: 33.42 | AL70: 6.2 | AM70: 17.77 | AN70: 2.51 | AO70: 9.45 | AP70: 0 | AQ70: 0.9 | AR70: 0.2 | AS70: 0 | AT70: 95 | AU70: 65 | AV70: 1 | AW70: 1 | AZ70: 1 | BA70: 1 | BB70: 1 | BC70: 1 | BH70: 0 | BI70: 2 | BJ70: ФЕРм-2001, м08-02-370-02, приказ Минстроя России №1039/пр от 30.12.2016г. | BM70: 108001 | BN70: 0 | BP70: 0 | BQ70: 3 | BR70: 0 | BS70: 1 | BT70: 1 | BU70: 1 | BV70: 1 | BW70: 1 | BX70: 1 | BZ70: 95 | CA70: 65 | CE70: 0 | CF70: 0 | CG70: 0 | CM70: 0 | CO70: 0 | CP70: =(P70+Q70+S70) -> 33.42 | CQ70: =AC70*BC70 -> 6.2 | CR70: =AD70*BB70 -> 17.77 | CS70: =AE70*BS70 -> 2.51 | CT70: =AF70*BA70 -> 9.45 | CU70: =AG70 -> 0 | CV70: =AH70 -> 0.9 | CW70: =AI70 -> 0.2 | CX70: =AJ70 -> 0 | CY70: =(((S70+R70)*AT70)/100) -> 11.362 | CZ70: =(((S70+R70)*AU70)/100) -> 7.774 | DN70: 0 | DO70: 0 | DP70: 1 | DQ70: 1 | DU70: 1013 | DV70: ШТ | DW70: ШТ | DX70: 1 | EE70: 27028906 | EF70: 3 | EG70: Монтажные работы | EH70: 0 | EJ70: 2 | EK70: 108001 | EL70: Электромонтажные работы , отдел 01-03 : ( на АЭС НР = 110% ) - (работы по упр. авиа.- движением: СП=55% ( {АВИА}=1; обычные работы : СП=65 - {AВИА}=0), при работе на АЭС СП= 68% ) | EM70: мФЕР-08 | EQ70: 0 | ER70: 33.42 | ES70: 6.2 | ET70: 17.77 | EU70: 2.51 | EV70: 9.45 | EW70: 0.9 | EX70: 0.2 | EY70: 0 | FQ70: 0 | FR70: =ROUND(IF(AND(BH70=3,BI70=3),P70,0),2) -> 0 | FS70: 0 | FX70: 95 | FY70: 65 | GD70: 0 | GF70: -64978218 | GG70: 2 | GH70: 1 | GI70: -2 | GJ70: 0 | GK70: =ROUND(R70*(R12)/100,2) -> 0 | GL70: =ROUND(IF(AND(BH70=3,BI70=3,FS70<>0),P70,0),2) -> 0 | GM70: =ROUND(O70+X70+Y70+GK70,2)+GX70 -> 52.55 | GN70: =IF(OR(BI70=0,BI70=1),ROUND(O70+X70+Y70+GK70,2),0) -> 0 | GO70: =IF(BI70=2,ROUND(O70+X70+Y70+GK70,2),0) -> 52.55 | GP70: =IF(BI70=4,ROUND(O70+X70+Y70+GK70,2)+GX70,0) -> 0 | GR70: 0 | GS70: 3 | GT70: 0 | GV70: =ROUND((GT70),2) -> 0 | GW70: 1 | GX70: =ROUND(HC70*I70,2) -> 0 | HA70: 0 | HB70: 0 | HC70: =GV70*GW70 -> 0 | IK70: 0
A71: 17 | B71: 1 | C71: =ROW(SmtRes!A184) -> 184 | D71: =ROW(EtalonRes!A166) -> 166 | E71: 12 | F71: м08-02-370-02 | G71: Щиток до трех групп, устанавливаемый в нише цоколя | H71: ШТ | I71: 1 | J71: 0 | O71: =ROUND(CP71,2) -> 224.25 | P71: =ROUND(CQ71*I71,2) -> 41.6 | Q71: =ROUND(CR71*I71,2) -> 119.24 | R71: =ROUND(CS71*I71,2) -> 16.84 | S71: =ROUND(CT71*I71,2) -> 63.41 | T71: =ROUND(CU71*I71,2) -> 0 | U71: =CV71*I71 -> 0.9 | V71: =CW71*I71 -> 0.2 | W71: =ROUND(CX71*I71,2) -> 0 | X71: =ROUND(CY71,2) -> 76.24 | Y71: =ROUND(CZ71,2) -> 52.16 | AA71: 28045061 | AB71: =ROUND((AC71+AD71+AF71),2) -> 33.42 | AC71: =ROUND((ES71),2) -> 6.2 | AD71: =ROUND((((ET71)-(EU71))+AE71),2) -> 17.77 | AE71: =ROUND((EU71),2) -> 2.51 | AF71: =ROUND((EV71),2) -> 9.45 | AG71: =ROUND((AP71),2) -> 0 | AH71: =(EW71) -> 0.9 | AI71: =(EX71) -> 0.2 | AJ71: =(AS71) -> 0 | AK71: 33.42 | AL71: 6.2 | AM71: 17.77 | AN71: 2.51 | AO71: 9.45 | AP71: 0 | AQ71: 0.9 | AR71: 0.2 | AS71: 0 | AT71: 95 | AU71: 65 | AV71: 1 | AW71: 1 | AZ71: 6.71 | BA71: 6.71 | BB71: 6.71 | BC71: 6.71 | BH71: 0 | BI71: 2 | BJ71: ФЕРм-2001, м08-02-370-02, приказ Минстроя России №1039/пр от 30.12.2016г. | BM71: 108001 | BN71: 0 | BP71: 0 | BQ71: 3 | BR71: 0 | BS71: 6.71 | BT71: 1 | BU71: 1 | BV71: 1 | BW71: 1 | BX71: 1 | BZ71: 95 | CA71: 65 | CE71: 0 | CF71: 0 | CG71: 0 | CM71: 0 | CO71: 0 | CP71: =(P71+Q71+S71) -> 224.25 | CQ71: =AC71*BC71 -> 41.602 | CR71: =AD71*BB71 -> 119.2367 | CS71: =AE71*BS71 -> 16.8421 | CT71: =AF71*BA71 -> 63.4095 | CU71: =AG71 -> 0 | CV71: =AH71 -> 0.9 | CW71: =AI71 -> 0.2 | CX71: =AJ71 -> 0 | CY71: =(((S71+R71)*AT71)/100) -> 76.2375 | CZ71: =(((S71+R71)*AU71)/100) -> 52.1625 | DN71: 0 | DO71: 0 | DP71: 1 | DQ71: 1 | DU71: 1013 | DV71: ШТ | DW71: ШТ | DX71: 1 | EE71: 27028906 | EF71: 3 | EG71: Монтажные работы | EH71: 0 | EJ71: 2 | EK71: 108001 | EL71: Электромонтажные работы , отдел 01-03 : ( на АЭС НР = 110% ) - (работы по упр. авиа.- движением: СП=55% ( {АВИА}=1; обычные работы : СП=65 - {AВИА}=0), при работе на АЭС СП= 68% ) | EM71: мФЕР-08 | EQ71: 0 | ER71: 33.42 | ES71: 6.2 | ET71: 17.77 | EU71: 2.51 | EV71: 9.45 | EW71: 0.9 | EX71: 0.2 | EY71: 0 | FQ71: 0 | FR71: =ROUND(IF(AND(BH71=3,BI71=3),P71,0),2) -> 0 | FS71: 0 | FX71: 95 | FY71: 65 | GD71: 0 | GF71: -64978218 | GG71: 1 | GH71: 1 | GI71: 4 | GJ71: 0 | GK71: =ROUND(R71*(S12)/100,2) -> 0 | GL71: =ROUND(IF(AND(BH71=3,BI71=3,FS71<>0),P71,0),2) -> 0 | GM71: =ROUND(O71+X71+Y71+GK71,2)+GX71 -> 352.65 | GN71: =IF(OR(BI71=0,BI71=1),ROUND(O71+X71+Y71+GK71,2),0) -> 0 | GO71: =IF(BI71=2,ROUND(O71+X71+Y71+GK71,2),0) -> 352.65 | GP71: =IF(BI71=4,ROUND(O71+X71+Y71+GK71,2)+GX71,0) -> 0 | GR71: 0 | GS71: 3 | GT71: 0 | GV71: =ROUND((GT71),2) -> 0 | GW71: 1 | GX71: =ROUND(HC71*I71,2) -> 0 | HA71: 0 | HB71: 0 | HC71: =GV71*GW71 -> 0 | IK71: 0
A72: 18 | B72: 1 | C72: 174 | E72: 12,1 | F72: 20.4.04.03-0004 | G72: Щиты с монтажной панелью ЩМП-2, размером 500х400х220 мм, степень защиты IP54 | H72: шт. | I72: =I70*J72 -> 1 | J72: 1 | O72: =ROUND(CP72,2) -> 578.33 | P72: =ROUND(CQ72*I72,2) -> 578.33 | Q72: =ROUND(CR72*I72,2) -> 0 | R72: =ROUND(CS72*I72,2) -> 0 | S72: =ROUND(CT72*I72,2) -> 0 | T72: =ROUND(CU72*I72,2) -> 0 | U72: =CV72*I72 -> 0 | V72: =CW72*I72 -> 0 | W72: =ROUND(CX72*I72,2) -> 0 | X72: =ROUND(CY72,2) -> 0 | Y72: =ROUND(CZ72,2) -> 0 | AA72: 28045047 | AB72: =ROUND((AC72+AD72+AF72),2) -> 578.33 | AC72: =ROUND((ES72),2) -> 578.33 | AD72: =ROUND((((ET72)-(EU72))+AE72),2) -> 0 | AE72: =ROUND((EU72),2) -> 0 | AF72: =ROUND((EV72),2) -> 0 | AG72: =ROUND((AP72),2) -> 0 | AH72: =(EW72) -> 0 | AI72: =(EX72) -> 0 | AJ72: =(AS72) -> 0 | AK72: 578.33 | AL72: 578.33 | AM72: 0 | AN72: 0 | AO72: 0 | AP72: 0 | AQ72: 0 | AR72: 0 | AS72: 0 | AT72: 95 | AU72: 65 | AV72: 1 | AW72: 1 | AZ72: 1 | BA72: 1 | BB72: 1 | BC72: 1 | BH72: 3 | BI72: 2 | BJ72: ФССЦ-2001, 20.4.04.03-0004, приказ Минстроя России №1039/пр от 30.12.2016г. | BM72: 108001 | BN72: 0 | BP72: 0 | BQ72: 3 | BR72: 0 | BS72: 1 | BT72: 1 | BU72: 1 | BV72: 1 | BW72: 1 | BX72: 1 | BZ72: 95 | CA72: 65 | CE72: 0 | CF72: 0 | CG72: 0 | CM72: 0 | CO72: 0 | CP72: =(P72+Q72+S72) -> 578.33 | CQ72: =AC72*BC72 -> 578.33 | CR72: =AD72*BB72 -> 0 | CS72: =AE72*BS72 -> 0 | CT72: =AF72*BA72 -> 0 | CU72: =AG72 -> 0 | CV72: =AH72 -> 0 | CW72: =AI72 -> 0 | CX72: =AJ72 -> 0 | CY72: =(((S72+R72)*AT72)/100) -> 0 | CZ72: =(((S72+R72)*AU72)/100) -> 0 | DN72: 0 | DO72: 0 | DP72: 1 | DQ72: 1 | DU72: 1010 | DV72: шт. | DW72: шт. | DX72: 1 | EE72: 27028906 | EF72: 3 | EG72: Монтажные работы | EH72: 0 | EJ72: 2 | EK72: 108001 | EL72: Электромонтажные работы , отдел 01-03 : ( на АЭС НР = 110% ) - (работы по упр. авиа.- движением: СП=55% ( {АВИА}=1; обычные работы : СП=65 - {AВИА}=0), при работе на АЭС СП= 68% ) | EM72: мФЕР-08 | EQ72: 0 | ER72: 578.33 | ES72: 578.33 | ET72: 0 | EU72: 0 | EV72: 0 | EW72: 0 | EX72: 0 | FQ72: 0 | FR72: =ROUND(IF(AND(BH72=3,BI72=3),P72,0),2) -> 0 | FS72: 0 | FX72: 95 | FY72: 65 | GD72: 0 | GF72: 246778608 | GG72: 2 | GH72: 1 | GI72: -2 | GJ72: 0 | GK72: =ROUND(R72*(R12)/100,2) -> 0 | GL72: =ROUND(IF(AND(BH72=3,BI72=3,FS72<>0),P72,0),2) -> 0 | GM72: =ROUND(O72+X72+Y72+GK72,2)+GX72 -> 578.33 | GN72: =IF(OR(BI72=0,BI72=1),ROUND(O72+X72+Y72+GK72,2),0) -> 0 | GO72: =IF(BI72=2,ROUND(O72+X72+Y72+GK72,2),0) -> 578.33 | GP72: =IF(BI72=4,ROUND(O72+X72+Y72+GK72,2)+GX72,0) -> 0 | GR72: 0 | GS72: 3 | GT72: 0 | GV72: =ROUND((GT72),2) -> 0 | GW72: 1 | GX72: =ROUND(HC72*I72,2) -> 0 | HA72: 0 | HB72: 0 | HC72: =GV72*GW72 -> 0 | IK72: 0
A73: 18 | B73: 1 | C73: 183 | E73: 12,1 | F73: 20.4.04.03-0004 | G73: Щиты с монтажной панелью ЩМП-2, размером 500х400х220 мм, степень защиты IP54 | H73: шт. | I73: =I71*J73 -> 1 | J73: 1 | O73: =ROUND(CP73,2) -> 3880.59 | P73: =ROUND(CQ73*I73,2) -> 3880.59 | Q73: =ROUND(CR73*I73,2) -> 0 | R73: =ROUND(CS73*I73,2) -> 0 | S73: =ROUND(CT73*I73,2) -> 0 | T73: =ROUND(CU73*I73,2) -> 0 | U73: =CV73*I73 -> 0 | V73: =CW73*I73 -> 0 | W73: =ROUND(CX73*I73,2) -> 0 | X73: =ROUND(CY73,2) -> 0 | Y73: =ROUND(CZ73,2) -> 0 | AA73: 28045061 | AB73: =ROUND((AC73+AD73+AF73),2) -> 578.33 | AC73: =ROUND((ES73),2) -> 578.33 | AD73: =ROUND((((ET73)-(EU73))+AE73),2) -> 0 | AE73: =ROUND((EU73),2) -> 0 | AF73: =ROUND((EV73),2) -> 0 | AG73: =ROUND((AP73),2) -> 0 | AH73: =(EW73) -> 0 | AI73: =(EX73) -> 0 | AJ73: =(AS73) -> 0 | AK73: 578.33 | AL73: 578.33 | AM73: 0 | AN73: 0 | AO73: 0 | AP73: 0 | AQ73: 0 | AR73: 0 | AS73: 0 | AT73: 95 | AU73: 65 | AV73: 1 | AW73: 1 | AZ73: 6.71 | BA73: 1 | BB73: 1 | BC73: 6.71 | BH73: 3 | BI73: 2 | BJ73: ФССЦ-2001, 20.4.04.03-0004, приказ Минстроя России №1039/пр от 30.12.2016г. | BM73: 108001 | BN73: 0 | BP73: 0 | BQ73: 3 | BR73: 0 | BS73: 1 | BT73: 1 | BU73: 1 | BV73: 1 | BW73: 1 | BX73: 1 | BZ73: 95 | CA73: 65 | CE73: 0 | CF73: 0 | CG73: 0 | CM73: 0 | CO73: 0 | CP73: =(P73+Q73+S73) -> 3880.59 | CQ73: =AC73*BC73 -> 3880.5943 | CR73: =AD73*BB73 -> 0 | CS73: =AE73*BS73 -> 0 | CT73: =AF73*BA73 -> 0 | CU73: =AG73 -> 0 | CV73: =AH73 -> 0 | CW73: =AI73 -> 0 | CX73: =AJ73 -> 0 | CY73: =(((S73+R73)*AT73)/100) -> 0 | CZ73: =(((S73+R73)*AU73)/100) -> 0 | DN73: 0 | DO73: 0 | DP73: 1 | DQ73: 1 | DU73: 1010 | DV73: шт. | DW73: шт. | DX73: 1 | EE73: 27028906 | EF73: 3 | EG73: Монтажные работы | EH73: 0 | EJ73: 2 | EK73: 108001 | EL73: Электромонтажные работы , отдел 01-03 : ( на АЭС НР = 110% ) - (работы по упр. авиа.- движением: СП=55% ( {АВИА}=1; обычные работы : СП=65 - {AВИА}=0), при работе на АЭС СП= 68% ) | EM73: мФЕР-08 | EQ73: 0 | ER73: 578.33 | ES73: 578.33 | ET73: 0 | EU73: 0 | EV73: 0 | EW73: 0 | EX73: 0 | FQ73: 0 | FR73: =ROUND(IF(AND(BH73=3,BI73=3),P73,0),2) -> 0 | FS73: 0 | FX73: 95 | FY73: 65 | GD73: 0 | GF73: 246778608 | GG73: 1 | GH73: 1 | GI73: 4 | GJ73: 0 | GK73: =ROUND(R73*(S12)/100,2) -> 0 | GL73: =ROUND(IF(AND(BH73=3,BI73=3,FS73<>0),P73,0),2) -> 0 | GM73: =ROUND(O73+X73+Y73+GK73,2)+GX73 -> 3880.59 | GN73: =IF(OR(BI73=0,BI73=1),ROUND(O73+X73+Y73+GK73,2),0) -> 0 | GO73: =IF(BI73=2,ROUND(O73+X73+Y73+GK73,2),0) -> 3880.59 | GP73: =IF(BI73=4,ROUND(O73+X73+Y73+GK73,2)+GX73,0) -> 0 | GR73: 0 | GS73: 3 | GT73: 0 | GV73: =ROUND((GT73),2) -> 0 | GW73: 1 | GX73: =ROUND(HC73*I73,2) -> 0 | HA73: 0 | HB73: 0 | HC73: =GV73*GW73 -> 0 | IK73: 0
A74: 17 | B74: 1 | C74: =ROW(SmtRes!A199) -> 199 | D74: =ROW(EtalonRes!A180) -> 180 | E74: 13 | F74: м08-03-526-01 | G74: Автомат одно-, двух-, трехполюсный, устанавливаемый на конструкции на стене или колонне, на ток до 25 А | H74: ШТ | I74: 2 | J74: 0 | O74: =ROUND(CP74,2) -> 71.96 | P74: =ROUND(CQ74*I74,2) -> 40.18 | Q74: =ROUND(CR74*I74,2) -> 2.1 | R74: =ROUND(CS74*I74,2) -> 0 | S74: =ROUND(CT74*I74,2) -> 29.68 | T74: =ROUND(CU74*I74,2) -> 0 | U74: =CV74*I74 -> 3.12 | V74: =CW74*I74 -> 0 | W74: =ROUND(CX74*I74,2) -> 0 | X74: =ROUND(CY74,2) -> 28.2 | Y74: =ROUND(CZ74,2) -> 19.29 | AA74: 28045047 | AB74: =ROUND((AC74+AD74+AF74),2) -> 35.98 | AC74: =ROUND((ES74),2) -> 20.09 | AD74: =ROUND((((ET74)-(EU74))+AE74),2) -> 1.05 | AE74: =ROUND((EU74),2) -> 0 | AF74: =ROUND((EV74),2) -> 14.84 | AG74: =ROUND((AP74),2) -> 0 | AH74: =(EW74) -> 1.56 | AI74: =(EX74) -> 0 | AJ74: =(AS74) -> 0 | AK74: 35.98 | AL74: 20.09 | AM74: 1.05 | AN74: 0 | AO74: 14.84 | AP74: 0 | AQ74: 1.56 | AR74: 0 | AS74: 0 | AT74: 95 | AU74: 65 | AV74: 1 | AW74: 1 | AZ74: 1 | BA74: 1 | BB74: 1 | BC74: 1 | BH74: 0 | BI74: 2 | BJ74: ФЕРм-2001, м08-03-526-01, приказ Минстроя России №1039/пр от 30.12.2016г. | BM74: 108001 | BN74: 0 | BP74: 0 | BQ74: 3 | BR74: 0 | BS74: 1 | BT74: 1 | BU74: 1 | BV74: 1 | BW74: 1 | BX74: 1 | BZ74: 95 | CA74: 65 | CE74: 0 | CF74: 0 | CG74: 0 | CM74: 0 | CO74: 0 | CP74: =(P74+Q74+S74) -> 71.96 | CQ74: =AC74*BC74 -> 20.09 | CR74: =AD74*BB74 -> 1.05 | CS74: =AE74*BS74 -> 0 | CT74: =AF74*BA74 -> 14.84 | CU74: =AG74 -> 0 | CV74: =AH74 -> 1.56 | CW74: =AI74 -> 0 | CX74: =AJ74 -> 0 | CY74: =(((S74+R74)*AT74)/100) -> 28.196 | CZ74: =(((S74+R74)*AU74)/100) -> 19.292 | DN74: 0 | DO74: 0 | DP74: 1 | DQ74: 1 | DU74: 1013 | DV74: ШТ | DW74: ШТ | DX74: 1 | EE74: 27028906 | EF74: 3 | EG74: Монтажные работы | EH74: 0 | EJ74: 2 | EK74: 108001 | EL74: Электромонтажные работы , отдел 01-03 : ( на АЭС НР = 110% ) - (работы по упр. авиа.- движением: СП=55% ( {АВИА}=1; обычные работы : СП=65 - {AВИА}=0), при работе на АЭС СП= 68% ) | EM74: мФЕР-08 | EQ74: 0 | ER74: 35.98 | ES74: 20.09 | ET74: 1.05 | EU74: 0 | EV74: 14.84 | EW74: 1.56 | EX74: 0 | EY74: 0 | FQ74: 0 | FR74: =ROUND(IF(AND(BH74=3,BI74=3),P74,0),2) -> 0 | FS74: 0 | FX74: 95 | FY74: 65 | GD74: 0 | GF74: 942868882 | GG74: 2 | GH74: 1 | GI74: -2 | GJ74: 0 | GK74: =ROUND(R74*(R12)/100,2) -> 0 | GL74: =ROUND(IF(AND(BH74=3,BI74=3,FS74<>0),P74,0),2) -> 0 | GM74: =ROUND(O74+X74+Y74+GK74,2)+GX74 -> 119.45 | GN74: =IF(OR(BI74=0,BI74=1),ROUND(O74+X74+Y74+GK74,2),0) -> 0 | GO74: =IF(BI74=2,ROUND(O74+X74+Y74+GK74,2),0) -> 119.45 | GP74: =IF(BI74=4,ROUND(O74+X74+Y74+GK74,2)+GX74,0) -> 0 | GR74: 0 | GS74: 3 | GT74: 0 | GV74: =ROUND((GT74),2) -> 0 | GW74: 1 | GX74: =ROUND(HC74*I74,2) -> 0 | HA74: 0 | HB74: 0 | HC74: =GV74*GW74 -> 0 | IK74: 0
A75: 17 | B75: 1 | C75: =ROW(SmtRes!A214) -> 214 | D75: =ROW(EtalonRes!A194) -> 194 | E75: 13 | F75: м08-03-526-01 | G75: Автомат одно-, двух-, трехполюсный, устанавливаемый на конструкции на стене или колонне, на ток до 25 А | H75: ШТ | I75: 2 | J75: 0 | O75: =ROUND(CP75,2) -> 482.85 | P75: =ROUND(CQ75*I75,2) -> 269.61 | Q75: =ROUND(CR75*I75,2) -> 14.09 | R75: =ROUND(CS75*I75,2) -> 0 | S75: =ROUND(CT75*I75,2) -> 199.15 | T75: =ROUND(CU75*I75,2) -> 0 | U75: =CV75*I75 -> 3.12 | V75: =CW75*I75 -> 0 | W75: =ROUND(CX75*I75,2) -> 0 | X75: =ROUND(CY75,2) -> 189.19 | Y75: =ROUND(CZ75,2) -> 129.45 | AA75: 28045061 | AB75: =ROUND((AC75+AD75+AF75),2) -> 35.98 | AC75: =ROUND((ES75),2) -> 20.09 | AD75: =ROUND((((ET75)-(EU75))+AE75),2) -> 1.05 | AE75: =ROUND((EU75),2) -> 0 | AF75: =ROUND((EV75),2) -> 14.84 | AG75: =ROUND((AP75),2) -> 0 | AH75: =(EW75) -> 1.56 | AI75: =(EX75) -> 0 | AJ75: =(AS75) -> 0 | AK75: 35.98 | AL75: 20.09 | AM75: 1.05 | AN75: 0 | AO75: 14.84 | AP75: 0 | AQ75: 1.56 | AR75: 0 | AS75: 0 | AT75: 95 | AU75: 65 | AV75: 1 | AW75: 1 | AZ75: 6.71 | BA75: 6.71 | BB75: 6.71 | BC75: 6.71 | BH75: 0 | BI75: 2 | BJ75: ФЕРм-2001, м08-03-526-01, приказ Минстроя России №1039/пр от 30.12.2016г. | BM75: 108001 | BN75: 0 | BP75: 0 | BQ75: 3 | BR75: 0 | BS75: 6.71 | BT75: 1 | BU75: 1 | BV75: 1 | BW75: 1 | BX75: 1 | BZ75: 95 | CA75: 65 | CE75: 0 | CF75: 0 | CG75: 0 | CM75: 0 | CO75: 0 | CP75: =(P75+Q75+S75) -> 482.85 | CQ75: =AC75*BC75 -> 134.8039 | CR75: =AD75*BB75 -> 7.0455 | CS75: =AE75*BS75 -> 0 | CT75: =AF75*BA75 -> 99.5764 | CU75: =AG75 -> 0 | CV75: =AH75 -> 1.56 | CW75: =AI75 -> 0 | CX75: =AJ75 -> 0 | CY75: =(((S75+R75)*AT75)/100) -> 189.1925 | CZ75: =(((S75+R75)*AU75)/100) -> 129.4475 | DN75: 0 | DO75: 0 | DP75: 1 | DQ75: 1 | DU75: 1013 | DV75: ШТ | DW75: ШТ | DX75: 1 | EE75: 27028906 | EF75: 3 | EG75: Монтажные работы | EH75: 0 | EJ75: 2 | EK75: 108001 | EL75: Электромонтажные работы , отдел 01-03 : ( на АЭС НР = 110% ) - (работы по упр. авиа.- движением: СП=55% ( {АВИА}=1; обычные работы : СП=65 - {AВИА}=0), при работе на АЭС СП= 68% ) | EM75: мФЕР-08 | EQ75: 0 | ER75: 35.98 | ES75: 20.09 | ET75: 1.05 | EU75: 0 | EV75: 14.84 | EW75: 1.56 | EX75: 0 | EY75: 0 | FQ75: 0 | FR75: =ROUND(IF(AND(BH75=3,BI75=3),P75,0),2) -> 0 | FS75: 0 | FX75: 95 | FY75: 65 | GD75: 0 | GF75: 942868882 | GG75: 1 | GH75: 1 | GI75: 4 | GJ75: 0 | GK75: =ROUND(R75*(S12)/100,2) -> 0 | GL75: =ROUND(IF(AND(BH75=3,BI75=3,FS75<>0),P75,0),2) -> 0 | GM75: =ROUND(O75+X75+Y75+GK75,2)+GX75 -> 801.49 | GN75: =IF(OR(BI75=0,BI75=1),ROUND(O75+X75+Y75+GK75,2),0) -> 0 | GO75: =IF(BI75=2,ROUND(O75+X75+Y75+GK75,2),0) -> 801.49 | GP75: =IF(BI75=4,ROUND(O75+X75+Y75+GK75,2)+GX75,0) -> 0 | GR75: 0 | GS75: 3 | GT75: 0 | GV75: =ROUND((GT75),2) -> 0 | GW75: 1 | GX75: =ROUND(HC75*I75,2) -> 0 | HA75: 0 | HB75: 0 | HC75: =GV75*GW75 -> 0 | IK75: 0
A76: 18 | B76: 1 | C76: 198 | E76: 13,1 | F76: 62.1.01.09-0097 | G76: Выключатели автоматические S-191 C1 I-1А | H76: шт. | I76: =I74*J76 -> 2 | J76: 1 | O76: =ROUND(CP76,2) -> 169.02 | P76: =ROUND(CQ76*I76,2) -> 169.02 | Q76: =ROUND(CR76*I76,2) -> 0 | R76: =ROUND(CS76*I76,2) -> 0 | S76: =ROUND(CT76*I76,2) -> 0 | T76: =ROUND(CU76*I76,2) -> 0 | U76: =CV76*I76 -> 0 | V76: =CW76*I76 -> 0 | W76: =ROUND(CX76*I76,2) -> 0 | X76: =ROUND(CY76,2) -> 0 | Y76: =ROUND(CZ76,2) -> 0 | AA76: 28045047 | AB76: =ROUND((AC76+AD76+AF76),2) -> 84.51 | AC76: =ROUND((ES76),2) -> 84.51 | AD76: =ROUND((((ET76)-(EU76))+AE76),2) -> 0 | AE76: =ROUND((EU76),2) -> 0 | AF76: =ROUND((EV76),2) -> 0 | AG76: =ROUND((AP76),2) -> 0 | AH76: =(EW76) -> 0 | AI76: =(EX76) -> 0 | AJ76: =(AS76) -> 0 | AK76: 84.51 | AL76: 84.51 | AM76: 0 | AN76: 0 | AO76: 0 | AP76: 0 | AQ76: 0 | AR76: 0 | AS76: 0 | AT76: 95 | AU76: 65 | AV76: 1 | AW76: 1 | AZ76: 1 | BA76: 1 | BB76: 1 | BC76: 1 | BH76: 3 | BI76: 2 | BJ76: ФССЦ-2001, 62.1.01.09-0097, приказ Минстроя России №1039/пр от 30.12.2016г. | BM76: 108001 | BN76: 0 | BP76: 0 | BQ76: 3 | BR76: 0 | BS76: 1 | BT76: 1 | BU76: 1 | BV76: 1 | BW76: 1 | BX76: 1 | BZ76: 95 | CA76: 65 | CE76: 0 | CF76: 0 | CG76: 0 | CM76: 0 | CO76: 0 | CP76: =(P76+Q76+S76) -> 169.02 | CQ76: =AC76*BC76 -> 84.51 | CR76: =AD76*BB76 -> 0 | CS76: =AE76*BS76 -> 0 | CT76: =AF76*BA76 -> 0 | CU76: =AG76 -> 0 | CV76: =AH76 -> 0 | CW76: =AI76 -> 0 | CX76: =AJ76 -> 0 | CY76: =(((S76+R76)*AT76)/100) -> 0 | CZ76: =(((S76+R76)*AU76)/100) -> 0 | DN76: 0 | DO76: 0 | DP76: 1 | DQ76: 1 | DU76: 1010 | DV76: шт. | DW76: шт. | DX76: 1 | EE76: 27028906 | EF76: 3 | EG76: Монтажные работы | EH76: 0 | EJ76: 2 | EK76: 108001 | EL76: Электромонтажные работы , отдел 01-03 : ( на АЭС НР = 110% ) - (работы по упр. авиа.- движением: СП=55% ( {АВИА}=1; обычные работы : СП=65 - {AВИА}=0), при работе на АЭС СП= 68% ) | EM76: мФЕР-08 | EQ76: 0 | ER76: 84.51 | ES76: 84.51 | ET76: 0 | EU76: 0 | EV76: 0 | EW76: 0 | EX76: 0 | FQ76: 0 | FR76: =ROUND(IF(AND(BH76=3,BI76=3),P76,0),2) -> 0 | FS76: 0 | FX76: 95 | FY76: 65 | GD76: 0 | GF76: -1274423607 | GG76: 2 | GH76: 1 | GI76: -2 | GJ76: 0 | GK76: =ROUND(R76*(R12)/100,2) -> 0 | GL76: =ROUND(IF(AND(BH76=3,BI76=3,FS76<>0),P76,0),2) -> 0 | GM76: =ROUND(O76+X76+Y76+GK76,2)+GX76 -> 169.02 | GN76: =IF(OR(BI76=0,BI76=1),ROUND(O76+X76+Y76+GK76,2),0) -> 0 | GO76: =IF(BI76=2,ROUND(O76+X76+Y76+GK76,2),0) -> 169.02 | GP76: =IF(BI76=4,ROUND(O76+X76+Y76+GK76,2)+GX76,0) -> 0 | GR76: 0 | GS76: 3 | GT76: 0 | GV76: =ROUND((GT76),2) -> 0 | GW76: 1 | GX76: =ROUND(HC76*I76,2) -> 0 | HA76: 0 | HB76: 0 | HC76: =GV76*GW76 -> 0 | IK76: 0
A77: 18 | B77: 1 | C77: 213 | E77: 13,1 | F77: 62.1.01.09-0097 | G77: Выключатели автоматические S-191 C1 I-1А | H77: шт. | I77: =I75*J77 -> 2 | J77: 1 | O77: =ROUND(CP77,2) -> 1134.12 | P77: =ROUND(CQ77*I77,2) -> 1134.12 | Q77: =ROUND(CR77*I77,2) -> 0 | R77: =ROUND(CS77*I77,2) -> 0 | S77: =ROUND(CT77*I77,2) -> 0 | T77: =ROUND(CU77*I77,2) -> 0 | U77: =CV77*I77 -> 0 | V77: =CW77*I77 -> 0 | W77: =ROUND(CX77*I77,2) -> 0 | X77: =ROUND(CY77,2) -> 0 | Y77: =ROUND(CZ77,2) -> 0 | AA77: 28045061 | AB77: =ROUND((AC77+AD77+AF77),2) -> 84.51 | AC77: =ROUND((ES77),2) -> 84.51 | AD77: =ROUND((((ET77)-(EU77))+AE77),2) -> 0 | AE77: =ROUND((EU77),2) -> 0 | AF77: =ROUND((EV77),2) -> 0 | AG77: =ROUND((AP77),2) -> 0 | AH77: =(EW77) -> 0 | AI77: =(EX77) -> 0 | AJ77: =(AS77) -> 0 | AK77: 84.51 | AL77: 84.51 | AM77: 0 | AN77: 0 | AO77: 0 | AP77: 0 | AQ77: 0 | AR77: 0 | AS77: 0 | AT77: 95 | AU77: 65 | AV77: 1 | AW77: 1 | AZ77: 6.71 | BA77: 1 | BB77: 1 | BC77: 6.71 | BH77: 3 | BI77: 2 | BJ77: ФССЦ-2001, 62.1.01.09-0097, приказ Минстроя России №1039/пр от 30.12.2016г. | BM77: 108001 | BN77: 0 | BP77: 0 | BQ77: 3 | BR77: 0 | BS77: 1 | BT77: 1 | BU77: 1 | BV77: 1 | BW77: 1 | BX77: 1 | BZ77: 95 | CA77: 65 | CE77: 0 | CF77: 0 | CG77: 0 | CM77: 0 | CO77: 0 | CP77: =(P77+Q77+S77) -> 1134.12 | CQ77: =AC77*BC77 -> 567.0621 | CR77: =AD77*BB77 -> 0 | CS77: =AE77*BS77 -> 0 | CT77: =AF77*BA77 -> 0 | CU77: =AG77 -> 0 | CV77: =AH77 -> 0 | CW77: =AI77 -> 0 | CX77: =AJ77 -> 0 | CY77: =(((S77+R77)*AT77)/100) -> 0 | CZ77: =(((S77+R77)*AU77)/100) -> 0 | DN77: 0 | DO77: 0 | DP77: 1 | DQ77: 1 | DU77: 1010 | DV77: шт. | DW77: шт. | DX77: 1 | EE77: 27028906 | EF77: 3 | EG77: Монтажные работы | EH77: 0 | EJ77: 2 | EK77: 108001 | EL77: Электромонтажные работы , отдел 01-03 : ( на АЭС НР = 110% ) - (работы по упр. авиа.- движением: СП=55% ( {АВИА}=1; обычные работы : СП=65 - {AВИА}=0), при работе на АЭС СП= 68% ) | EM77: мФЕР-08 | EQ77: 0 | ER77: 84.51 | ES77: 84.51 | ET77: 0 | EU77: 0 | EV77: 0 | EW77: 0 | EX77: 0 | FQ77: 0 | FR77: =ROUND(IF(AND(BH77=3,BI77=3),P77,0),2) -> 0 | FS77: 0 | FX77: 95 | FY77: 65 | GD77: 0 | GF77: -1274423607 | GG77: 1 | GH77: 1 | GI77: 4 | GJ77: 0 | GK77: =ROUND(R77*(S12)/100,2) -> 0 | GL77: =ROUND(IF(AND(BH77=3,BI77=3,FS77<>0),P77,0),2) -> 0 | GM77: =ROUND(O77+X77+Y77+GK77,2)+GX77 -> 1134.12 | GN77: =IF(OR(BI77=0,BI77=1),ROUND(O77+X77+Y77+GK77,2),0) -> 0 | GO77: =IF(BI77=2,ROUND(O77+X77+Y77+GK77,2),0) -> 1134.12 | GP77: =IF(BI77=4,ROUND(O77+X77+Y77+GK77,2)+GX77,0) -> 0 | GR77: 0 | GS77: 3 | GT77: 0 | GV77: =ROUND((GT77),2) -> 0 | GW77: 1 | GX77: =ROUND(HC77*I77,2) -> 0 | HA77: 0 | HB77: 0 | HC77: =GV77*GW77 -> 0 | IK77: 0
A78: 17 | B78: 1 | C78: =ROW(SmtRes!A222) -> 222 | D78: =ROW(EtalonRes!A202) -> 202 | E78: 14 | F78: 09-04-013-01 | G78: Установка противопожарных дверей однопольных глухих | H78: м2 | I78: 3.78 | J78: 0 | O78: =ROUND(CP78,2) -> 354.49 | P78: =ROUND(CQ78*I78,2) -> 229.26 | Q78: =ROUND(CR78*I78,2) -> 33.38 | R78: =ROUND(CS78*I78,2) -> 1.1 | S78: =ROUND(CT78*I78,2) -> 91.85 | T78: =ROUND(CU78*I78,2) -> 0 | U78: =CV78*I78 -> 8.99829 | V78: =CW78*I78 -> 0.0945 | W78: =ROUND(CX78*I78,2) -> 0 | X78: =ROUND(CY78,2) -> 75.29 | Y78: =ROUND(CZ78,2) -> 66.92 | AA78: 28045047 | AB78: =ROUND((AC78+AD78+AF78),2) -> 93.78 | AC78: =ROUND((ES78),2) -> 60.65 | AD78: =ROUND(((((ET78*1.25))-((EU78*1.25)))+AE78),2) -> 8.83 | AE78: =ROUND(((EU78*1.25)),2) -> 0.29 | AF78: =ROUND(((EV78*1.15)),2) -> 24.3 | AG78: =ROUND((AP78),2) -> 0 | AH78: =((EW78*1.15)) -> 2.3805 | AI78: =((EX78*1.25)) -> 0.025 | AJ78: =(AS78) -> 0 | AK78: 88.84 | AL78: 60.65 | AM78: 7.06 | AN78: 0.23 | AO78: 21.13 | AP78: 0 | AQ78: 2.07 | AR78: 0.02 | AS78: 0 | AT78: 81 | AU78: 72 | AV78: 1 | AW78: 1 | AZ78: 1 | BA78: 1 | BB78: 1 | BC78: 1 | BH78: 0 | BI78: 1 | BJ78: ФЕР-2001, 09-04-013-01, приказ Минстроя России №1039/пр от 30.12.2016г. | BM78: 9001 | BN78: 0 | BP78: 0 | BQ78: 2 | BR78: 0 | BS78: 1 | BT78: 1 | BU78: 1 | BV78: 1 | BW78: 1 | BX78: 1 | BZ78: 90 | CA78: 85 | CE78: 0 | CF78: 0 | CG78: 0 | CM78: 0 | CN78: Поправка: МДС 81-35.2004, п.4.7 Наименование: Работы, выполняемые при реконструкции зданий и сооружений работы, аналогичные технологическим процессам в новом строительстве (в том числе возведение новых конструктивных элементов) стоимость которых определена по соответствующим сборникам ФЕР, кроме сборника № 46 «Работы при реконструкции зданий и сооружений» | CO78: 0 | CP78: =(P78+Q78+S78) -> 354.49 | CQ78: =AC78*BC78 -> 60.65 | CR78: =AD78*BB78 -> 8.83 | CS78: =AE78*BS78 -> 0.29 | CT78: =AF78*BA78 -> 24.3 | CU78: =AG78 -> 0 | CV78: =AH78 -> 2.3805 | CW78: =AI78 -> 0.025 | CX78: =AJ78 -> 0 | CY78: =(((S78+R78)*AT78)/100) -> 75.2895 | CZ78: =(((S78+R78)*AU78)/100) -> 66.924 | DE78: )*1,25 | DF78: )*1,25 | DG78: )*1,15 | DI78: )*1,15 | DJ78: )*1,25 | DN78: 0 | DO78: 0 | DP78: 1 | DQ78: 1 | DU78: 1005 | DV78: м2 | DW78: м2 | DX78: 1 | EE78: 27029022 | EF78: 2 | EG78: Общестроительные работы | EH78: 0 | EJ78: 1 | EK78: 9001 | EL78: Металлические конструкции | EM78: ФЕР-09 | EO78: Поправка: МДС 81-35.2004, п.4.7 | EQ78: 0 | ER78: 88.84 | ES78: 60.65 | ET78: 7.06 | EU78: 0.23 | EV78: 21.13 | EW78: 2.07 | EX78: 0.02 | EY78: 0 | FQ78: 0 | FR78: =ROUND(IF(AND(BH78=3,BI78=3),P78,0),2) -> 0 | FS78: 0 | FT78: *0,9 | FU78: *0,85 | FX78: 81 | FY78: 72.25 | GD78: 0 | GF78: -1264393363 | GG78: 2 | GH78: 1 | GI78: -2 | GJ78: 0 | GK78: =ROUND(R78*(R12)/100,2) -> 0 | GL78: =ROUND(IF(AND(BH78=3,BI78=3,FS78<>0),P78,0),2) -> 0 | GM78: =ROUND(O78+X78+Y78+GK78,2)+GX78 -> 496.7 | GN78: =IF(OR(BI78=0,BI78=1),ROUND(O78+X78+Y78+GK78,2),0) -> 496.7 | GO78: =IF(BI78=2,ROUND(O78+X78+Y78+GK78,2),0) -> 0 | GP78: =IF(BI78=4,ROUND(O78+X78+Y78+GK78,2)+GX78,0) -> 0 | GR78: 0 | GS78: 3 | GT78: 0 | GV78: =ROUND((GT78),2) -> 0 | GW78: 1 | GX78: =ROUND(HC78*I78,2) -> 0 | HA78: 0 | HB78: 0 | HC78: =GV78*GW78 -> 0 | IK78: 0
